Workbook
Name action: Feuil2!$B$1:$B$36
Name actions: 'liste action'!$D$1:$D$119
Name Actions1: #REF!
Name Actions2: #REF!
Name B: #REF!
Name code: Feuil2!$A$1:$A$29
Name codeaction: #REF!
Name codeactions: #REF!
Name départements: 'liste action'!#REF!
Name dépt: 'liste action'!#REF!
Name financeurs: 'liste action'!$C$1:$C$119
Name intituaction: 'liste action'!$E$1:$E$65
Name intituléaction: 'liste action'!$E$1:$E$61
Name intituléactions: 'liste action'!$E$1:$E$119
Name secteurs: 'liste action'!$A$1:$A$18
Name y: JANV.!$Q$1

Sheet JANV.
A1: NOM / Prénom : | C1: Nom - Prénom | F1: Secteur | M1: JANVIER | Q1: 2019
F2: IDNZZ80SGE
D5: Temps de travail | E5: 7.4 | K5: Formule de calcul | N5: minutes | O5: centièmes
K6: 15 | L6: =K6/60*100 -> 25 | N6: 15 | O6: =N6/60*100 -> 25
K7: Formule pour traduire les minutes en centièmes : (nbre de minutes / 60) * 100 | N7: 30 | O7: 50 | AR7: 5 | AS7: 7 | AT7: TOTAL
N8: 45 | O8: =N8/60*100 -> 75 | V8: Code : Faire ressortir seulement les codes utilisés dans le mois AF/PR/AC : trouver formule somme si | AR8: 2 | AS8: 3.5 | AT8: Matin
AR9: 3 | AS9: 3.5 | AT9: Après-midi
R10: report 2018
D11: Action matin | E11: Action après-midi | F11: Lieu matin | G11: Lieu après-midi | H11: Secteu matin | I11: Secteur après-midi | J11: Objet | K11: AF matin | L11: PR matin | M11: AC matin | N11: AF après-midi | O11: PR après-midi | P11: AC après-midi | Q11: Total journée | S11: RTT | T11: Congés | V11: Récapitulatif par code
V12: Code | W12: AF | X12: PR | Y12: AC | Z12: Total | AA12: Secteurs | AB12: Fin.1 | AC12: Action1 | AD12: Code 1 | AE12: Secteurs | AF12: Fin.1 | AG12: Action1 | AH12: Code 2 | AI12: AF matin | AJ12: AF après-midi | AK12: PR matin | AL12: PR après-midi | AM12: AC matin | AN12: AC après-midi | AO12: Total | AT12: CP | AU12: RTT Matin | AV12: RTT Après-midi | AW12: Total RTT | AX12: TM Matin | AY12: TM | AZ12: Total TM | BA12: Impact TM s/RTT
A13: 1 | B13: Lundi | C13: {=IF(MONTH(DATE(y,1,1))<>MONTH(DATE(y,1,1)-(WEEKDAY(DATE(y,1,1),3)-1)+{1;2;3;4;5;6;7}+{0,1,2,3,4,5}-2),"",DATE(y,1,1)-(WEEKDAY(DATE(y,1,1),3)-1)+{1;2;3;4;5;6;7}+{0,1,2,3,4,5}-2)} | S13: =IF(C13="","",IF(D13="","",AW13)) | T13: =IF(C13="","",IF(D13="","",AT13)) | Z13: =W13+X13+Y13 -> 0 | AA13: =IF(H13="",LEFT($F$2,3),H13) -> IDN | AB13: =IF(AC13='liste action'!$D$2,'liste action'!$C$2,IF(AC13='liste action'!$D$3,'liste action'!$C$3,IF(AC13='liste action'!$D$4,'liste action'!$C$4,IF(AC13='liste action'!$D$5,'liste action'!$C$5,IF(AC13='liste action'!$D$6,'liste action'!$C$6,IF(AC13='liste action'!$D$7,'liste action'!$C$7,IF(AC13='liste action'!$D$8,'liste action'!$C$8,IF(AC13='liste action'!$D$9,'liste action'!$C$9,IF(AC13='liste action'!$D$10,'liste action'!$C$10,IF(AC13='liste action'!$D$11,'liste action'!$C$11,IF(AC13='liste action'!$D$12,'liste action'!$C$12,IF(AC13='liste action'!$D$13,'liste action'!$C$13,IF(AC13='liste action'!$D$14,'liste action'!$C$14,IF(AC13='liste action'!$D$15,'liste action'!$C$15,IF(AC13='liste action'!$D$16,'liste action'!$C$16,IF(AC13='liste action'!$D$17,'liste action'!$C$17,IF(AC13='liste action'!$D$18,'liste action'!$C$18,IF(AC13='liste action'!$D$19,'liste action'!$C$19,IF(AC13='liste action'!$D$20,'liste action'!$C$20,IF(AC13='liste action'!$D$21,'liste action'!$C$21,IF(AC13='liste action'!$D$22,'liste action'!$C$22,IF(AC13='liste action'!$D$23,'liste action'!$C$23,IF(AC13='liste action'!$D$24,'liste action'!$C$24,IF(AC13='liste action'!$D$25,'liste action'!$C$25,IF(AC13='liste action'!$D$26,'liste action'!$C$26,IF(AC13='liste action'!$D$27,'liste action'!$C$27,IF(AC13='liste action'!$D$28,'liste action'!$C$28,IF(AC13='liste action'!$D$29,'liste action'!$C$29,IF(AC13='liste action'!$D$30,'liste action'!$C$30,IF(AC13='liste action'!$D$31,'liste action'!$C$31,IF(AC13='liste action'!$D$32,'liste action'!$C$32,IF(AC13='liste action'!$D$33,'liste action'!$C$33,IF(AC13='liste action'!$D$34,'liste action'!$C$34,IF(AC13='liste action'!$D$35,'liste action'!$C$35,IF(AC13='liste action'!$D$36,'liste action'!$C$36,IF(AC13='liste action'!$D$37,'liste action'!$C$37,IF(AC13='liste action'!$D$38,'liste action'!$C$38,IF(AC13='liste action'!$D$39,'liste action'!$C$39,IF(AC13='liste action'!$D$40,'liste action'!$C$40,IF(AC13='liste action'!$D$41,'liste action'!$C$41,IF(AC13='liste action'!$D$42,'liste action'!$C$42,IF(AC13='liste action'!$D$43,'liste action'!$C$43,IF(AC13='liste action'!$D$44,'liste action'!$C$44,IF(AC13='liste action'!$D$45,'liste action'!$C$45,IF(AC13='liste action'!$D$46,'liste action'!$C$46,IF(AC13='liste action'!$D$47,'liste action'!$C$47,IF(AC13='liste action'!$D$48,'liste action'!$C$48,IF(AC13='liste action'!$D$49,'liste action'!$C$49,IF(AC13='liste action'!$D$50,'liste action'!$C$50,IF(AC13='liste action'!$D$51,'liste action'!$C$51,IF(AC13='liste action'!$D$52,'liste action'!$C$52,IF(AC13='liste action'!$D$53,'liste action'!$C$53,IF(AC13='liste action'!$D$54,'liste action'!$C$54,IF(AC13='liste action'!$D$55,'liste action'!$C$55,IF(AC13='liste action'!$D$56,'liste action'!$C$56,IF(AC13='liste action'!$D$57,'liste action'!$C$57,IF(AC13='liste action'!$D$58,'liste action'!$C$58,IF(AC13='liste action'!$D$59,'liste action'!$C$59,IF(AC13='liste action'!$D$60,'liste action'!$C$60,IF(AC13='liste action'!$D$61,'liste action'!$C$61,IF(AC13='liste action'!$D$62,'liste action'!$C$62,IF(AC13='liste action'!$D$63,'liste action'!$C$63,IF(AC13='liste action'!$D$64,'liste action'!$C$64,""))))))))))))))))))))))))))))))))))))))))))))))))))))))))))))))) | AC13: =IF(D13='liste action'!$E$2,'liste action'!$D$2,IF(D13='liste action'!$E$3,'liste action'!$D$3,IF(D13='liste action'!$E$4,'liste action'!$D$4,IF(D13='liste action'!$E$5,'liste action'!$D$5,IF(D13='liste action'!$E$6,'liste action'!$D$6,IF(D13='liste action'!$E$7,'liste action'!$D$7,IF(D13='liste action'!$E$8,'liste action'!$D$8,IF(D13='liste action'!$E$9,'liste action'!$D$9,IF(D13='liste action'!$E$10,'liste action'!$D$10,IF(D13='liste action'!$E$11,'liste action'!$D$11,IF(D13='liste action'!$E$12,'liste action'!$D$12,IF(D13='liste action'!$E$13,'liste action'!$D$13,IF(D13='liste action'!$E$14,'liste action'!$D$14,IF(D13='liste action'!$E$15,'liste action'!$D$15,IF(D13='liste action'!$E$16,'liste action'!$D$16,IF(D13='liste action'!$E$17,'liste action'!$D$17,IF(D13='liste action'!$E$18,'liste action'!$D$18,IF(D13='liste action'!$E$19,'liste action'!$D$19,IF(D13='liste action'!$E$20,'liste action'!$D$20,IF(D13='liste action'!$E$21,'liste action'!$D$21,IF(D13='liste action'!$E$22,'liste action'!$D$22,IF(D13='liste action'!$E$23,'liste action'!$D$23,IF(D13='liste action'!$E$24,'liste action'!$D$24,IF(D13='liste action'!$E$25,'liste action'!$D$25,IF(D13='liste action'!$E$26,'liste action'!$D$26,IF(D13='liste action'!$E$27,'liste action'!$D$27,IF(D13='liste action'!$E$28,'liste action'!$D$28,IF(D13='liste action'!$E$29,'liste action'!$D$29,IF(D13='liste action'!$E$30,'liste action'!$D$30,IF(D13='liste action'!$E$31,'liste action'!$D$31,IF(D13='liste action'!$E$32,'liste action'!$D$32,IF(D13='liste action'!$E$33,'liste action'!$D$33,IF(D13='liste action'!$E$34,'liste action'!$D$34,IF(D13='liste action'!$E$35,'liste action'!$D$35,IF(D13='liste action'!$E$36,'liste action'!$D$36,IF(D13='liste action'!$E$37,'liste action'!$D$37,IF(D13='liste action'!$E$38,'liste action'!$D$38,IF(D13='liste action'!$E$39,'liste action'!$D$39,IF(D13='liste action'!$E$40,'liste action'!$D$40,IF(D13='liste action'!$E$41,'liste action'!$D$41,IF(D13='liste action'!$E$42,'liste action'!$D$42,IF(D13='liste action'!$E$43,'liste action'!$D$43,IF(D13='liste action'!$E$44,'liste action'!$D$44,IF(D13='liste action'!$E$45,'liste action'!$D$45,IF(D13='liste action'!$E$46,'liste action'!$D$46,IF(D13='liste action'!$E$47,'liste action'!$D$47,IF(D13='liste action'!$E$48,'liste action'!$D$48,IF(D13='liste action'!$E$49,'liste action'!$D$49,IF(D13='liste action'!$E$50,'liste action'!$D$50,IF(D13='liste action'!$E$51,'liste action'!$D$51,IF(D13='liste action'!$E$52,'liste action'!$D$52,IF(D13='liste action'!$E$53,'liste action'!$D$53,IF(D13='liste action'!$E$54,'liste action'!$D$54,IF(D13='liste action'!$E$55,'liste action'!$D$55,IF(D13='liste action'!$E$56,'liste action'!$D$56,IF(D13='liste action'!$E$57,'liste action'!$D$57,IF(D13='liste action'!$E$58,'liste action'!$D$58,IF(D13='liste action'!$E$59,'liste action'!$D$59,IF(D13='liste action'!$E$60,'liste action'!$D$60,IF(D13='liste action'!$E$61,'liste action'!$D$61,IF(D13='liste action'!$E$62,'liste action'!$D$62,IF(D13='liste action'!$E$63,'liste action'!$D$63,IF(D13='liste action'!$E$64,'liste action'!$D$64,""))))))))))))))))))))))))))))))))))))))))))))))))))))))))))))))) | AD13: =CONCATENATE(AA13,AB13,AC13) -> IDN | AE13: =IF(I13="",LEFT($F$2,3),I13) -> IDN | AF13: =IF(AG13='liste action'!$D$2,'liste action'!$C$2,IF(AG13='liste action'!$D$3,'liste action'!$C$3,IF(AG13='liste action'!$D$4,'liste action'!$C$4,IF(AG13='liste action'!$D$5,'liste action'!$C$5,IF(AG13='liste action'!$D$6,'liste action'!$C$6,IF(AG13='liste action'!$D$7,'liste action'!$C$7,IF(AG13='liste action'!$D$8,'liste action'!$C$8,IF(AG13='liste action'!$D$9,'liste action'!$C$9,IF(AG13='liste action'!$D$10,'liste action'!$C$10,IF(AG13='liste action'!$D$11,'liste action'!$C$11,IF(AG13='liste action'!$D$12,'liste action'!$C$12,IF(AG13='liste action'!$D$13,'liste action'!$C$13,IF(AG13='liste action'!$D$14,'liste action'!$C$14,IF(AG13='liste action'!$D$15,'liste action'!$C$15,IF(AG13='liste action'!$D$16,'liste action'!$C$16,IF(AG13='liste action'!$D$17,'liste action'!$C$17,IF(AG13='liste action'!$D$18,'liste action'!$C$18,IF(AG13='liste action'!$D$19,'liste action'!$C$19,IF(AG13='liste action'!$D$20,'liste action'!$C$20,IF(AG13='liste action'!$D$21,'liste action'!$C$21,IF(AG13='liste action'!$D$22,'liste action'!$C$22,IF(AG13='liste action'!$D$23,'liste action'!$C$23,IF(AG13='liste action'!$D$24,'liste action'!$C$24,IF(AG13='liste action'!$D$25,'liste action'!$C$25,IF(AG13='liste action'!$D$26,'liste action'!$C$26,IF(AG13='liste action'!$D$27,'liste action'!$C$27,IF(AG13='liste action'!$D$28,'liste action'!$C$28,IF(AG13='liste action'!$D$29,'liste action'!$C$29,IF(AG13='liste action'!$D$30,'liste action'!$C$30,IF(AG13='liste action'!$D$31,'liste action'!$C$31,IF(AG13='liste action'!$D$32,'liste action'!$C$32,IF(AG13='liste action'!$D$33,'liste action'!$C$33,IF(AG13='liste action'!$D$34,'liste action'!$C$34,IF(AG13='liste action'!$D$35,'liste action'!$C$35,IF(AG13='liste action'!$D$36,'liste action'!$C$36,IF(AG13='liste action'!$D$37,'liste action'!$C$37,IF(AG13='liste action'!$D$38,'liste action'!$C$38,IF(AG13='liste action'!$D$39,'liste action'!$C$39,IF(AG13='liste action'!$D$40,'liste action'!$C$40,IF(AG13='liste action'!$D$41,'liste action'!$C$41,IF(AG13='liste action'!$D$42,'liste action'!$C$42,IF(AG13='liste action'!$D$43,'liste action'!$C$43,IF(AG13='liste action'!$D$44,'liste action'!$C$44,IF(AG13='liste action'!$D$45,'liste action'!$C$45,IF(AG13='liste action'!$D$46,'liste action'!$C$46,IF(AG13='liste action'!$D$47,'liste action'!$C$47,IF(AG13='liste action'!$D$48,'liste action'!$C$48,IF(AG13='liste action'!$D$49,'liste action'!$C$49,IF(AG13='liste action'!$D$50,'liste action'!$C$50,IF(AG13='liste action'!$D$51,'liste action'!$C$51,IF(AG13='liste action'!$D$52,'liste action'!$C$52,IF(AG13='liste action'!$D$53,'liste action'!$C$53,IF(AG13='liste action'!$D$54,'liste action'!$C$54,IF(AG13='liste action'!$D$55,'liste action'!$C$55,IF(AG13='liste action'!$D$56,'liste action'!$C$56,IF(AG13='liste action'!$D$57,'liste action'!$C$57,IF(AG13='liste action'!$D$58,'liste action'!$C$58,IF(AG13='liste action'!$D$59,'liste action'!$C$59,IF(AG13='liste action'!$D$60,'liste action'!$C$60,IF(AG13='liste action'!$D$61,'liste action'!$C$61,IF(AG13='liste action'!$D$62,'liste action'!$C$62,IF(AG13='liste action'!$D$63,'liste action'!$C$63,IF(AG13='liste action'!$D$64,'liste action'!$C$64,""))))))))))))))))))))))))))))))))))))))))))))))))))))))))))))))) | AG13: =IF(E13='liste action'!$E$2,'liste action'!$D$2,IF(E13='liste action'!$E$3,'liste action'!$D$3,IF(E13='liste action'!$E$4,'liste action'!$D$4,IF(E13='liste action'!$E$5,'liste action'!$D$5,IF(E13='liste action'!$E$6,'liste action'!$D$6,IF(E13='liste action'!$E$7,'liste action'!$D$7,IF(E13='liste action'!$E$8,'liste action'!$D$8,IF(E13='liste action'!$E$9,'liste action'!$D$9,IF(E13='liste action'!$E$10,'liste action'!$D$10,IF(E13='liste action'!$E$11,'liste action'!$D$11,IF(E13='liste action'!$E$12,'liste action'!$D$12,IF(E13='liste action'!$E$13,'liste action'!$D$13,IF(E13='liste action'!$E$14,'liste action'!$D$14,IF(E13='liste action'!$E$15,'liste action'!$D$15,IF(E13='liste action'!$E$16,'liste action'!$D$16,IF(E13='liste action'!$E$17,'liste action'!$D$17,IF(E13='liste action'!$E$18,'liste action'!$D$18,IF(E13='liste action'!$E$19,'liste action'!$D$19,IF(E13='liste action'!$E$20,'liste action'!$D$20,IF(E13='liste action'!$E$21,'liste action'!$D$21,IF(E13='liste action'!$E$22,'liste action'!$D$22,IF(E13='liste action'!$E$23,'liste action'!$D$23,IF(E13='liste action'!$E$24,'liste action'!$D$24,IF(E13='liste action'!$E$25,'liste action'!$D$25,IF(E13='liste action'!$E$26,'liste action'!$D$26,IF(E13='liste action'!$E$27,'liste action'!$D$27,IF(E13='liste action'!$E$28,'liste action'!$D$28,IF(E13='liste action'!$E$29,'liste action'!$D$29,IF(E13='liste action'!$E$30,'liste action'!$D$30,IF(E13='liste action'!$E$31,'liste action'!$D$31,IF(E13='liste action'!$E$32,'liste action'!$D$32,IF(E13='liste action'!$E$33,'liste action'!$D$33,IF(E13='liste action'!$E$34,'liste action'!$D$34,IF(E13='liste action'!$E$35,'liste action'!$D$35,IF(E13='liste action'!$E$36,'liste action'!$D$36,IF(E13='liste action'!$E$37,'liste action'!$D$37,IF(E13='liste action'!$E$38,'liste action'!$D$38,IF(E13='liste action'!$E$39,'liste action'!$D$39,IF(E13='liste action'!$E$40,'liste action'!$D$40,IF(E13='liste action'!$E$41,'liste action'!$D$41,IF(E13='liste action'!$E$42,'liste action'!$D$42,IF(E13='liste action'!$E$43,'liste action'!$D$43,IF(E13='liste action'!$E$44,'liste action'!$D$44,IF(E13='liste action'!$E$45,'liste action'!$D$45,IF(E13='liste action'!$E$46,'liste action'!$D$46,IF(E13='liste action'!$E$47,'liste action'!$D$47,IF(E13='liste action'!$E$48,'liste action'!$D$48,IF(E13='liste action'!$E$49,'liste action'!$D$49,IF(E13='liste action'!$E$50,'liste action'!$D$50,IF(E13='liste action'!$E$51,'liste action'!$D$51,IF(E13='liste action'!$E$52,'liste action'!$D$52,IF(E13='liste action'!$E$53,'liste action'!$D$53,IF(E13='liste action'!$E$54,'liste action'!$D$54,IF(E13='liste action'!$E$55,'liste action'!$D$55,IF(E13='liste action'!$E$56,'liste action'!$D$56,IF(E13='liste action'!$E$57,'liste action'!$D$57,IF(E13='liste action'!$E$58,'liste action'!$D$58,IF(E13='liste action'!$E$59,'liste action'!$D$59,IF(E13='liste action'!$E$60,'liste action'!$D$60,IF(E13='liste action'!$E$61,'liste action'!$D$61,IF(E13='liste action'!$E$62,'liste action'!$D$62,IF(E13='liste action'!$E$63,'liste action'!$D$63,IF(E13='liste action'!$E$64,'liste action'!$D$64,""))))))))))))))))))))))))))))))))))))))))))))))))))))))))))))))) | AH13: =CONCATENATE(AE13,AF13,AG13) -> IDN | AI13: =K13 -> 0 | AJ13: =N13 -> 0 | AK13: =L13 -> 0 | AL13: =O13 -> 0 | AM13: =M13 -> 0 | AN13: =P13 -> 0 | AO13: =SUM(AI13:AN13) -> 0 | AP13: =IF(D13="T",2,IF(D13="CP",0,IF(D13="TF",2,IF(D13="TM",0,IF(D13="JF",0,IF(D13="RTT",0,IF(D13="JNT",0,"0"))))))) -> 0 | AQ13: =IF(E13="T",3,IF(E13="CP",0,IF(E13="TF",3,IF(E13="TM",0,IF(E13="JF",0,IF(E13="RTT",0,IF(E13="JNT",0,"0"))))))) -> 0 | AR13: =AP13+AQ13 -> 0 | AS13: =IF(AR13=5,$AS$7,IF(AR13=2,$AS$8,IF(AR13=3,$AS$9,IF(AR13=0,#REF!)))) -> #REF! | AT13: =IF(AND(D13="CP",E13="CP"),1,IF(AND(D13="CP",E13<>"CP"),0.5,IF(AND(D13<>"CP",E13="CP"),0.5,0))) -> 0 | AU13: =IF(D13="RTT",0.5,0) -> 0 | AV13: =IF(E13="RTT",0.5,0) -> 0 | AW13: =SUM(AU13:AV13) -> 0 | AX13: =IF(D13="TM",0.5,0) -> 0 | AY13: =IF(E13="TM",0.5,0) -> 0 | AZ13: =SUM(AX13:AY13) -> 0 | BA13: =AZ13/1547*17 -> 0
B14: Mardi | C14: 43466 | D14: JF | E14: JF | S14: =IF(C14="","",IF(D14="","",AW14)) -> 0 | T14: =IF(C14="","",IF(D14="","",AT14)) -> 0 | Z14: =W14+X14+Y14 -> 0 | AA14: =IF(H14="",LEFT($F$2,3),H14) -> IDN | AB14: =IF(AC14='liste action'!$D$2,'liste action'!$C$2,IF(AC14='liste action'!$D$3,'liste action'!$C$3,IF(AC14='liste action'!$D$4,'liste action'!$C$4,IF(AC14='liste action'!$D$5,'liste action'!$C$5,IF(AC14='liste action'!$D$6,'liste action'!$C$6,IF(AC14='liste action'!$D$7,'liste action'!$C$7,IF(AC14='liste action'!$D$8,'liste action'!$C$8,IF(AC14='liste action'!$D$9,'liste action'!$C$9,IF(AC14='liste action'!$D$10,'liste action'!$C$10,IF(AC14='liste action'!$D$11,'liste action'!$C$11,IF(AC14='liste action'!$D$12,'liste action'!$C$12,IF(AC14='liste action'!$D$13,'liste action'!$C$13,IF(AC14='liste action'!$D$14,'liste action'!$C$14,IF(AC14='liste action'!$D$15,'liste action'!$C$15,IF(AC14='liste action'!$D$16,'liste action'!$C$16,IF(AC14='liste action'!$D$17,'liste action'!$C$17,IF(AC14='liste action'!$D$18,'liste action'!$C$18,IF(AC14='liste action'!$D$19,'liste action'!$C$19,IF(AC14='liste action'!$D$20,'liste action'!$C$20,IF(AC14='liste action'!$D$21,'liste action'!$C$21,IF(AC14='liste action'!$D$22,'liste action'!$C$22,IF(AC14='liste action'!$D$23,'liste action'!$C$23,IF(AC14='liste action'!$D$24,'liste action'!$C$24,IF(AC14='liste action'!$D$25,'liste action'!$C$25,IF(AC14='liste action'!$D$26,'liste action'!$C$26,IF(AC14='liste action'!$D$27,'liste action'!$C$27,IF(AC14='liste action'!$D$28,'liste action'!$C$28,IF(AC14='liste action'!$D$29,'liste action'!$C$29,IF(AC14='liste action'!$D$30,'liste action'!$C$30,IF(AC14='liste action'!$D$31,'liste action'!$C$31,IF(AC14='liste action'!$D$32,'liste action'!$C$32,IF(AC14='liste action'!$D$33,'liste action'!$C$33,IF(AC14='liste action'!$D$34,'liste action'!$C$34,IF(AC14='liste action'!$D$35,'liste action'!$C$35,IF(AC14='liste action'!$D$36,'liste action'!$C$36,IF(AC14='liste action'!$D$37,'liste action'!$C$37,IF(AC14='liste action'!$D$38,'liste action'!$C$38,IF(AC14='liste action'!$D$39,'liste action'!$C$39,IF(AC14='liste action'!$D$40,'liste action'!$C$40,IF(AC14='liste action'!$D$41,'liste action'!$C$41,IF(AC14='liste action'!$D$42,'liste action'!$C$42,IF(AC14='liste action'!$D$43,'liste action'!$C$43,IF(AC14='liste action'!$D$44,'liste action'!$C$44,IF(AC14='liste action'!$D$45,'liste action'!$C$45,IF(AC14='liste action'!$D$46,'liste action'!$C$46,IF(AC14='liste action'!$D$47,'liste action'!$C$47,IF(AC14='liste action'!$D$48,'liste action'!$C$48,IF(AC14='liste action'!$D$49,'liste action'!$C$49,IF(AC14='liste action'!$D$50,'liste action'!$C$50,IF(AC14='liste action'!$D$51,'liste action'!$C$51,IF(AC14='liste action'!$D$52,'liste action'!$C$52,IF(AC14='liste action'!$D$53,'liste action'!$C$53,IF(AC14='liste action'!$D$54,'liste action'!$C$54,IF(AC14='liste action'!$D$55,'liste action'!$C$55,IF(AC14='liste action'!$D$56,'liste action'!$C$56,IF(AC14='liste action'!$D$57,'liste action'!$C$57,IF(AC14='liste action'!$D$58,'liste action'!$C$58,IF(AC14='liste action'!$D$59,'liste action'!$C$59,IF(AC14='liste action'!$D$60,'liste action'!$C$60,IF(AC14='liste action'!$D$61,'liste action'!$C$61,IF(AC14='liste action'!$D$62,'liste action'!$C$62,IF(AC14='liste action'!$D$63,'liste action'!$C$63,IF(AC14='liste action'!$D$64,'liste action'!$C$64,""))))))))))))))))))))))))))))))))))))))))))))))))))))))))))))))) | AC14: =IF(D14='liste action'!$E$2,'liste action'!$D$2,IF(D14='liste action'!$E$3,'liste action'!$D$3,IF(D14='liste action'!$E$4,'liste action'!$D$4,IF(D14='liste action'!$E$5,'liste action'!$D$5,IF(D14='liste action'!$E$6,'liste action'!$D$6,IF(D14='liste action'!$E$7,'liste action'!$D$7,IF(D14='liste action'!$E$8,'liste action'!$D$8,IF(D14='liste action'!$E$9,'liste action'!$D$9,IF(D14='liste action'!$E$10,'liste action'!$D$10,IF(D14='liste action'!$E$11,'liste action'!$D$11,IF(D14='liste action'!$E$12,'liste action'!$D$12,IF(D14='liste action'!$E$13,'liste action'!$D$13,IF(D14='liste action'!$E$14,'liste action'!$D$14,IF(D14='liste action'!$E$15,'liste action'!$D$15,IF(D14='liste action'!$E$16,'liste action'!$D$16,IF(D14='liste action'!$E$17,'liste action'!$D$17,IF(D14='liste action'!$E$18,'liste action'!$D$18,IF(D14='liste action'!$E$19,'liste action'!$D$19,IF(D14='liste action'!$E$20,'liste action'!$D$20,IF(D14='liste action'!$E$21,'liste action'!$D$21,IF(D14='liste action'!$E$22,'liste action'!$D$22,IF(D14='liste action'!$E$23,'liste action'!$D$23,IF(D14='liste action'!$E$24,'liste action'!$D$24,IF(D14='liste action'!$E$25,'liste action'!$D$25,IF(D14='liste action'!$E$26,'liste action'!$D$26,IF(D14='liste action'!$E$27,'liste action'!$D$27,IF(D14='liste action'!$E$28,'liste action'!$D$28,IF(D14='liste action'!$E$29,'liste action'!$D$29,IF(D14='liste action'!$E$30,'liste action'!$D$30,IF(D14='liste action'!$E$31,'liste action'!$D$31,IF(D14='liste action'!$E$32,'liste action'!$D$32,IF(D14='liste action'!$E$33,'liste action'!$D$33,IF(D14='liste action'!$E$34,'liste action'!$D$34,IF(D14='liste action'!$E$35,'liste action'!$D$35,IF(D14='liste action'!$E$36,'liste action'!$D$36,IF(D14='liste action'!$E$37,'liste action'!$D$37,IF(D14='liste action'!$E$38,'liste action'!$D$38,IF(D14='liste action'!$E$39,'liste action'!$D$39,IF(D14='liste action'!$E$40,'liste action'!$D$40,IF(D14='liste action'!$E$41,'liste action'!$D$41,IF(D14='liste action'!$E$42,'liste action'!$D$42,IF(D14='liste action'!$E$43,'liste action'!$D$43,IF(D14='liste action'!$E$44,'liste action'!$D$44,IF(D14='liste action'!$E$45,'liste action'!$D$45,IF(D14='liste action'!$E$46,'liste action'!$D$46,IF(D14='liste action'!$E$47,'liste action'!$D$47,IF(D14='liste action'!$E$48,'liste action'!$D$48,IF(D14='liste action'!$E$49,'liste action'!$D$49,IF(D14='liste action'!$E$50,'liste action'!$D$50,IF(D14='liste action'!$E$51,'liste action'!$D$51,IF(D14='liste action'!$E$52,'liste action'!$D$52,IF(D14='liste action'!$E$53,'liste action'!$D$53,IF(D14='liste action'!$E$54,'liste action'!$D$54,IF(D14='liste action'!$E$55,'liste action'!$D$55,IF(D14='liste action'!$E$56,'liste action'!$D$56,IF(D14='liste action'!$E$57,'liste action'!$D$57,IF(D14='liste action'!$E$58,'liste action'!$D$58,IF(D14='liste action'!$E$59,'liste action'!$D$59,IF(D14='liste action'!$E$60,'liste action'!$D$60,IF(D14='liste action'!$E$61,'liste action'!$D$61,IF(D14='liste action'!$E$62,'liste action'!$D$62,IF(D14='liste action'!$E$63,'liste action'!$D$63,IF(D14='liste action'!$E$64,'liste action'!$D$64,""))))))))))))))))))))))))))))))))))))))))))))))))))))))))))))))) | AD14: =CONCATENATE(AA14,AB14,AC14) -> IDN | AE14: =IF(I14="",LEFT($F$2,3),I14) -> IDN | AF14: =IF(AG14='liste action'!$D$2,'liste action'!$C$2,IF(AG14='liste action'!$D$3,'liste action'!$C$3,IF(AG14='liste action'!$D$4,'liste action'!$C$4,IF(AG14='liste action'!$D$5,'liste action'!$C$5,IF(AG14='liste action'!$D$6,'liste action'!$C$6,IF(AG14='liste action'!$D$7,'liste action'!$C$7,IF(AG14='liste action'!$D$8,'liste action'!$C$8,IF(AG14='liste action'!$D$9,'liste action'!$C$9,IF(AG14='liste action'!$D$10,'liste action'!$C$10,IF(AG14='liste action'!$D$11,'liste action'!$C$11,IF(AG14='liste action'!$D$12,'liste action'!$C$12,IF(AG14='liste action'!$D$13,'liste action'!$C$13,IF(AG14='liste action'!$D$14,'liste action'!$C$14,IF(AG14='liste action'!$D$15,'liste action'!$C$15,IF(AG14='liste action'!$D$16,'liste action'!$C$16,IF(AG14='liste action'!$D$17,'liste action'!$C$17,IF(AG14='liste action'!$D$18,'liste action'!$C$18,IF(AG14='liste action'!$D$19,'liste action'!$C$19,IF(AG14='liste action'!$D$20,'liste action'!$C$20,IF(AG14='liste action'!$D$21,'liste action'!$C$21,IF(AG14='liste action'!$D$22,'liste action'!$C$22,IF(AG14='liste action'!$D$23,'liste action'!$C$23,IF(AG14='liste action'!$D$24,'liste action'!$C$24,IF(AG14='liste action'!$D$25,'liste action'!$C$25,IF(AG14='liste action'!$D$26,'liste action'!$C$26,IF(AG14='liste action'!$D$27,'liste action'!$C$27,IF(AG14='liste action'!$D$28,'liste action'!$C$28,IF(AG14='liste action'!$D$29,'liste action'!$C$29,IF(AG14='liste action'!$D$30,'liste action'!$C$30,IF(AG14='liste action'!$D$31,'liste action'!$C$31,IF(AG14='liste action'!$D$32,'liste action'!$C$32,IF(AG14='liste action'!$D$33,'liste action'!$C$33,IF(AG14='liste action'!$D$34,'liste action'!$C$34,IF(AG14='liste action'!$D$35,'liste action'!$C$35,IF(AG14='liste action'!$D$36,'liste action'!$C$36,IF(AG14='liste action'!$D$37,'liste action'!$C$37,IF(AG14='liste action'!$D$38,'liste action'!$C$38,IF(AG14='liste action'!$D$39,'liste action'!$C$39,IF(AG14='liste action'!$D$40,'liste action'!$C$40,IF(AG14='liste action'!$D$41,'liste action'!$C$41,IF(AG14='liste action'!$D$42,'liste action'!$C$42,IF(AG14='liste action'!$D$43,'liste action'!$C$43,IF(AG14='liste action'!$D$44,'liste action'!$C$44,IF(AG14='liste action'!$D$45,'liste action'!$C$45,IF(AG14='liste action'!$D$46,'liste action'!$C$46,IF(AG14='liste action'!$D$47,'liste action'!$C$47,IF(AG14='liste action'!$D$48,'liste action'!$C$48,IF(AG14='liste action'!$D$49,'liste action'!$C$49,IF(AG14='liste action'!$D$50,'liste action'!$C$50,IF(AG14='liste action'!$D$51,'liste action'!$C$51,IF(AG14='liste action'!$D$52,'liste action'!$C$52,IF(AG14='liste action'!$D$53,'liste action'!$C$53,IF(AG14='liste action'!$D$54,'liste action'!$C$54,IF(AG14='liste action'!$D$55,'liste action'!$C$55,IF(AG14='liste action'!$D$56,'liste action'!$C$56,IF(AG14='liste action'!$D$57,'liste action'!$C$57,IF(AG14='liste action'!$D$58,'liste action'!$C$58,IF(AG14='liste action'!$D$59,'liste action'!$C$59,IF(AG14='liste action'!$D$60,'liste action'!$C$60,IF(AG14='liste action'!$D$61,'liste action'!$C$61,IF(AG14='liste action'!$D$62,'liste action'!$C$62,IF(AG14='liste action'!$D$63,'liste action'!$C$63,IF(AG14='liste action'!$D$64,'liste action'!$C$64,""))))))))))))))))))))))))))))))))))))))))))))))))))))))))))))))) | AG14: =IF(E14='liste action'!$E$2,'liste action'!$D$2,IF(E14='liste action'!$E$3,'liste action'!$D$3,IF(E14='liste action'!$E$4,'liste action'!$D$4,IF(E14='liste action'!$E$5,'liste action'!$D$5,IF(E14='liste action'!$E$6,'liste action'!$D$6,IF(E14='liste action'!$E$7,'liste action'!$D$7,IF(E14='liste action'!$E$8,'liste action'!$D$8,IF(E14='liste action'!$E$9,'liste action'!$D$9,IF(E14='liste action'!$E$10,'liste action'!$D$10,IF(E14='liste action'!$E$11,'liste action'!$D$11,IF(E14='liste action'!$E$12,'liste action'!$D$12,IF(E14='liste action'!$E$13,'liste action'!$D$13,IF(E14='liste action'!$E$14,'liste action'!$D$14,IF(E14='liste action'!$E$15,'liste action'!$D$15,IF(E14='liste action'!$E$16,'liste action'!$D$16,IF(E14='liste action'!$E$17,'liste action'!$D$17,IF(E14='liste action'!$E$18,'liste action'!$D$18,IF(E14='liste action'!$E$19,'liste action'!$D$19,IF(E14='liste action'!$E$20,'liste action'!$D$20,IF(E14='liste action'!$E$21,'liste action'!$D$21,IF(E14='liste action'!$E$22,'liste action'!$D$22,IF(E14='liste action'!$E$23,'liste action'!$D$23,IF(E14='liste action'!$E$24,'liste action'!$D$24,IF(E14='liste action'!$E$25,'liste action'!$D$25,IF(E14='liste action'!$E$26,'liste action'!$D$26,IF(E14='liste action'!$E$27,'liste action'!$D$27,IF(E14='liste action'!$E$28,'liste action'!$D$28,IF(E14='liste action'!$E$29,'liste action'!$D$29,IF(E14='liste action'!$E$30,'liste action'!$D$30,IF(E14='liste action'!$E$31,'liste action'!$D$31,IF(E14='liste action'!$E$32,'liste action'!$D$32,IF(E14='liste action'!$E$33,'liste action'!$D$33,IF(E14='liste action'!$E$34,'liste action'!$D$34,IF(E14='liste action'!$E$35,'liste action'!$D$35,IF(E14='liste action'!$E$36,'liste action'!$D$36,IF(E14='liste action'!$E$37,'liste action'!$D$37,IF(E14='liste action'!$E$38,'liste action'!$D$38,IF(E14='liste action'!$E$39,'liste action'!$D$39,IF(E14='liste action'!$E$40,'liste action'!$D$40,IF(E14='liste action'!$E$41,'liste action'!$D$41,IF(E14='liste action'!$E$42,'liste action'!$D$42,IF(E14='liste action'!$E$43,'liste action'!$D$43,IF(E14='liste action'!$E$44,'liste action'!$D$44,IF(E14='liste action'!$E$45,'liste action'!$D$45,IF(E14='liste action'!$E$46,'liste action'!$D$46,IF(E14='liste action'!$E$47,'liste action'!$D$47,IF(E14='liste action'!$E$48,'liste action'!$D$48,IF(E14='liste action'!$E$49,'liste action'!$D$49,IF(E14='liste action'!$E$50,'liste action'!$D$50,IF(E14='liste action'!$E$51,'liste action'!$D$51,IF(E14='liste action'!$E$52,'liste action'!$D$52,IF(E14='liste action'!$E$53,'liste action'!$D$53,IF(E14='liste action'!$E$54,'liste action'!$D$54,IF(E14='liste action'!$E$55,'liste action'!$D$55,IF(E14='liste action'!$E$56,'liste action'!$D$56,IF(E14='liste action'!$E$57,'liste action'!$D$57,IF(E14='liste action'!$E$58,'liste action'!$D$58,IF(E14='liste action'!$E$59,'liste action'!$D$59,IF(E14='liste action'!$E$60,'liste action'!$D$60,IF(E14='liste action'!$E$61,'liste action'!$D$61,IF(E14='liste action'!$E$62,'liste action'!$D$62,IF(E14='liste action'!$E$63,'liste action'!$D$63,IF(E14='liste action'!$E$64,'liste action'!$D$64,""))))))))))))))))))))))))))))))))))))))))))))))))))))))))))))))) | AH14: =CONCATENATE(AE14,AF14,AG14) -> IDN | AI14: =K14 -> 0 | AJ14: =N14 -> 0 | AK14: =L14 -> 0 | AL14: =O14 -> 0 | AM14: =M14 -> 0 | AN14: =P14 -> 0 | AO14: =SUM(AI14:AN14) -> 0 | AP14: =IF(D14="T",2,IF(D14="CP",0,IF(D14="TF",2,IF(D14="TM",0,IF(D14="JF",0,IF(D14="RTT",0,IF(D14="JNT",0,"0"))))))) -> 0 | AQ14: =IF(E14="T",3,IF(E14="CP",0,IF(E14="TF",3,IF(E14="TM",0,IF(E14="JF",0,IF(E14="RTT",0,IF(E14="JNT",0,"0"))))))) -> 0 | AR14: =AP14+AQ14 -> 0 | AS14: =IF(AR14=5,$AS$7,IF(AR14=2,$AS$8,IF(AR14=3,$AS$9,IF(AR14=0,#REF!)))) -> #REF! | AT14: =IF(AND(D14="CP",E14="CP"),1,IF(AND(D14="CP",E14<>"CP"),0.5,IF(AND(D14<>"CP",E14="CP"),0.5,0))) -> 0 | AU14: =IF(D14="RTT",0.5,0) -> 0 | AV14: =IF(E14="RTT",0.5,0) -> 0 | AW14: =SUM(AU14:AV14) -> 0 | AX14: =IF(D14="TM",0.5,0) -> 0 | AY14: =IF(E14="TM",0.5,0) -> 0 | AZ14: =SUM(AX14:AY14) -> 0 | BA14: =AZ14/1547*17 -> 0
B15: Mercredi | C15: 43467 | D15: VAE PRE CONSEIL | E15: VEF FC DDP | K15: 3 | L15: 0.7 | M15: 0 | N15: 3 | O15: 0 | P15: 0.7 | Q15: =SUM(K15:P15) -> 7.4 | S15: =IF(C15="","",IF(D15="","",AW15)) -> 0 | T15: =IF(C15="","",IF(D15="","",AT15)) -> 0 | Z15: =W15+X15+Y15 -> 0 | AA15: =IF(H15="",LEFT($F$2,3),H15) -> IDN | AB15: =IF(AC15='liste action'!$D$2,'liste action'!$C$2,IF(AC15='liste action'!$D$3,'liste action'!$C$3,IF(AC15='liste action'!$D$4,'liste action'!$C$4,IF(AC15='liste action'!$D$5,'liste action'!$C$5,IF(AC15='liste action'!$D$6,'liste action'!$C$6,IF(AC15='liste action'!$D$7,'liste action'!$C$7,IF(AC15='liste action'!$D$8,'liste action'!$C$8,IF(AC15='liste action'!$D$9,'liste action'!$C$9,IF(AC15='liste action'!$D$10,'liste action'!$C$10,IF(AC15='liste action'!$D$11,'liste action'!$C$11,IF(AC15='liste action'!$D$12,'liste action'!$C$12,IF(AC15='liste action'!$D$13,'liste action'!$C$13,IF(AC15='liste action'!$D$14,'liste action'!$C$14,IF(AC15='liste action'!$D$15,'liste action'!$C$15,IF(AC15='liste action'!$D$16,'liste action'!$C$16,IF(AC15='liste action'!$D$17,'liste action'!$C$17,IF(AC15='liste action'!$D$18,'liste action'!$C$18,IF(AC15='liste action'!$D$19,'liste action'!$C$19,IF(AC15='liste action'!$D$20,'liste action'!$C$20,IF(AC15='liste action'!$D$21,'liste action'!$C$21,IF(AC15='liste action'!$D$22,'liste action'!$C$22,IF(AC15='liste action'!$D$23,'liste action'!$C$23,IF(AC15='liste action'!$D$24,'liste action'!$C$24,IF(AC15='liste action'!$D$25,'liste action'!$C$25,IF(AC15='liste action'!$D$26,'liste action'!$C$26,IF(AC15='liste action'!$D$27,'liste action'!$C$27,IF(AC15='liste action'!$D$28,'liste action'!$C$28,IF(AC15='liste action'!$D$29,'liste action'!$C$29,IF(AC15='liste action'!$D$30,'liste action'!$C$30,IF(AC15='liste action'!$D$31,'liste action'!$C$31,IF(AC15='liste action'!$D$32,'liste action'!$C$32,IF(AC15='liste action'!$D$33,'liste action'!$C$33,IF(AC15='liste action'!$D$34,'liste action'!$C$34,IF(AC15='liste action'!$D$35,'liste action'!$C$35,IF(AC15='liste action'!$D$36,'liste action'!$C$36,IF(AC15='liste action'!$D$37,'liste action'!$C$37,IF(AC15='liste action'!$D$38,'liste action'!$C$38,IF(AC15='liste action'!$D$39,'liste action'!$C$39,IF(AC15='liste action'!$D$40,'liste action'!$C$40,IF(AC15='liste action'!$D$41,'liste action'!$C$41,IF(AC15='liste action'!$D$42,'liste action'!$C$42,IF(AC15='liste action'!$D$43,'liste action'!$C$43,IF(AC15='liste action'!$D$44,'liste action'!$C$44,IF(AC15='liste action'!$D$45,'liste action'!$C$45,IF(AC15='liste action'!$D$46,'liste action'!$C$46,IF(AC15='liste action'!$D$47,'liste action'!$C$47,IF(AC15='liste action'!$D$48,'liste action'!$C$48,IF(AC15='liste action'!$D$49,'liste action'!$C$49,IF(AC15='liste action'!$D$50,'liste action'!$C$50,IF(AC15='liste action'!$D$51,'liste action'!$C$51,IF(AC15='liste action'!$D$52,'liste action'!$C$52,IF(AC15='liste action'!$D$53,'liste action'!$C$53,IF(AC15='liste action'!$D$54,'liste action'!$C$54,IF(AC15='liste action'!$D$55,'liste action'!$C$55,IF(AC15='liste action'!$D$56,'liste action'!$C$56,IF(AC15='liste action'!$D$57,'liste action'!$C$57,IF(AC15='liste action'!$D$58,'liste action'!$C$58,IF(AC15='liste action'!$D$59,'liste action'!$C$59,IF(AC15='liste action'!$D$60,'liste action'!$C$60,IF(AC15='liste action'!$D$61,'liste action'!$C$61,IF(AC15='liste action'!$D$62,'liste action'!$C$62,IF(AC15='liste action'!$D$63,'liste action'!$C$63,IF(AC15='liste action'!$D$64,'liste action'!$C$64,""))))))))))))))))))))))))))))))))))))))))))))))))))))))))))))))) -> CR10 | AC15: =IF(D15='liste action'!$E$2,'liste action'!$D$2,IF(D15='liste action'!$E$3,'liste action'!$D$3,IF(D15='liste action'!$E$4,'liste action'!$D$4,IF(D15='liste action'!$E$5,'liste action'!$D$5,IF(D15='liste action'!$E$6,'liste action'!$D$6,IF(D15='liste action'!$E$7,'liste action'!$D$7,IF(D15='liste action'!$E$8,'liste action'!$D$8,IF(D15='liste action'!$E$9,'liste action'!$D$9,IF(D15='liste action'!$E$10,'liste action'!$D$10,IF(D15='liste action'!$E$11,'liste action'!$D$11,IF(D15='liste action'!$E$12,'liste action'!$D$12,IF(D15='liste action'!$E$13,'liste action'!$D$13,IF(D15='liste action'!$E$14,'liste action'!$D$14,IF(D15='liste action'!$E$15,'liste action'!$D$15,IF(D15='liste action'!$E$16,'liste action'!$D$16,IF(D15='liste action'!$E$17,'liste action'!$D$17,IF(D15='liste action'!$E$18,'liste action'!$D$18,IF(D15='liste action'!$E$19,'liste action'!$D$19,IF(D15='liste action'!$E$20,'liste action'!$D$20,IF(D15='liste action'!$E$21,'liste action'!$D$21,IF(D15='liste action'!$E$22,'liste action'!$D$22,IF(D15='liste action'!$E$23,'liste action'!$D$23,IF(D15='liste action'!$E$24,'liste action'!$D$24,IF(D15='liste action'!$E$25,'liste action'!$D$25,IF(D15='liste action'!$E$26,'liste action'!$D$26,IF(D15='liste action'!$E$27,'liste action'!$D$27,IF(D15='liste action'!$E$28,'liste action'!$D$28,IF(D15='liste action'!$E$29,'liste action'!$D$29,IF(D15='liste action'!$E$30,'liste action'!$D$30,IF(D15='liste action'!$E$31,'liste action'!$D$31,IF(D15='liste action'!$E$32,'liste action'!$D$32,IF(D15='liste action'!$E$33,'liste action'!$D$33,IF(D15='liste action'!$E$34,'liste action'!$D$34,IF(D15='liste action'!$E$35,'liste action'!$D$35,IF(D15='liste action'!$E$36,'liste action'!$D$36,IF(D15='liste action'!$E$37,'liste action'!$D$37,IF(D15='liste action'!$E$38,'liste action'!$D$38,IF(D15='liste action'!$E$39,'liste action'!$D$39,IF(D15='liste action'!$E$40,'liste action'!$D$40,IF(D15='liste action'!$E$41,'liste action'!$D$41,IF(D15='liste action'!$E$42,'liste action'!$D$42,IF(D15='liste action'!$E$43,'liste action'!$D$43,IF(D15='liste action'!$E$44,'liste action'!$D$44,IF(D15='liste action'!$E$45,'liste action'!$D$45,IF(D15='liste action'!$E$46,'liste action'!$D$46,IF(D15='liste action'!$E$47,'liste action'!$D$47,IF(D15='liste action'!$E$48,'liste action'!$D$48,IF(D15='liste action'!$E$49,'liste action'!$D$49,IF(D15='liste action'!$E$50,'liste action'!$D$50,IF(D15='liste action'!$E$51,'liste action'!$D$51,IF(D15='liste action'!$E$52,'liste action'!$D$52,IF(D15='liste action'!$E$53,'liste action'!$D$53,IF(D15='liste action'!$E$54,'liste action'!$D$54,IF(D15='liste action'!$E$55,'liste action'!$D$55,IF(D15='liste action'!$E$56,'liste action'!$D$56,IF(D15='liste action'!$E$57,'liste action'!$D$57,IF(D15='liste action'!$E$58,'liste action'!$D$58,IF(D15='liste action'!$E$59,'liste action'!$D$59,IF(D15='liste action'!$E$60,'liste action'!$D$60,IF(D15='liste action'!$E$61,'liste action'!$D$61,IF(D15='liste action'!$E$62,'liste action'!$D$62,IF(D15='liste action'!$E$63,'liste action'!$D$63,IF(D15='liste action'!$E$64,'liste action'!$D$64,""))))))))))))))))))))))))))))))))))))))))))))))))))))))))))))))) -> V31 | AD15: =CONCATENATE(AA15,AB15,AC15) -> IDNCR10V31 | AE15: =IF(I15="",LEFT($F$2,3),I15) -> IDN | AF15: =IF(AG15='liste action'!$D$2,'liste action'!$C$2,IF(AG15='liste action'!$D$3,'liste action'!$C$3,IF(AG15='liste action'!$D$4,'liste action'!$C$4,IF(AG15='liste action'!$D$5,'liste action'!$C$5,IF(AG15='liste action'!$D$6,'liste action'!$C$6,IF(AG15='liste action'!$D$7,'liste action'!$C$7,IF(AG15='liste action'!$D$8,'liste action'!$C$8,IF(AG15='liste action'!$D$9,'liste action'!$C$9,IF(AG15='liste action'!$D$10,'liste action'!$C$10,IF(AG15='liste action'!$D$11,'liste action'!$C$11,IF(AG15='liste action'!$D$12,'liste action'!$C$12,IF(AG15='liste action'!$D$13,'liste action'!$C$13,IF(AG15='liste action'!$D$14,'liste action'!$C$14,IF(AG15='liste action'!$D$15,'liste action'!$C$15,IF(AG15='liste action'!$D$16,'liste action'!$C$16,IF(AG15='liste action'!$D$17,'liste action'!$C$17,IF(AG15='liste action'!$D$18,'liste action'!$C$18,IF(AG15='liste action'!$D$19,'liste action'!$C$19,IF(AG15='liste action'!$D$20,'liste action'!$C$20,IF(AG15='liste action'!$D$21,'liste action'!$C$21,IF(AG15='liste action'!$D$22,'liste action'!$C$22,IF(AG15='liste action'!$D$23,'liste action'!$C$23,IF(AG15='liste action'!$D$24,'liste action'!$C$24,IF(AG15='liste action'!$D$25,'liste action'!$C$25,IF(AG15='liste action'!$D$26,'liste action'!$C$26,IF(AG15='liste action'!$D$27,'liste action'!$C$27,IF(AG15='liste action'!$D$28,'liste action'!$C$28,IF(AG15='liste action'!$D$29,'liste action'!$C$29,IF(AG15='liste action'!$D$30,'liste action'!$C$30,IF(AG15='liste action'!$D$31,'liste action'!$C$31,IF(AG15='liste action'!$D$32,'liste action'!$C$32,IF(AG15='liste action'!$D$33,'liste action'!$C$33,IF(AG15='liste action'!$D$34,'liste action'!$C$34,IF(AG15='liste action'!$D$35,'liste action'!$C$35,IF(AG15='liste action'!$D$36,'liste action'!$C$36,IF(AG15='liste action'!$D$37,'liste action'!$C$37,IF(AG15='liste action'!$D$38,'liste action'!$C$38,IF(AG15='liste action'!$D$39,'liste action'!$C$39,IF(AG15='liste action'!$D$40,'liste action'!$C$40,IF(AG15='liste action'!$D$41,'liste action'!$C$41,IF(AG15='liste action'!$D$42,'liste action'!$C$42,IF(AG15='liste action'!$D$43,'liste action'!$C$43,IF(AG15='liste action'!$D$44,'liste action'!$C$44,IF(AG15='liste action'!$D$45,'liste action'!$C$45,IF(AG15='liste action'!$D$46,'liste action'!$C$46,IF(AG15='liste action'!$D$47,'liste action'!$C$47,IF(AG15='liste action'!$D$48,'liste action'!$C$48,IF(AG15='liste action'!$D$49,'liste action'!$C$49,IF(AG15='liste action'!$D$50,'liste action'!$C$50,IF(AG15='liste action'!$D$51,'liste action'!$C$51,IF(AG15='liste action'!$D$52,'liste action'!$C$52,IF(AG15='liste action'!$D$53,'liste action'!$C$53,IF(AG15='liste action'!$D$54,'liste action'!$C$54,IF(AG15='liste action'!$D$55,'liste action'!$C$55,IF(AG15='liste action'!$D$56,'liste action'!$C$56,IF(AG15='liste action'!$D$57,'liste action'!$C$57,IF(AG15='liste action'!$D$58,'liste action'!$C$58,IF(AG15='liste action'!$D$59,'liste action'!$C$59,IF(AG15='liste action'!$D$60,'liste action'!$C$60,IF(AG15='liste action'!$D$61,'liste action'!$C$61,IF(AG15='liste action'!$D$62,'liste action'!$C$62,IF(AG15='liste action'!$D$63,'liste action'!$C$63,IF(AG15='liste action'!$D$64,'liste action'!$C$64,""))))))))))))))))))))))))))))))))))))))))))))))))))))))))))))))) -> OF03 | AG15: =IF(E15='liste action'!$E$2,'liste action'!$D$2,IF(E15='liste action'!$E$3,'liste action'!$D$3,IF(E15='liste action'!$E$4,'liste action'!$D$4,IF(E15='liste action'!$E$5,'liste action'!$D$5,IF(E15='liste action'!$E$6,'liste action'!$D$6,IF(E15='liste action'!$E$7,'liste action'!$D$7,IF(E15='liste action'!$E$8,'liste action'!$D$8,IF(E15='liste action'!$E$9,'liste action'!$D$9,IF(E15='liste action'!$E$10,'liste action'!$D$10,IF(E15='liste action'!$E$11,'liste action'!$D$11,IF(E15='liste action'!$E$12,'liste action'!$D$12,IF(E15='liste action'!$E$13,'liste action'!$D$13,IF(E15='liste action'!$E$14,'liste action'!$D$14,IF(E15='liste action'!$E$15,'liste action'!$D$15,IF(E15='liste action'!$E$16,'liste action'!$D$16,IF(E15='liste action'!$E$17,'liste action'!$D$17,IF(E15='liste action'!$E$18,'liste action'!$D$18,IF(E15='liste action'!$E$19,'liste action'!$D$19,IF(E15='liste action'!$E$20,'liste action'!$D$20,IF(E15='liste action'!$E$21,'liste action'!$D$21,IF(E15='liste action'!$E$22,'liste action'!$D$22,IF(E15='liste action'!$E$23,'liste action'!$D$23,IF(E15='liste action'!$E$24,'liste action'!$D$24,IF(E15='liste action'!$E$25,'liste action'!$D$25,IF(E15='liste action'!$E$26,'liste action'!$D$26,IF(E15='liste action'!$E$27,'liste action'!$D$27,IF(E15='liste action'!$E$28,'liste action'!$D$28,IF(E15='liste action'!$E$29,'liste action'!$D$29,IF(E15='liste action'!$E$30,'liste action'!$D$30,IF(E15='liste action'!$E$31,'liste action'!$D$31,IF(E15='liste action'!$E$32,'liste action'!$D$32,IF(E15='liste action'!$E$33,'liste action'!$D$33,IF(E15='liste action'!$E$34,'liste action'!$D$34,IF(E15='liste action'!$E$35,'liste action'!$D$35,IF(E15='liste action'!$E$36,'liste action'!$D$36,IF(E15='liste action'!$E$37,'liste action'!$D$37,IF(E15='liste action'!$E$38,'liste action'!$D$38,IF(E15='liste action'!$E$39,'liste action'!$D$39,IF(E15='liste action'!$E$40,'liste action'!$D$40,IF(E15='liste action'!$E$41,'liste action'!$D$41,IF(E15='liste action'!$E$42,'liste action'!$D$42,IF(E15='liste action'!$E$43,'liste action'!$D$43,IF(E15='liste action'!$E$44,'liste action'!$D$44,IF(E15='liste action'!$E$45,'liste action'!$D$45,IF(E15='liste action'!$E$46,'liste action'!$D$46,IF(E15='liste action'!$E$47,'liste action'!$D$47,IF(E15='liste action'!$E$48,'liste action'!$D$48,IF(E15='liste action'!$E$49,'liste action'!$D$49,IF(E15='liste action'!$E$50,'liste action'!$D$50,IF(E15='liste action'!$E$51,'liste action'!$D$51,IF(E15='liste action'!$E$52,'liste action'!$D$52,IF(E15='liste action'!$E$53,'liste action'!$D$53,IF(E15='liste action'!$E$54,'liste action'!$D$54,IF(E15='liste action'!$E$55,'liste action'!$D$55,IF(E15='liste action'!$E$56,'liste action'!$D$56,IF(E15='liste action'!$E$57,'liste action'!$D$57,IF(E15='liste action'!$E$58,'liste action'!$D$58,IF(E15='liste action'!$E$59,'liste action'!$D$59,IF(E15='liste action'!$E$60,'liste action'!$D$60,IF(E15='liste action'!$E$61,'liste action'!$D$61,IF(E15='liste action'!$E$62,'liste action'!$D$62,IF(E15='liste action'!$E$63,'liste action'!$D$63,IF(E15='liste action'!$E$64,'liste action'!$D$64,""))))))))))))))))))))))))))))))))))))))))))))))))))))))))))))))) -> V11 | AH15: =CONCATENATE(AE15,AF15,AG15) -> IDNOF03V11 | AI15: =K15 -> 3 | AJ15: =N15 -> 3 | AK15: =L15 -> 0.7 | AL15: =O15 -> 0 | AM15: =M15 -> 0 | AN15: =P15 -> 0.7 | AO15: =SUM(AI15:AN15) -> 7.4 | AP15: =IF(D15="T",2,IF(D15="CP",0,IF(D15="TF",2,IF(D15="TM",0,IF(D15="JF",0,IF(D15="RTT",0,IF(D15="JNT",0,"0"))))))) -> 0 | AQ15: =IF(E15="T",3,IF(E15="CP",0,IF(E15="TF",3,IF(E15="TM",0,IF(E15="JF",0,IF(E15="RTT",0,IF(E15="JNT",0,"0"))))))) -> 0 | AR15: =AP15+AQ15 -> 0 | AS15: =IF(AR15=5,$AS$7,IF(AR15=2,$AS$8,IF(AR15=3,$AS$9,IF(AR15=0,#REF!)))) -> #REF! | AT15: =IF(AND(D15="CP",E15="CP"),1,IF(AND(D15="CP",E15<>"CP"),0.5,IF(AND(D15<>"CP",E15="CP"),0.5,0))) -> 0 | AU15: =IF(D15="RTT",0.5,0) -> 0 | AV15: =IF(E15="RTT",0.5,0) -> 0 | AW15: =SUM(AU15:AV15) -> 0 | AX15: =IF(D15="TM",0.5,0) -> 0 | AY15: =IF(E15="TM",0.5,0) -> 0 | AZ15: =SUM(AX15:AY15) -> 0 | BA15: =AZ15/1547*17 -> 0
B16: Jeudi | C16: 43468 | D16: VEF FC DDP | E16: FLE | K16: 0 | L16: 0 | M16: 3.7 | N16: 0 | O16: 0 | P16: 3.7 | Q16: =SUM(K16:P16) -> 7.4 | S16: =IF(C16="","",IF(D16="","",AW16)) -> 0 | T16: =IF(C16="","",IF(D16="","",AT16)) -> 0 | Z16: =W16+X16+Y16 -> 0 | AA16: =IF(H16="",LEFT($F$2,3),H16) -> IDN | AB16: =IF(AC16='liste action'!$D$2,'liste action'!$C$2,IF(AC16='liste action'!$D$3,'liste action'!$C$3,IF(AC16='liste action'!$D$4,'liste action'!$C$4,IF(AC16='liste action'!$D$5,'liste action'!$C$5,IF(AC16='liste action'!$D$6,'liste action'!$C$6,IF(AC16='liste action'!$D$7,'liste action'!$C$7,IF(AC16='liste action'!$D$8,'liste action'!$C$8,IF(AC16='liste action'!$D$9,'liste action'!$C$9,IF(AC16='liste action'!$D$10,'liste action'!$C$10,IF(AC16='liste action'!$D$11,'liste action'!$C$11,IF(AC16='liste action'!$D$12,'liste action'!$C$12,IF(AC16='liste action'!$D$13,'liste action'!$C$13,IF(AC16='liste action'!$D$14,'liste action'!$C$14,IF(AC16='liste action'!$D$15,'liste action'!$C$15,IF(AC16='liste action'!$D$16,'liste action'!$C$16,IF(AC16='liste action'!$D$17,'liste action'!$C$17,IF(AC16='liste action'!$D$18,'liste action'!$C$18,IF(AC16='liste action'!$D$19,'liste action'!$C$19,IF(AC16='liste action'!$D$20,'liste action'!$C$20,IF(AC16='liste action'!$D$21,'liste action'!$C$21,IF(AC16='liste action'!$D$22,'liste action'!$C$22,IF(AC16='liste action'!$D$23,'liste action'!$C$23,IF(AC16='liste action'!$D$24,'liste action'!$C$24,IF(AC16='liste action'!$D$25,'liste action'!$C$25,IF(AC16='liste action'!$D$26,'liste action'!$C$26,IF(AC16='liste action'!$D$27,'liste action'!$C$27,IF(AC16='liste action'!$D$28,'liste action'!$C$28,IF(AC16='liste action'!$D$29,'liste action'!$C$29,IF(AC16='liste action'!$D$30,'liste action'!$C$30,IF(AC16='liste action'!$D$31,'liste action'!$C$31,IF(AC16='liste action'!$D$32,'liste action'!$C$32,IF(AC16='liste action'!$D$33,'liste action'!$C$33,IF(AC16='liste action'!$D$34,'liste action'!$C$34,IF(AC16='liste action'!$D$35,'liste action'!$C$35,IF(AC16='liste action'!$D$36,'liste action'!$C$36,IF(AC16='liste action'!$D$37,'liste action'!$C$37,IF(AC16='liste action'!$D$38,'liste action'!$C$38,IF(AC16='liste action'!$D$39,'liste action'!$C$39,IF(AC16='liste action'!$D$40,'liste action'!$C$40,IF(AC16='liste action'!$D$41,'liste action'!$C$41,IF(AC16='liste action'!$D$42,'liste action'!$C$42,IF(AC16='liste action'!$D$43,'liste action'!$C$43,IF(AC16='liste action'!$D$44,'liste action'!$C$44,IF(AC16='liste action'!$D$45,'liste action'!$C$45,IF(AC16='liste action'!$D$46,'liste action'!$C$46,IF(AC16='liste action'!$D$47,'liste action'!$C$47,IF(AC16='liste action'!$D$48,'liste action'!$C$48,IF(AC16='liste action'!$D$49,'liste action'!$C$49,IF(AC16='liste action'!$D$50,'liste action'!$C$50,IF(AC16='liste action'!$D$51,'liste action'!$C$51,IF(AC16='liste action'!$D$52,'liste action'!$C$52,IF(AC16='liste action'!$D$53,'liste action'!$C$53,IF(AC16='liste action'!$D$54,'liste action'!$C$54,IF(AC16='liste action'!$D$55,'liste action'!$C$55,IF(AC16='liste action'!$D$56,'liste action'!$C$56,IF(AC16='liste action'!$D$57,'liste action'!$C$57,IF(AC16='liste action'!$D$58,'liste action'!$C$58,IF(AC16='liste action'!$D$59,'liste action'!$C$59,IF(AC16='liste action'!$D$60,'liste action'!$C$60,IF(AC16='liste action'!$D$61,'liste action'!$C$61,IF(AC16='liste action'!$D$62,'liste action'!$C$62,IF(AC16='liste action'!$D$63,'liste action'!$C$63,IF(AC16='liste action'!$D$64,'liste action'!$C$64,""))))))))))))))))))))))))))))))))))))))))))))))))))))))))))))))) -> OF03 | AC16: =IF(D16='liste action'!$E$2,'liste action'!$D$2,IF(D16='liste action'!$E$3,'liste action'!$D$3,IF(D16='liste action'!$E$4,'liste action'!$D$4,IF(D16='liste action'!$E$5,'liste action'!$D$5,IF(D16='liste action'!$E$6,'liste action'!$D$6,IF(D16='liste action'!$E$7,'liste action'!$D$7,IF(D16='liste action'!$E$8,'liste action'!$D$8,IF(D16='liste action'!$E$9,'liste action'!$D$9,IF(D16='liste action'!$E$10,'liste action'!$D$10,IF(D16='liste action'!$E$11,'liste action'!$D$11,IF(D16='liste action'!$E$12,'liste action'!$D$12,IF(D16='liste action'!$E$13,'liste action'!$D$13,IF(D16='liste action'!$E$14,'liste action'!$D$14,IF(D16='liste action'!$E$15,'liste action'!$D$15,IF(D16='liste action'!$E$16,'liste action'!$D$16,IF(D16='liste action'!$E$17,'liste action'!$D$17,IF(D16='liste action'!$E$18,'liste action'!$D$18,IF(D16='liste action'!$E$19,'liste action'!$D$19,IF(D16='liste action'!$E$20,'liste action'!$D$20,IF(D16='liste action'!$E$21,'liste action'!$D$21,IF(D16='liste action'!$E$22,'liste action'!$D$22,IF(D16='liste action'!$E$23,'liste action'!$D$23,IF(D16='liste action'!$E$24,'liste action'!$D$24,IF(D16='liste action'!$E$25,'liste action'!$D$25,IF(D16='liste action'!$E$26,'liste action'!$D$26,IF(D16='liste action'!$E$27,'liste action'!$D$27,IF(D16='liste action'!$E$28,'liste action'!$D$28,IF(D16='liste action'!$E$29,'liste action'!$D$29,IF(D16='liste action'!$E$30,'liste action'!$D$30,IF(D16='liste action'!$E$31,'liste action'!$D$31,IF(D16='liste action'!$E$32,'liste action'!$D$32,IF(D16='liste action'!$E$33,'liste action'!$D$33,IF(D16='liste action'!$E$34,'liste action'!$D$34,IF(D16='liste action'!$E$35,'liste action'!$D$35,IF(D16='liste action'!$E$36,'liste action'!$D$36,IF(D16='liste action'!$E$37,'liste action'!$D$37,IF(D16='liste action'!$E$38,'liste action'!$D$38,IF(D16='liste action'!$E$39,'liste action'!$D$39,IF(D16='liste action'!$E$40,'liste action'!$D$40,IF(D16='liste action'!$E$41,'liste action'!$D$41,IF(D16='liste action'!$E$42,'liste action'!$D$42,IF(D16='liste action'!$E$43,'liste action'!$D$43,IF(D16='liste action'!$E$44,'liste action'!$D$44,IF(D16='liste action'!$E$45,'liste action'!$D$45,IF(D16='liste action'!$E$46,'liste action'!$D$46,IF(D16='liste action'!$E$47,'liste action'!$D$47,IF(D16='liste action'!$E$48,'liste action'!$D$48,IF(D16='liste action'!$E$49,'liste action'!$D$49,IF(D16='liste action'!$E$50,'liste action'!$D$50,IF(D16='liste action'!$E$51,'liste action'!$D$51,IF(D16='liste action'!$E$52,'liste action'!$D$52,IF(D16='liste action'!$E$53,'liste action'!$D$53,IF(D16='liste action'!$E$54,'liste action'!$D$54,IF(D16='liste action'!$E$55,'liste action'!$D$55,IF(D16='liste action'!$E$56,'liste action'!$D$56,IF(D16='liste action'!$E$57,'liste action'!$D$57,IF(D16='liste action'!$E$58,'liste action'!$D$58,IF(D16='liste action'!$E$59,'liste action'!$D$59,IF(D16='liste action'!$E$60,'liste action'!$D$60,IF(D16='liste action'!$E$61,'liste action'!$D$61,IF(D16='liste action'!$E$62,'liste action'!$D$62,IF(D16='liste action'!$E$63,'liste action'!$D$63,IF(D16='liste action'!$E$64,'liste action'!$D$64,""))))))))))))))))))))))))))))))))))))))))))))))))))))))))))))))) -> V11 | AD16: =CONCATENATE(AA16,AB16,AC16) -> IDNOF03V11 | AE16: =IF(I16="",LEFT($F$2,3),I16) -> IDN | AF16: =IF(AG16='liste action'!$D$2,'liste action'!$C$2,IF(AG16='liste action'!$D$3,'liste action'!$C$3,IF(AG16='liste action'!$D$4,'liste action'!$C$4,IF(AG16='liste action'!$D$5,'liste action'!$C$5,IF(AG16='liste action'!$D$6,'liste action'!$C$6,IF(AG16='liste action'!$D$7,'liste action'!$C$7,IF(AG16='liste action'!$D$8,'liste action'!$C$8,IF(AG16='liste action'!$D$9,'liste action'!$C$9,IF(AG16='liste action'!$D$10,'liste action'!$C$10,IF(AG16='liste action'!$D$11,'liste action'!$C$11,IF(AG16='liste action'!$D$12,'liste action'!$C$12,IF(AG16='liste action'!$D$13,'liste action'!$C$13,IF(AG16='liste action'!$D$14,'liste action'!$C$14,IF(AG16='liste action'!$D$15,'liste action'!$C$15,IF(AG16='liste action'!$D$16,'liste action'!$C$16,IF(AG16='liste action'!$D$17,'liste action'!$C$17,IF(AG16='liste action'!$D$18,'liste action'!$C$18,IF(AG16='liste action'!$D$19,'liste action'!$C$19,IF(AG16='liste action'!$D$20,'liste action'!$C$20,IF(AG16='liste action'!$D$21,'liste action'!$C$21,IF(AG16='liste action'!$D$22,'liste action'!$C$22,IF(AG16='liste action'!$D$23,'liste action'!$C$23,IF(AG16='liste action'!$D$24,'liste action'!$C$24,IF(AG16='liste action'!$D$25,'liste action'!$C$25,IF(AG16='liste action'!$D$26,'liste action'!$C$26,IF(AG16='liste action'!$D$27,'liste action'!$C$27,IF(AG16='liste action'!$D$28,'liste action'!$C$28,IF(AG16='liste action'!$D$29,'liste action'!$C$29,IF(AG16='liste action'!$D$30,'liste action'!$C$30,IF(AG16='liste action'!$D$31,'liste action'!$C$31,IF(AG16='liste action'!$D$32,'liste action'!$C$32,IF(AG16='liste action'!$D$33,'liste action'!$C$33,IF(AG16='liste action'!$D$34,'liste action'!$C$34,IF(AG16='liste action'!$D$35,'liste action'!$C$35,IF(AG16='liste action'!$D$36,'liste action'!$C$36,IF(AG16='liste action'!$D$37,'liste action'!$C$37,IF(AG16='liste action'!$D$38,'liste action'!$C$38,IF(AG16='liste action'!$D$39,'liste action'!$C$39,IF(AG16='liste action'!$D$40,'liste action'!$C$40,IF(AG16='liste action'!$D$41,'liste action'!$C$41,IF(AG16='liste action'!$D$42,'liste action'!$C$42,IF(AG16='liste action'!$D$43,'liste action'!$C$43,IF(AG16='liste action'!$D$44,'liste action'!$C$44,IF(AG16='liste action'!$D$45,'liste action'!$C$45,IF(AG16='liste action'!$D$46,'liste action'!$C$46,IF(AG16='liste action'!$D$47,'liste action'!$C$47,IF(AG16='liste action'!$D$48,'liste action'!$C$48,IF(AG16='liste action'!$D$49,'liste action'!$C$49,IF(AG16='liste action'!$D$50,'liste action'!$C$50,IF(AG16='liste action'!$D$51,'liste action'!$C$51,IF(AG16='liste action'!$D$52,'liste action'!$C$52,IF(AG16='liste action'!$D$53,'liste action'!$C$53,IF(AG16='liste action'!$D$54,'liste action'!$C$54,IF(AG16='liste action'!$D$55,'liste action'!$C$55,IF(AG16='liste action'!$D$56,'liste action'!$C$56,IF(AG16='liste action'!$D$57,'liste action'!$C$57,IF(AG16='liste action'!$D$58,'liste action'!$C$58,IF(AG16='liste action'!$D$59,'liste action'!$C$59,IF(AG16='liste action'!$D$60,'liste action'!$C$60,IF(AG16='liste action'!$D$61,'liste action'!$C$61,IF(AG16='liste action'!$D$62,'liste action'!$C$62,IF(AG16='liste action'!$D$63,'liste action'!$C$63,IF(AG16='liste action'!$D$64,'liste action'!$C$64,""))))))))))))))))))))))))))))))))))))))))))))))))))))))))))))))) -> OF04 | AG16: =IF(E16='liste action'!$E$2,'liste action'!$D$2,IF(E16='liste action'!$E$3,'liste action'!$D$3,IF(E16='liste action'!$E$4,'liste action'!$D$4,IF(E16='liste action'!$E$5,'liste action'!$D$5,IF(E16='liste action'!$E$6,'liste action'!$D$6,IF(E16='liste action'!$E$7,'liste action'!$D$7,IF(E16='liste action'!$E$8,'liste action'!$D$8,IF(E16='liste action'!$E$9,'liste action'!$D$9,IF(E16='liste action'!$E$10,'liste action'!$D$10,IF(E16='liste action'!$E$11,'liste action'!$D$11,IF(E16='liste action'!$E$12,'liste action'!$D$12,IF(E16='liste action'!$E$13,'liste action'!$D$13,IF(E16='liste action'!$E$14,'liste action'!$D$14,IF(E16='liste action'!$E$15,'liste action'!$D$15,IF(E16='liste action'!$E$16,'liste action'!$D$16,IF(E16='liste action'!$E$17,'liste action'!$D$17,IF(E16='liste action'!$E$18,'liste action'!$D$18,IF(E16='liste action'!$E$19,'liste action'!$D$19,IF(E16='liste action'!$E$20,'liste action'!$D$20,IF(E16='liste action'!$E$21,'liste action'!$D$21,IF(E16='liste action'!$E$22,'liste action'!$D$22,IF(E16='liste action'!$E$23,'liste action'!$D$23,IF(E16='liste action'!$E$24,'liste action'!$D$24,IF(E16='liste action'!$E$25,'liste action'!$D$25,IF(E16='liste action'!$E$26,'liste action'!$D$26,IF(E16='liste action'!$E$27,'liste action'!$D$27,IF(E16='liste action'!$E$28,'liste action'!$D$28,IF(E16='liste action'!$E$29,'liste action'!$D$29,IF(E16='liste action'!$E$30,'liste action'!$D$30,IF(E16='liste action'!$E$31,'liste action'!$D$31,IF(E16='liste action'!$E$32,'liste action'!$D$32,IF(E16='liste action'!$E$33,'liste action'!$D$33,IF(E16='liste action'!$E$34,'liste action'!$D$34,IF(E16='liste action'!$E$35,'liste action'!$D$35,IF(E16='liste action'!$E$36,'liste action'!$D$36,IF(E16='liste action'!$E$37,'liste action'!$D$37,IF(E16='liste action'!$E$38,'liste action'!$D$38,IF(E16='liste action'!$E$39,'liste action'!$D$39,IF(E16='liste action'!$E$40,'liste action'!$D$40,IF(E16='liste action'!$E$41,'liste action'!$D$41,IF(E16='liste action'!$E$42,'liste action'!$D$42,IF(E16='liste action'!$E$43,'liste action'!$D$43,IF(E16='liste action'!$E$44,'liste action'!$D$44,IF(E16='liste action'!$E$45,'liste action'!$D$45,IF(E16='liste action'!$E$46,'liste action'!$D$46,IF(E16='liste action'!$E$47,'liste action'!$D$47,IF(E16='liste action'!$E$48,'liste action'!$D$48,IF(E16='liste action'!$E$49,'liste action'!$D$49,IF(E16='liste action'!$E$50,'liste action'!$D$50,IF(E16='liste action'!$E$51,'liste action'!$D$51,IF(E16='liste action'!$E$52,'liste action'!$D$52,IF(E16='liste action'!$E$53,'liste action'!$D$53,IF(E16='liste action'!$E$54,'liste action'!$D$54,IF(E16='liste action'!$E$55,'liste action'!$D$55,IF(E16='liste action'!$E$56,'liste action'!$D$56,IF(E16='liste action'!$E$57,'liste action'!$D$57,IF(E16='liste action'!$E$58,'liste action'!$D$58,IF(E16='liste action'!$E$59,'liste action'!$D$59,IF(E16='liste action'!$E$60,'liste action'!$D$60,IF(E16='liste action'!$E$61,'liste action'!$D$61,IF(E16='liste action'!$E$62,'liste action'!$D$62,IF(E16='liste action'!$E$63,'liste action'!$D$63,IF(E16='liste action'!$E$64,'liste action'!$D$64,""))))))))))))))))))))))))))))))))))))))))))))))))))))))))))))))) -> F11 | AH16: =CONCATENATE(AE16,AF16,AG16) -> IDNOF04F11 | AI16: =K16 -> 0 | AJ16: =N16 -> 0 | AK16: =L16 -> 0 | AL16: =O16 -> 0 | AM16: =M16 -> 3.7 | AN16: =P16 -> 3.7 | AO16: =SUM(AI16:AN16) -> 7.4 | AP16: =IF(D16="T",2,IF(D16="CP",0,IF(D16="TF",2,IF(D16="TM",0,IF(D16="JF",0,IF(D16="RTT",0,IF(D16="JNT",0,"0"))))))) -> 0 | AQ16: =IF(E16="T",3,IF(E16="CP",0,IF(E16="TF",3,IF(E16="TM",0,IF(E16="JF",0,IF(E16="RTT",0,IF(E16="JNT",0,"0"))))))) -> 0 | AR16: =AP16+AQ16 -> 0 | AS16: =IF(AR16=5,$AS$7,IF(AR16=2,$AS$8,IF(AR16=3,$AS$9,IF(AR16=0,#REF!)))) -> #REF! | AT16: =IF(AND(D16="CP",E16="CP"),1,IF(AND(D16="CP",E16<>"CP"),0.5,IF(AND(D16<>"CP",E16="CP"),0.5,0))) -> 0 | AU16: =IF(D16="RTT",0.5,0) -> 0 | AV16: =IF(E16="RTT",0.5,0) -> 0 | AW16: =SUM(AU16:AV16) -> 0 | AX16: =IF(D16="TM",0.5,0) -> 0 | AY16: =IF(E16="TM",0.5,0) -> 0 | AZ16: =SUM(AX16:AY16) -> 0 | BA16: =AZ16/1547*17 -> 0
B17: Vendredi | C17: 43469 | D17: CP | E17: CP | K17: 0 | L17: 0 | M17: 3.7 | N17: 0 | O17: 0 | P17: 3.7 | Q17: =SUM(K17:P17) -> 7.4 | S17: =IF(C17="","",IF(D17="","",AW17)) -> 0 | T17: =IF(C17="","",IF(D17="","",AT17)) -> 1 | Z17: =W17+X17+Y17 -> 0 | AA17: =IF(H17="",LEFT($F$2,3),H17) -> IDN | AB17: =IF(AC17='liste action'!$D$2,'liste action'!$C$2,IF(AC17='liste action'!$D$3,'liste action'!$C$3,IF(AC17='liste action'!$D$4,'liste action'!$C$4,IF(AC17='liste action'!$D$5,'liste action'!$C$5,IF(AC17='liste action'!$D$6,'liste action'!$C$6,IF(AC17='liste action'!$D$7,'liste action'!$C$7,IF(AC17='liste action'!$D$8,'liste action'!$C$8,IF(AC17='liste action'!$D$9,'liste action'!$C$9,IF(AC17='liste action'!$D$10,'liste action'!$C$10,IF(AC17='liste action'!$D$11,'liste action'!$C$11,IF(AC17='liste action'!$D$12,'liste action'!$C$12,IF(AC17='liste action'!$D$13,'liste action'!$C$13,IF(AC17='liste action'!$D$14,'liste action'!$C$14,IF(AC17='liste action'!$D$15,'liste action'!$C$15,IF(AC17='liste action'!$D$16,'liste action'!$C$16,IF(AC17='liste action'!$D$17,'liste action'!$C$17,IF(AC17='liste action'!$D$18,'liste action'!$C$18,IF(AC17='liste action'!$D$19,'liste action'!$C$19,IF(AC17='liste action'!$D$20,'liste action'!$C$20,IF(AC17='liste action'!$D$21,'liste action'!$C$21,IF(AC17='liste action'!$D$22,'liste action'!$C$22,IF(AC17='liste action'!$D$23,'liste action'!$C$23,IF(AC17='liste action'!$D$24,'liste action'!$C$24,IF(AC17='liste action'!$D$25,'liste action'!$C$25,IF(AC17='liste action'!$D$26,'liste action'!$C$26,IF(AC17='liste action'!$D$27,'liste action'!$C$27,IF(AC17='liste action'!$D$28,'liste action'!$C$28,IF(AC17='liste action'!$D$29,'liste action'!$C$29,IF(AC17='liste action'!$D$30,'liste action'!$C$30,IF(AC17='liste action'!$D$31,'liste action'!$C$31,IF(AC17='liste action'!$D$32,'liste action'!$C$32,IF(AC17='liste action'!$D$33,'liste action'!$C$33,IF(AC17='liste action'!$D$34,'liste action'!$C$34,IF(AC17='liste action'!$D$35,'liste action'!$C$35,IF(AC17='liste action'!$D$36,'liste action'!$C$36,IF(AC17='liste action'!$D$37,'liste action'!$C$37,IF(AC17='liste action'!$D$38,'liste action'!$C$38,IF(AC17='liste action'!$D$39,'liste action'!$C$39,IF(AC17='liste action'!$D$40,'liste action'!$C$40,IF(AC17='liste action'!$D$41,'liste action'!$C$41,IF(AC17='liste action'!$D$42,'liste action'!$C$42,IF(AC17='liste action'!$D$43,'liste action'!$C$43,IF(AC17='liste action'!$D$44,'liste action'!$C$44,IF(AC17='liste action'!$D$45,'liste action'!$C$45,IF(AC17='liste action'!$D$46,'liste action'!$C$46,IF(AC17='liste action'!$D$47,'liste action'!$C$47,IF(AC17='liste action'!$D$48,'liste action'!$C$48,IF(AC17='liste action'!$D$49,'liste action'!$C$49,IF(AC17='liste action'!$D$50,'liste action'!$C$50,IF(AC17='liste action'!$D$51,'liste action'!$C$51,IF(AC17='liste action'!$D$52,'liste action'!$C$52,IF(AC17='liste action'!$D$53,'liste action'!$C$53,IF(AC17='liste action'!$D$54,'liste action'!$C$54,IF(AC17='liste action'!$D$55,'liste action'!$C$55,IF(AC17='liste action'!$D$56,'liste action'!$C$56,IF(AC17='liste action'!$D$57,'liste action'!$C$57,IF(AC17='liste action'!$D$58,'liste action'!$C$58,IF(AC17='liste action'!$D$59,'liste action'!$C$59,IF(AC17='liste action'!$D$60,'liste action'!$C$60,IF(AC17='liste action'!$D$61,'liste action'!$C$61,IF(AC17='liste action'!$D$62,'liste action'!$C$62,IF(AC17='liste action'!$D$63,'liste action'!$C$63,IF(AC17='liste action'!$D$64,'liste action'!$C$64,""))))))))))))))))))))))))))))))))))))))))))))))))))))))))))))))) -> ZZ80 | AC17: =IF(D17='liste action'!$E$2,'liste action'!$D$2,IF(D17='liste action'!$E$3,'liste action'!$D$3,IF(D17='liste action'!$E$4,'liste action'!$D$4,IF(D17='liste action'!$E$5,'liste action'!$D$5,IF(D17='liste action'!$E$6,'liste action'!$D$6,IF(D17='liste action'!$E$7,'liste action'!$D$7,IF(D17='liste action'!$E$8,'liste action'!$D$8,IF(D17='liste action'!$E$9,'liste action'!$D$9,IF(D17='liste action'!$E$10,'liste action'!$D$10,IF(D17='liste action'!$E$11,'liste action'!$D$11,IF(D17='liste action'!$E$12,'liste action'!$D$12,IF(D17='liste action'!$E$13,'liste action'!$D$13,IF(D17='liste action'!$E$14,'liste action'!$D$14,IF(D17='liste action'!$E$15,'liste action'!$D$15,IF(D17='liste action'!$E$16,'liste action'!$D$16,IF(D17='liste action'!$E$17,'liste action'!$D$17,IF(D17='liste action'!$E$18,'liste action'!$D$18,IF(D17='liste action'!$E$19,'liste action'!$D$19,IF(D17='liste action'!$E$20,'liste action'!$D$20,IF(D17='liste action'!$E$21,'liste action'!$D$21,IF(D17='liste action'!$E$22,'liste action'!$D$22,IF(D17='liste action'!$E$23,'liste action'!$D$23,IF(D17='liste action'!$E$24,'liste action'!$D$24,IF(D17='liste action'!$E$25,'liste action'!$D$25,IF(D17='liste action'!$E$26,'liste action'!$D$26,IF(D17='liste action'!$E$27,'liste action'!$D$27,IF(D17='liste action'!$E$28,'liste action'!$D$28,IF(D17='liste action'!$E$29,'liste action'!$D$29,IF(D17='liste action'!$E$30,'liste action'!$D$30,IF(D17='liste action'!$E$31,'liste action'!$D$31,IF(D17='liste action'!$E$32,'liste action'!$D$32,IF(D17='liste action'!$E$33,'liste action'!$D$33,IF(D17='liste action'!$E$34,'liste action'!$D$34,IF(D17='liste action'!$E$35,'liste action'!$D$35,IF(D17='liste action'!$E$36,'liste action'!$D$36,IF(D17='liste action'!$E$37,'liste action'!$D$37,IF(D17='liste action'!$E$38,'liste action'!$D$38,IF(D17='liste action'!$E$39,'liste action'!$D$39,IF(D17='liste action'!$E$40,'liste action'!$D$40,IF(D17='liste action'!$E$41,'liste action'!$D$41,IF(D17='liste action'!$E$42,'liste action'!$D$42,IF(D17='liste action'!$E$43,'liste action'!$D$43,IF(D17='liste action'!$E$44,'liste action'!$D$44,IF(D17='liste action'!$E$45,'liste action'!$D$45,IF(D17='liste action'!$E$46,'liste action'!$D$46,IF(D17='liste action'!$E$47,'liste action'!$D$47,IF(D17='liste action'!$E$48,'liste action'!$D$48,IF(D17='liste action'!$E$49,'liste action'!$D$49,IF(D17='liste action'!$E$50,'liste action'!$D$50,IF(D17='liste action'!$E$51,'liste action'!$D$51,IF(D17='liste action'!$E$52,'liste action'!$D$52,IF(D17='liste action'!$E$53,'liste action'!$D$53,IF(D17='liste action'!$E$54,'liste action'!$D$54,IF(D17='liste action'!$E$55,'liste action'!$D$55,IF(D17='liste action'!$E$56,'liste action'!$D$56,IF(D17='liste action'!$E$57,'liste action'!$D$57,IF(D17='liste action'!$E$58,'liste action'!$D$58,IF(D17='liste action'!$E$59,'liste action'!$D$59,IF(D17='liste action'!$E$60,'liste action'!$D$60,IF(D17='liste action'!$E$61,'liste action'!$D$61,IF(D17='liste action'!$E$62,'liste action'!$D$62,IF(D17='liste action'!$E$63,'liste action'!$D$63,IF(D17='liste action'!$E$64,'liste action'!$D$64,""))))))))))))))))))))))))))))))))))))))))))))))))))))))))))))))) -> SGE | AD17: =CONCATENATE(AA17,AB17,AC17) -> IDNZZ80SGE | AE17: =IF(I17="",LEFT($F$2,3),I17) -> IDN | AF17: =IF(AG17='liste action'!$D$2,'liste action'!$C$2,IF(AG17='liste action'!$D$3,'liste action'!$C$3,IF(AG17='liste action'!$D$4,'liste action'!$C$4,IF(AG17='liste action'!$D$5,'liste action'!$C$5,IF(AG17='liste action'!$D$6,'liste action'!$C$6,IF(AG17='liste action'!$D$7,'liste action'!$C$7,IF(AG17='liste action'!$D$8,'liste action'!$C$8,IF(AG17='liste action'!$D$9,'liste action'!$C$9,IF(AG17='liste action'!$D$10,'liste action'!$C$10,IF(AG17='liste action'!$D$11,'liste action'!$C$11,IF(AG17='liste action'!$D$12,'liste action'!$C$12,IF(AG17='liste action'!$D$13,'liste action'!$C$13,IF(AG17='liste action'!$D$14,'liste action'!$C$14,IF(AG17='liste action'!$D$15,'liste action'!$C$15,IF(AG17='liste action'!$D$16,'liste action'!$C$16,IF(AG17='liste action'!$D$17,'liste action'!$C$17,IF(AG17='liste action'!$D$18,'liste action'!$C$18,IF(AG17='liste action'!$D$19,'liste action'!$C$19,IF(AG17='liste action'!$D$20,'liste action'!$C$20,IF(AG17='liste action'!$D$21,'liste action'!$C$21,IF(AG17='liste action'!$D$22,'liste action'!$C$22,IF(AG17='liste action'!$D$23,'liste action'!$C$23,IF(AG17='liste action'!$D$24,'liste action'!$C$24,IF(AG17='liste action'!$D$25,'liste action'!$C$25,IF(AG17='liste action'!$D$26,'liste action'!$C$26,IF(AG17='liste action'!$D$27,'liste action'!$C$27,IF(AG17='liste action'!$D$28,'liste action'!$C$28,IF(AG17='liste action'!$D$29,'liste action'!$C$29,IF(AG17='liste action'!$D$30,'liste action'!$C$30,IF(AG17='liste action'!$D$31,'liste action'!$C$31,IF(AG17='liste action'!$D$32,'liste action'!$C$32,IF(AG17='liste action'!$D$33,'liste action'!$C$33,IF(AG17='liste action'!$D$34,'liste action'!$C$34,IF(AG17='liste action'!$D$35,'liste action'!$C$35,IF(AG17='liste action'!$D$36,'liste action'!$C$36,IF(AG17='liste action'!$D$37,'liste action'!$C$37,IF(AG17='liste action'!$D$38,'liste action'!$C$38,IF(AG17='liste action'!$D$39,'liste action'!$C$39,IF(AG17='liste action'!$D$40,'liste action'!$C$40,IF(AG17='liste action'!$D$41,'liste action'!$C$41,IF(AG17='liste action'!$D$42,'liste action'!$C$42,IF(AG17='liste action'!$D$43,'liste action'!$C$43,IF(AG17='liste action'!$D$44,'liste action'!$C$44,IF(AG17='liste action'!$D$45,'liste action'!$C$45,IF(AG17='liste action'!$D$46,'liste action'!$C$46,IF(AG17='liste action'!$D$47,'liste action'!$C$47,IF(AG17='liste action'!$D$48,'liste action'!$C$48,IF(AG17='liste action'!$D$49,'liste action'!$C$49,IF(AG17='liste action'!$D$50,'liste action'!$C$50,IF(AG17='liste action'!$D$51,'liste action'!$C$51,IF(AG17='liste action'!$D$52,'liste action'!$C$52,IF(AG17='liste action'!$D$53,'liste action'!$C$53,IF(AG17='liste action'!$D$54,'liste action'!$C$54,IF(AG17='liste action'!$D$55,'liste action'!$C$55,IF(AG17='liste action'!$D$56,'liste action'!$C$56,IF(AG17='liste action'!$D$57,'liste action'!$C$57,IF(AG17='liste action'!$D$58,'liste action'!$C$58,IF(AG17='liste action'!$D$59,'liste action'!$C$59,IF(AG17='liste action'!$D$60,'liste action'!$C$60,IF(AG17='liste action'!$D$61,'liste action'!$C$61,IF(AG17='liste action'!$D$62,'liste action'!$C$62,IF(AG17='liste action'!$D$63,'liste action'!$C$63,IF(AG17='liste action'!$D$64,'liste action'!$C$64,""))))))))))))))))))))))))))))))))))))))))))))))))))))))))))))))) -> ZZ80 | AG17: =IF(E17='liste action'!$E$2,'liste action'!$D$2,IF(E17='liste action'!$E$3,'liste action'!$D$3,IF(E17='liste action'!$E$4,'liste action'!$D$4,IF(E17='liste action'!$E$5,'liste action'!$D$5,IF(E17='liste action'!$E$6,'liste action'!$D$6,IF(E17='liste action'!$E$7,'liste action'!$D$7,IF(E17='liste action'!$E$8,'liste action'!$D$8,IF(E17='liste action'!$E$9,'liste action'!$D$9,IF(E17='liste action'!$E$10,'liste action'!$D$10,IF(E17='liste action'!$E$11,'liste action'!$D$11,IF(E17='liste action'!$E$12,'liste action'!$D$12,IF(E17='liste action'!$E$13,'liste action'!$D$13,IF(E17='liste action'!$E$14,'liste action'!$D$14,IF(E17='liste action'!$E$15,'liste action'!$D$15,IF(E17='liste action'!$E$16,'liste action'!$D$16,IF(E17='liste action'!$E$17,'liste action'!$D$17,IF(E17='liste action'!$E$18,'liste action'!$D$18,IF(E17='liste action'!$E$19,'liste action'!$D$19,IF(E17='liste action'!$E$20,'liste action'!$D$20,IF(E17='liste action'!$E$21,'liste action'!$D$21,IF(E17='liste action'!$E$22,'liste action'!$D$22,IF(E17='liste action'!$E$23,'liste action'!$D$23,IF(E17='liste action'!$E$24,'liste action'!$D$24,IF(E17='liste action'!$E$25,'liste action'!$D$25,IF(E17='liste action'!$E$26,'liste action'!$D$26,IF(E17='liste action'!$E$27,'liste action'!$D$27,IF(E17='liste action'!$E$28,'liste action'!$D$28,IF(E17='liste action'!$E$29,'liste action'!$D$29,IF(E17='liste action'!$E$30,'liste action'!$D$30,IF(E17='liste action'!$E$31,'liste action'!$D$31,IF(E17='liste action'!$E$32,'liste action'!$D$32,IF(E17='liste action'!$E$33,'liste action'!$D$33,IF(E17='liste action'!$E$34,'liste action'!$D$34,IF(E17='liste action'!$E$35,'liste action'!$D$35,IF(E17='liste action'!$E$36,'liste action'!$D$36,IF(E17='liste action'!$E$37,'liste action'!$D$37,IF(E17='liste action'!$E$38,'liste action'!$D$38,IF(E17='liste action'!$E$39,'liste action'!$D$39,IF(E17='liste action'!$E$40,'liste action'!$D$40,IF(E17='liste action'!$E$41,'liste action'!$D$41,IF(E17='liste action'!$E$42,'liste action'!$D$42,IF(E17='liste action'!$E$43,'liste action'!$D$43,IF(E17='liste action'!$E$44,'liste action'!$D$44,IF(E17='liste action'!$E$45,'liste action'!$D$45,IF(E17='liste action'!$E$46,'liste action'!$D$46,IF(E17='liste action'!$E$47,'liste action'!$D$47,IF(E17='liste action'!$E$48,'liste action'!$D$48,IF(E17='liste action'!$E$49,'liste action'!$D$49,IF(E17='liste action'!$E$50,'liste action'!$D$50,IF(E17='liste action'!$E$51,'liste action'!$D$51,IF(E17='liste action'!$E$52,'liste action'!$D$52,IF(E17='liste action'!$E$53,'liste action'!$D$53,IF(E17='liste action'!$E$54,'liste action'!$D$54,IF(E17='liste action'!$E$55,'liste action'!$D$55,IF(E17='liste action'!$E$56,'liste action'!$D$56,IF(E17='liste action'!$E$57,'liste action'!$D$57,IF(E17='liste action'!$E$58,'liste action'!$D$58,IF(E17='liste action'!$E$59,'liste action'!$D$59,IF(E17='liste action'!$E$60,'liste action'!$D$60,IF(E17='liste action'!$E$61,'liste action'!$D$61,IF(E17='liste action'!$E$62,'liste action'!$D$62,IF(E17='liste action'!$E$63,'liste action'!$D$63,IF(E17='liste action'!$E$64,'liste action'!$D$64,""))))))))))))))))))))))))))))))))))))))))))))))))))))))))))))))) -> SGE | AH17: =CONCATENATE(AE17,AF17,AG17) -> IDNZZ80SGE | AI17: =K17 -> 0 | AJ17: =N17 -> 0 | AK17: =L17 -> 0 | AL17: =O17 -> 0 | AM17: =M17 -> 3.7 | AN17: =P17 -> 3.7 | AO17: =SUM(AI17:AN17) -> 7.4 | AP17: =IF(D17="T",2,IF(D17="CP",0,IF(D17="TF",2,IF(D17="TM",0,IF(D17="JF",0,IF(D17="RTT",0,IF(D17="JNT",0,"0"))))))) -> 0 | AQ17: =IF(E17="T",3,IF(E17="CP",0,IF(E17="TF",3,IF(E17="TM",0,IF(E17="JF",0,IF(E17="RTT",0,IF(E17="JNT",0,"0"))))))) -> 0 | AR17: =AP17+AQ17 -> 0 | AS17: =IF(AR17=5,$AS$7,IF(AR17=2,$AS$8,IF(AR17=3,$AS$9,IF(AR17=0,#REF!)))) -> #REF! | AT17: =IF(AND(D17="CP",E17="CP"),1,IF(AND(D17="CP",E17<>"CP"),0.5,IF(AND(D17<>"CP",E17="CP"),0.5,0))) -> 1 | AU17: =IF(D17="RTT",0.5,0) -> 0 | AV17: =IF(E17="RTT",0.5,0) -> 0 | AW17: =SUM(AU17:AV17) -> 0 | AX17: =IF(D17="TM",0.5,0) -> 0 | AY17: =IF(E17="TM",0.5,0) -> 0 | AZ17: =SUM(AX17:AY17) -> 0 | BA17: =AZ17/1547*17 -> 0
B18: Samedi | C18: 43470 | S18: =IF(C18="","",IF(D18="","",AW18)) | T18: =IF(C18="","",IF(D18="","",AT18)) | Z18: =W18+X18+Y18 -> 0 | AA18: =IF(H18="",LEFT($F$2,3),H18) -> IDN | AB18: =IF(AC18='liste action'!$D$2,'liste action'!$C$2,IF(AC18='liste action'!$D$3,'liste action'!$C$3,IF(AC18='liste action'!$D$4,'liste action'!$C$4,IF(AC18='liste action'!$D$5,'liste action'!$C$5,IF(AC18='liste action'!$D$6,'liste action'!$C$6,IF(AC18='liste action'!$D$7,'liste action'!$C$7,IF(AC18='liste action'!$D$8,'liste action'!$C$8,IF(AC18='liste action'!$D$9,'liste action'!$C$9,IF(AC18='liste action'!$D$10,'liste action'!$C$10,IF(AC18='liste action'!$D$11,'liste action'!$C$11,IF(AC18='liste action'!$D$12,'liste action'!$C$12,IF(AC18='liste action'!$D$13,'liste action'!$C$13,IF(AC18='liste action'!$D$14,'liste action'!$C$14,IF(AC18='liste action'!$D$15,'liste action'!$C$15,IF(AC18='liste action'!$D$16,'liste action'!$C$16,IF(AC18='liste action'!$D$17,'liste action'!$C$17,IF(AC18='liste action'!$D$18,'liste action'!$C$18,IF(AC18='liste action'!$D$19,'liste action'!$C$19,IF(AC18='liste action'!$D$20,'liste action'!$C$20,IF(AC18='liste action'!$D$21,'liste action'!$C$21,IF(AC18='liste action'!$D$22,'liste action'!$C$22,IF(AC18='liste action'!$D$23,'liste action'!$C$23,IF(AC18='liste action'!$D$24,'liste action'!$C$24,IF(AC18='liste action'!$D$25,'liste action'!$C$25,IF(AC18='liste action'!$D$26,'liste action'!$C$26,IF(AC18='liste action'!$D$27,'liste action'!$C$27,IF(AC18='liste action'!$D$28,'liste action'!$C$28,IF(AC18='liste action'!$D$29,'liste action'!$C$29,IF(AC18='liste action'!$D$30,'liste action'!$C$30,IF(AC18='liste action'!$D$31,'liste action'!$C$31,IF(AC18='liste action'!$D$32,'liste action'!$C$32,IF(AC18='liste action'!$D$33,'liste action'!$C$33,IF(AC18='liste action'!$D$34,'liste action'!$C$34,IF(AC18='liste action'!$D$35,'liste action'!$C$35,IF(AC18='liste action'!$D$36,'liste action'!$C$36,IF(AC18='liste action'!$D$37,'liste action'!$C$37,IF(AC18='liste action'!$D$38,'liste action'!$C$38,IF(AC18='liste action'!$D$39,'liste action'!$C$39,IF(AC18='liste action'!$D$40,'liste action'!$C$40,IF(AC18='liste action'!$D$41,'liste action'!$C$41,IF(AC18='liste action'!$D$42,'liste action'!$C$42,IF(AC18='liste action'!$D$43,'liste action'!$C$43,IF(AC18='liste action'!$D$44,'liste action'!$C$44,IF(AC18='liste action'!$D$45,'liste action'!$C$45,IF(AC18='liste action'!$D$46,'liste action'!$C$46,IF(AC18='liste action'!$D$47,'liste action'!$C$47,IF(AC18='liste action'!$D$48,'liste action'!$C$48,IF(AC18='liste action'!$D$49,'liste action'!$C$49,IF(AC18='liste action'!$D$50,'liste action'!$C$50,IF(AC18='liste action'!$D$51,'liste action'!$C$51,IF(AC18='liste action'!$D$52,'liste action'!$C$52,IF(AC18='liste action'!$D$53,'liste action'!$C$53,IF(AC18='liste action'!$D$54,'liste action'!$C$54,IF(AC18='liste action'!$D$55,'liste action'!$C$55,IF(AC18='liste action'!$D$56,'liste action'!$C$56,IF(AC18='liste action'!$D$57,'liste action'!$C$57,IF(AC18='liste action'!$D$58,'liste action'!$C$58,IF(AC18='liste action'!$D$59,'liste action'!$C$59,IF(AC18='liste action'!$D$60,'liste action'!$C$60,IF(AC18='liste action'!$D$61,'liste action'!$C$61,IF(AC18='liste action'!$D$62,'liste action'!$C$62,IF(AC18='liste action'!$D$63,'liste action'!$C$63,IF(AC18='liste action'!$D$64,'liste action'!$C$64,""))))))))))))))))))))))))))))))))))))))))))))))))))))))))))))))) | AC18: =IF(D18='liste action'!$E$2,'liste action'!$D$2,IF(D18='liste action'!$E$3,'liste action'!$D$3,IF(D18='liste action'!$E$4,'liste action'!$D$4,IF(D18='liste action'!$E$5,'liste action'!$D$5,IF(D18='liste action'!$E$6,'liste action'!$D$6,IF(D18='liste action'!$E$7,'liste action'!$D$7,IF(D18='liste action'!$E$8,'liste action'!$D$8,IF(D18='liste action'!$E$9,'liste action'!$D$9,IF(D18='liste action'!$E$10,'liste action'!$D$10,IF(D18='liste action'!$E$11,'liste action'!$D$11,IF(D18='liste action'!$E$12,'liste action'!$D$12,IF(D18='liste action'!$E$13,'liste action'!$D$13,IF(D18='liste action'!$E$14,'liste action'!$D$14,IF(D18='liste action'!$E$15,'liste action'!$D$15,IF(D18='liste action'!$E$16,'liste action'!$D$16,IF(D18='liste action'!$E$17,'liste action'!$D$17,IF(D18='liste action'!$E$18,'liste action'!$D$18,IF(D18='liste action'!$E$19,'liste action'!$D$19,IF(D18='liste action'!$E$20,'liste action'!$D$20,IF(D18='liste action'!$E$21,'liste action'!$D$21,IF(D18='liste action'!$E$22,'liste action'!$D$22,IF(D18='liste action'!$E$23,'liste action'!$D$23,IF(D18='liste action'!$E$24,'liste action'!$D$24,IF(D18='liste action'!$E$25,'liste action'!$D$25,IF(D18='liste action'!$E$26,'liste action'!$D$26,IF(D18='liste action'!$E$27,'liste action'!$D$27,IF(D18='liste action'!$E$28,'liste action'!$D$28,IF(D18='liste action'!$E$29,'liste action'!$D$29,IF(D18='liste action'!$E$30,'liste action'!$D$30,IF(D18='liste action'!$E$31,'liste action'!$D$31,IF(D18='liste action'!$E$32,'liste action'!$D$32,IF(D18='liste action'!$E$33,'liste action'!$D$33,IF(D18='liste action'!$E$34,'liste action'!$D$34,IF(D18='liste action'!$E$35,'liste action'!$D$35,IF(D18='liste action'!$E$36,'liste action'!$D$36,IF(D18='liste action'!$E$37,'liste action'!$D$37,IF(D18='liste action'!$E$38,'liste action'!$D$38,IF(D18='liste action'!$E$39,'liste action'!$D$39,IF(D18='liste action'!$E$40,'liste action'!$D$40,IF(D18='liste action'!$E$41,'liste action'!$D$41,IF(D18='liste action'!$E$42,'liste action'!$D$42,IF(D18='liste action'!$E$43,'liste action'!$D$43,IF(D18='liste action'!$E$44,'liste action'!$D$44,IF(D18='liste action'!$E$45,'liste action'!$D$45,IF(D18='liste action'!$E$46,'liste action'!$D$46,IF(D18='liste action'!$E$47,'liste action'!$D$47,IF(D18='liste action'!$E$48,'liste action'!$D$48,IF(D18='liste action'!$E$49,'liste action'!$D$49,IF(D18='liste action'!$E$50,'liste action'!$D$50,IF(D18='liste action'!$E$51,'liste action'!$D$51,IF(D18='liste action'!$E$52,'liste action'!$D$52,IF(D18='liste action'!$E$53,'liste action'!$D$53,IF(D18='liste action'!$E$54,'liste action'!$D$54,IF(D18='liste action'!$E$55,'liste action'!$D$55,IF(D18='liste action'!$E$56,'liste action'!$D$56,IF(D18='liste action'!$E$57,'liste action'!$D$57,IF(D18='liste action'!$E$58,'liste action'!$D$58,IF(D18='liste action'!$E$59,'liste action'!$D$59,IF(D18='liste action'!$E$60,'liste action'!$D$60,IF(D18='liste action'!$E$61,'liste action'!$D$61,IF(D18='liste action'!$E$62,'liste action'!$D$62,IF(D18='liste action'!$E$63,'liste action'!$D$63,IF(D18='liste action'!$E$64,'liste action'!$D$64,""))))))))))))))))))))))))))))))))))))))))))))))))))))))))))))))) | AD18: =CONCATENATE(AA18,AB18,AC18) -> IDN | AE18: =IF(I18="",LEFT($F$2,3),I18) -> IDN | AF18: =IF(AG18='liste action'!$D$2,'liste action'!$C$2,IF(AG18='liste action'!$D$3,'liste action'!$C$3,IF(AG18='liste action'!$D$4,'liste action'!$C$4,IF(AG18='liste action'!$D$5,'liste action'!$C$5,IF(AG18='liste action'!$D$6,'liste action'!$C$6,IF(AG18='liste action'!$D$7,'liste action'!$C$7,IF(AG18='liste action'!$D$8,'liste action'!$C$8,IF(AG18='liste action'!$D$9,'liste action'!$C$9,IF(AG18='liste action'!$D$10,'liste action'!$C$10,IF(AG18='liste action'!$D$11,'liste action'!$C$11,IF(AG18='liste action'!$D$12,'liste action'!$C$12,IF(AG18='liste action'!$D$13,'liste action'!$C$13,IF(AG18='liste action'!$D$14,'liste action'!$C$14,IF(AG18='liste action'!$D$15,'liste action'!$C$15,IF(AG18='liste action'!$D$16,'liste action'!$C$16,IF(AG18='liste action'!$D$17,'liste action'!$C$17,IF(AG18='liste action'!$D$18,'liste action'!$C$18,IF(AG18='liste action'!$D$19,'liste action'!$C$19,IF(AG18='liste action'!$D$20,'liste action'!$C$20,IF(AG18='liste action'!$D$21,'liste action'!$C$21,IF(AG18='liste action'!$D$22,'liste action'!$C$22,IF(AG18='liste action'!$D$23,'liste action'!$C$23,IF(AG18='liste action'!$D$24,'liste action'!$C$24,IF(AG18='liste action'!$D$25,'liste action'!$C$25,IF(AG18='liste action'!$D$26,'liste action'!$C$26,IF(AG18='liste action'!$D$27,'liste action'!$C$27,IF(AG18='liste action'!$D$28,'liste action'!$C$28,IF(AG18='liste action'!$D$29,'liste action'!$C$29,IF(AG18='liste action'!$D$30,'liste action'!$C$30,IF(AG18='liste action'!$D$31,'liste action'!$C$31,IF(AG18='liste action'!$D$32,'liste action'!$C$32,IF(AG18='liste action'!$D$33,'liste action'!$C$33,IF(AG18='liste action'!$D$34,'liste action'!$C$34,IF(AG18='liste action'!$D$35,'liste action'!$C$35,IF(AG18='liste action'!$D$36,'liste action'!$C$36,IF(AG18='liste action'!$D$37,'liste action'!$C$37,IF(AG18='liste action'!$D$38,'liste action'!$C$38,IF(AG18='liste action'!$D$39,'liste action'!$C$39,IF(AG18='liste action'!$D$40,'liste action'!$C$40,IF(AG18='liste action'!$D$41,'liste action'!$C$41,IF(AG18='liste action'!$D$42,'liste action'!$C$42,IF(AG18='liste action'!$D$43,'liste action'!$C$43,IF(AG18='liste action'!$D$44,'liste action'!$C$44,IF(AG18='liste action'!$D$45,'liste action'!$C$45,IF(AG18='liste action'!$D$46,'liste action'!$C$46,IF(AG18='liste action'!$D$47,'liste action'!$C$47,IF(AG18='liste action'!$D$48,'liste action'!$C$48,IF(AG18='liste action'!$D$49,'liste action'!$C$49,IF(AG18='liste action'!$D$50,'liste action'!$C$50,IF(AG18='liste action'!$D$51,'liste action'!$C$51,IF(AG18='liste action'!$D$52,'liste action'!$C$52,IF(AG18='liste action'!$D$53,'liste action'!$C$53,IF(AG18='liste action'!$D$54,'liste action'!$C$54,IF(AG18='liste action'!$D$55,'liste action'!$C$55,IF(AG18='liste action'!$D$56,'liste action'!$C$56,IF(AG18='liste action'!$D$57,'liste action'!$C$57,IF(AG18='liste action'!$D$58,'liste action'!$C$58,IF(AG18='liste action'!$D$59,'liste action'!$C$59,IF(AG18='liste action'!$D$60,'liste action'!$C$60,IF(AG18='liste action'!$D$61,'liste action'!$C$61,IF(AG18='liste action'!$D$62,'liste action'!$C$62,IF(AG18='liste action'!$D$63,'liste action'!$C$63,IF(AG18='liste action'!$D$64,'liste action'!$C$64,""))))))))))))))))))))))))))))))))))))))))))))))))))))))))))))))) | AG18: =IF(E18='liste action'!$E$2,'liste action'!$D$2,IF(E18='liste action'!$E$3,'liste action'!$D$3,IF(E18='liste action'!$E$4,'liste action'!$D$4,IF(E18='liste action'!$E$5,'liste action'!$D$5,IF(E18='liste action'!$E$6,'liste action'!$D$6,IF(E18='liste action'!$E$7,'liste action'!$D$7,IF(E18='liste action'!$E$8,'liste action'!$D$8,IF(E18='liste action'!$E$9,'liste action'!$D$9,IF(E18='liste action'!$E$10,'liste action'!$D$10,IF(E18='liste action'!$E$11,'liste action'!$D$11,IF(E18='liste action'!$E$12,'liste action'!$D$12,IF(E18='liste action'!$E$13,'liste action'!$D$13,IF(E18='liste action'!$E$14,'liste action'!$D$14,IF(E18='liste action'!$E$15,'liste action'!$D$15,IF(E18='liste action'!$E$16,'liste action'!$D$16,IF(E18='liste action'!$E$17,'liste action'!$D$17,IF(E18='liste action'!$E$18,'liste action'!$D$18,IF(E18='liste action'!$E$19,'liste action'!$D$19,IF(E18='liste action'!$E$20,'liste action'!$D$20,IF(E18='liste action'!$E$21,'liste action'!$D$21,IF(E18='liste action'!$E$22,'liste action'!$D$22,IF(E18='liste action'!$E$23,'liste action'!$D$23,IF(E18='liste action'!$E$24,'liste action'!$D$24,IF(E18='liste action'!$E$25,'liste action'!$D$25,IF(E18='liste action'!$E$26,'liste action'!$D$26,IF(E18='liste action'!$E$27,'liste action'!$D$27,IF(E18='liste action'!$E$28,'liste action'!$D$28,IF(E18='liste action'!$E$29,'liste action'!$D$29,IF(E18='liste action'!$E$30,'liste action'!$D$30,IF(E18='liste action'!$E$31,'liste action'!$D$31,IF(E18='liste action'!$E$32,'liste action'!$D$32,IF(E18='liste action'!$E$33,'liste action'!$D$33,IF(E18='liste action'!$E$34,'liste action'!$D$34,IF(E18='liste action'!$E$35,'liste action'!$D$35,IF(E18='liste action'!$E$36,'liste action'!$D$36,IF(E18='liste action'!$E$37,'liste action'!$D$37,IF(E18='liste action'!$E$38,'liste action'!$D$38,IF(E18='liste action'!$E$39,'liste action'!$D$39,IF(E18='liste action'!$E$40,'liste action'!$D$40,IF(E18='liste action'!$E$41,'liste action'!$D$41,IF(E18='liste action'!$E$42,'liste action'!$D$42,IF(E18='liste action'!$E$43,'liste action'!$D$43,IF(E18='liste action'!$E$44,'liste action'!$D$44,IF(E18='liste action'!$E$45,'liste action'!$D$45,IF(E18='liste action'!$E$46,'liste action'!$D$46,IF(E18='liste action'!$E$47,'liste action'!$D$47,IF(E18='liste action'!$E$48,'liste action'!$D$48,IF(E18='liste action'!$E$49,'liste action'!$D$49,IF(E18='liste action'!$E$50,'liste action'!$D$50,IF(E18='liste action'!$E$51,'liste action'!$D$51,IF(E18='liste action'!$E$52,'liste action'!$D$52,IF(E18='liste action'!$E$53,'liste action'!$D$53,IF(E18='liste action'!$E$54,'liste action'!$D$54,IF(E18='liste action'!$E$55,'liste action'!$D$55,IF(E18='liste action'!$E$56,'liste action'!$D$56,IF(E18='liste action'!$E$57,'liste action'!$D$57,IF(E18='liste action'!$E$58,'liste action'!$D$58,IF(E18='liste action'!$E$59,'liste action'!$D$59,IF(E18='liste action'!$E$60,'liste action'!$D$60,IF(E18='liste action'!$E$61,'liste action'!$D$61,IF(E18='liste action'!$E$62,'liste action'!$D$62,IF(E18='liste action'!$E$63,'liste action'!$D$63,IF(E18='liste action'!$E$64,'liste action'!$D$64,""))))))))))))))))))))))))))))))))))))))))))))))))))))))))))))))) | AH18: =CONCATENATE(AE18,AF18,AG18) -> IDN | AI18: =K18 -> 0 | AJ18: =N18 -> 0 | AK18: =L18 -> 0 | AL18: =O18 -> 0 | AM18: =M18 -> 0 | AN18: =P18 -> 0 | AO18: =SUM(AI18:AN18) -> 0 | AP18: =IF(D18="T",2,IF(D18="CP",0,IF(D18="TF",2,IF(D18="TM",0,IF(D18="JF",0,IF(D18="RTT",0,IF(D18="JNT",0,"0"))))))) -> 0 | AQ18: =IF(E18="T",3,IF(E18="CP",0,IF(E18="TF",3,IF(E18="TM",0,IF(E18="JF",0,IF(E18="RTT",0,IF(E18="JNT",0,"0"))))))) -> 0 | AR18: =AP18+AQ18 -> 0 | AS18: =IF(AR18=5,$AS$7,IF(AR18=2,$AS$8,IF(AR18=3,$AS$9,IF(AR18=0,#REF!)))) -> #REF! | AT18: =IF(AND(D18="CP",E18="CP"),1,IF(AND(D18="CP",E18<>"CP"),0.5,IF(AND(D18<>"CP",E18="CP"),0.5,0))) -> 0 | AU18: =IF(D18="RTT",0.5,0) -> 0 | AV18: =IF(E18="RTT",0.5,0) -> 0 | AW18: =SUM(AU18:AV18) -> 0 | AX18: =IF(D18="TM",0.5,0) -> 0 | AY18: =IF(E18="TM",0.5,0) -> 0 | AZ18: =SUM(AX18:AY18) -> 0 | BA18: =AZ18/1547*17 -> 0
B19: Dimanche | C19: 43471 | S19: =IF(C19="","",IF(D19="","",AW19)) | T19: =IF(C19="","",IF(D19="","",AT19)) | Z19: =W19+X19+Y19 -> 0 | AA19: =IF(H19="",LEFT($F$2,3),H19) -> IDN | AB19: =IF(AC19='liste action'!$D$2,'liste action'!$C$2,IF(AC19='liste action'!$D$3,'liste action'!$C$3,IF(AC19='liste action'!$D$4,'liste action'!$C$4,IF(AC19='liste action'!$D$5,'liste action'!$C$5,IF(AC19='liste action'!$D$6,'liste action'!$C$6,IF(AC19='liste action'!$D$7,'liste action'!$C$7,IF(AC19='liste action'!$D$8,'liste action'!$C$8,IF(AC19='liste action'!$D$9,'liste action'!$C$9,IF(AC19='liste action'!$D$10,'liste action'!$C$10,IF(AC19='liste action'!$D$11,'liste action'!$C$11,IF(AC19='liste action'!$D$12,'liste action'!$C$12,IF(AC19='liste action'!$D$13,'liste action'!$C$13,IF(AC19='liste action'!$D$14,'liste action'!$C$14,IF(AC19='liste action'!$D$15,'liste action'!$C$15,IF(AC19='liste action'!$D$16,'liste action'!$C$16,IF(AC19='liste action'!$D$17,'liste action'!$C$17,IF(AC19='liste action'!$D$18,'liste action'!$C$18,IF(AC19='liste action'!$D$19,'liste action'!$C$19,IF(AC19='liste action'!$D$20,'liste action'!$C$20,IF(AC19='liste action'!$D$21,'liste action'!$C$21,IF(AC19='liste action'!$D$22,'liste action'!$C$22,IF(AC19='liste action'!$D$23,'liste action'!$C$23,IF(AC19='liste action'!$D$24,'liste action'!$C$24,IF(AC19='liste action'!$D$25,'liste action'!$C$25,IF(AC19='liste action'!$D$26,'liste action'!$C$26,IF(AC19='liste action'!$D$27,'liste action'!$C$27,IF(AC19='liste action'!$D$28,'liste action'!$C$28,IF(AC19='liste action'!$D$29,'liste action'!$C$29,IF(AC19='liste action'!$D$30,'liste action'!$C$30,IF(AC19='liste action'!$D$31,'liste action'!$C$31,IF(AC19='liste action'!$D$32,'liste action'!$C$32,IF(AC19='liste action'!$D$33,'liste action'!$C$33,IF(AC19='liste action'!$D$34,'liste action'!$C$34,IF(AC19='liste action'!$D$35,'liste action'!$C$35,IF(AC19='liste action'!$D$36,'liste action'!$C$36,IF(AC19='liste action'!$D$37,'liste action'!$C$37,IF(AC19='liste action'!$D$38,'liste action'!$C$38,IF(AC19='liste action'!$D$39,'liste action'!$C$39,IF(AC19='liste action'!$D$40,'liste action'!$C$40,IF(AC19='liste action'!$D$41,'liste action'!$C$41,IF(AC19='liste action'!$D$42,'liste action'!$C$42,IF(AC19='liste action'!$D$43,'liste action'!$C$43,IF(AC19='liste action'!$D$44,'liste action'!$C$44,IF(AC19='liste action'!$D$45,'liste action'!$C$45,IF(AC19='liste action'!$D$46,'liste action'!$C$46,IF(AC19='liste action'!$D$47,'liste action'!$C$47,IF(AC19='liste action'!$D$48,'liste action'!$C$48,IF(AC19='liste action'!$D$49,'liste action'!$C$49,IF(AC19='liste action'!$D$50,'liste action'!$C$50,IF(AC19='liste action'!$D$51,'liste action'!$C$51,IF(AC19='liste action'!$D$52,'liste action'!$C$52,IF(AC19='liste action'!$D$53,'liste action'!$C$53,IF(AC19='liste action'!$D$54,'liste action'!$C$54,IF(AC19='liste action'!$D$55,'liste action'!$C$55,IF(AC19='liste action'!$D$56,'liste action'!$C$56,IF(AC19='liste action'!$D$57,'liste action'!$C$57,IF(AC19='liste action'!$D$58,'liste action'!$C$58,IF(AC19='liste action'!$D$59,'liste action'!$C$59,IF(AC19='liste action'!$D$60,'liste action'!$C$60,IF(AC19='liste action'!$D$61,'liste action'!$C$61,IF(AC19='liste action'!$D$62,'liste action'!$C$62,IF(AC19='liste action'!$D$63,'liste action'!$C$63,IF(AC19='liste action'!$D$64,'liste action'!$C$64,""))))))))))))))))))))))))))))))))))))))))))))))))))))))))))))))) | AC19: =IF(D19='liste action'!$E$2,'liste action'!$D$2,IF(D19='liste action'!$E$3,'liste action'!$D$3,IF(D19='liste action'!$E$4,'liste action'!$D$4,IF(D19='liste action'!$E$5,'liste action'!$D$5,IF(D19='liste action'!$E$6,'liste action'!$D$6,IF(D19='liste action'!$E$7,'liste action'!$D$7,IF(D19='liste action'!$E$8,'liste action'!$D$8,IF(D19='liste action'!$E$9,'liste action'!$D$9,IF(D19='liste action'!$E$10,'liste action'!$D$10,IF(D19='liste action'!$E$11,'liste action'!$D$11,IF(D19='liste action'!$E$12,'liste action'!$D$12,IF(D19='liste action'!$E$13,'liste action'!$D$13,IF(D19='liste action'!$E$14,'liste action'!$D$14,IF(D19='liste action'!$E$15,'liste action'!$D$15,IF(D19='liste action'!$E$16,'liste action'!$D$16,IF(D19='liste action'!$E$17,'liste action'!$D$17,IF(D19='liste action'!$E$18,'liste action'!$D$18,IF(D19='liste action'!$E$19,'liste action'!$D$19,IF(D19='liste action'!$E$20,'liste action'!$D$20,IF(D19='liste action'!$E$21,'liste action'!$D$21,IF(D19='liste action'!$E$22,'liste action'!$D$22,IF(D19='liste action'!$E$23,'liste action'!$D$23,IF(D19='liste action'!$E$24,'liste action'!$D$24,IF(D19='liste action'!$E$25,'liste action'!$D$25,IF(D19='liste action'!$E$26,'liste action'!$D$26,IF(D19='liste action'!$E$27,'liste action'!$D$27,IF(D19='liste action'!$E$28,'liste action'!$D$28,IF(D19='liste action'!$E$29,'liste action'!$D$29,IF(D19='liste action'!$E$30,'liste action'!$D$30,IF(D19='liste action'!$E$31,'liste action'!$D$31,IF(D19='liste action'!$E$32,'liste action'!$D$32,IF(D19='liste action'!$E$33,'liste action'!$D$33,IF(D19='liste action'!$E$34,'liste action'!$D$34,IF(D19='liste action'!$E$35,'liste action'!$D$35,IF(D19='liste action'!$E$36,'liste action'!$D$36,IF(D19='liste action'!$E$37,'liste action'!$D$37,IF(D19='liste action'!$E$38,'liste action'!$D$38,IF(D19='liste action'!$E$39,'liste action'!$D$39,IF(D19='liste action'!$E$40,'liste action'!$D$40,IF(D19='liste action'!$E$41,'liste action'!$D$41,IF(D19='liste action'!$E$42,'liste action'!$D$42,IF(D19='liste action'!$E$43,'liste action'!$D$43,IF(D19='liste action'!$E$44,'liste action'!$D$44,IF(D19='liste action'!$E$45,'liste action'!$D$45,IF(D19='liste action'!$E$46,'liste action'!$D$46,IF(D19='liste action'!$E$47,'liste action'!$D$47,IF(D19='liste action'!$E$48,'liste action'!$D$48,IF(D19='liste action'!$E$49,'liste action'!$D$49,IF(D19='liste action'!$E$50,'liste action'!$D$50,IF(D19='liste action'!$E$51,'liste action'!$D$51,IF(D19='liste action'!$E$52,'liste action'!$D$52,IF(D19='liste action'!$E$53,'liste action'!$D$53,IF(D19='liste action'!$E$54,'liste action'!$D$54,IF(D19='liste action'!$E$55,'liste action'!$D$55,IF(D19='liste action'!$E$56,'liste action'!$D$56,IF(D19='liste action'!$E$57,'liste action'!$D$57,IF(D19='liste action'!$E$58,'liste action'!$D$58,IF(D19='liste action'!$E$59,'liste action'!$D$59,IF(D19='liste action'!$E$60,'liste action'!$D$60,IF(D19='liste action'!$E$61,'liste action'!$D$61,IF(D19='liste action'!$E$62,'liste action'!$D$62,IF(D19='liste action'!$E$63,'liste action'!$D$63,IF(D19='liste action'!$E$64,'liste action'!$D$64,""))))))))))))))))))))))))))))))))))))))))))))))))))))))))))))))) | AD19: =CONCATENATE(AA19,AB19,AC19) -> IDN | AE19: =IF(I19="",LEFT($F$2,3),I19) -> IDN | AF19: =IF(AG19='liste action'!$D$2,'liste action'!$C$2,IF(AG19='liste action'!$D$3,'liste action'!$C$3,IF(AG19='liste action'!$D$4,'liste action'!$C$4,IF(AG19='liste action'!$D$5,'liste action'!$C$5,IF(AG19='liste action'!$D$6,'liste action'!$C$6,IF(AG19='liste action'!$D$7,'liste action'!$C$7,IF(AG19='liste action'!$D$8,'liste action'!$C$8,IF(AG19='liste action'!$D$9,'liste action'!$C$9,IF(AG19='liste action'!$D$10,'liste action'!$C$10,IF(AG19='liste action'!$D$11,'liste action'!$C$11,IF(AG19='liste action'!$D$12,'liste action'!$C$12,IF(AG19='liste action'!$D$13,'liste action'!$C$13,IF(AG19='liste action'!$D$14,'liste action'!$C$14,IF(AG19='liste action'!$D$15,'liste action'!$C$15,IF(AG19='liste action'!$D$16,'liste action'!$C$16,IF(AG19='liste action'!$D$17,'liste action'!$C$17,IF(AG19='liste action'!$D$18,'liste action'!$C$18,IF(AG19='liste action'!$D$19,'liste action'!$C$19,IF(AG19='liste action'!$D$20,'liste action'!$C$20,IF(AG19='liste action'!$D$21,'liste action'!$C$21,IF(AG19='liste action'!$D$22,'liste action'!$C$22,IF(AG19='liste action'!$D$23,'liste action'!$C$23,IF(AG19='liste action'!$D$24,'liste action'!$C$24,IF(AG19='liste action'!$D$25,'liste action'!$C$25,IF(AG19='liste action'!$D$26,'liste action'!$C$26,IF(AG19='liste action'!$D$27,'liste action'!$C$27,IF(AG19='liste action'!$D$28,'liste action'!$C$28,IF(AG19='liste action'!$D$29,'liste action'!$C$29,IF(AG19='liste action'!$D$30,'liste action'!$C$30,IF(AG19='liste action'!$D$31,'liste action'!$C$31,IF(AG19='liste action'!$D$32,'liste action'!$C$32,IF(AG19='liste action'!$D$33,'liste action'!$C$33,IF(AG19='liste action'!$D$34,'liste action'!$C$34,IF(AG19='liste action'!$D$35,'liste action'!$C$35,IF(AG19='liste action'!$D$36,'liste action'!$C$36,IF(AG19='liste action'!$D$37,'liste action'!$C$37,IF(AG19='liste action'!$D$38,'liste action'!$C$38,IF(AG19='liste action'!$D$39,'liste action'!$C$39,IF(AG19='liste action'!$D$40,'liste action'!$C$40,IF(AG19='liste action'!$D$41,'liste action'!$C$41,IF(AG19='liste action'!$D$42,'liste action'!$C$42,IF(AG19='liste action'!$D$43,'liste action'!$C$43,IF(AG19='liste action'!$D$44,'liste action'!$C$44,IF(AG19='liste action'!$D$45,'liste action'!$C$45,IF(AG19='liste action'!$D$46,'liste action'!$C$46,IF(AG19='liste action'!$D$47,'liste action'!$C$47,IF(AG19='liste action'!$D$48,'liste action'!$C$48,IF(AG19='liste action'!$D$49,'liste action'!$C$49,IF(AG19='liste action'!$D$50,'liste action'!$C$50,IF(AG19='liste action'!$D$51,'liste action'!$C$51,IF(AG19='liste action'!$D$52,'liste action'!$C$52,IF(AG19='liste action'!$D$53,'liste action'!$C$53,IF(AG19='liste action'!$D$54,'liste action'!$C$54,IF(AG19='liste action'!$D$55,'liste action'!$C$55,IF(AG19='liste action'!$D$56,'liste action'!$C$56,IF(AG19='liste action'!$D$57,'liste action'!$C$57,IF(AG19='liste action'!$D$58,'liste action'!$C$58,IF(AG19='liste action'!$D$59,'liste action'!$C$59,IF(AG19='liste action'!$D$60,'liste action'!$C$60,IF(AG19='liste action'!$D$61,'liste action'!$C$61,IF(AG19='liste action'!$D$62,'liste action'!$C$62,IF(AG19='liste action'!$D$63,'liste action'!$C$63,IF(AG19='liste action'!$D$64,'liste action'!$C$64,""))))))))))))))))))))))))))))))))))))))))))))))))))))))))))))))) | AG19: =IF(E19='liste action'!$E$2,'liste action'!$D$2,IF(E19='liste action'!$E$3,'liste action'!$D$3,IF(E19='liste action'!$E$4,'liste action'!$D$4,IF(E19='liste action'!$E$5,'liste action'!$D$5,IF(E19='liste action'!$E$6,'liste action'!$D$6,IF(E19='liste action'!$E$7,'liste action'!$D$7,IF(E19='liste action'!$E$8,'liste action'!$D$8,IF(E19='liste action'!$E$9,'liste action'!$D$9,IF(E19='liste action'!$E$10,'liste action'!$D$10,IF(E19='liste action'!$E$11,'liste action'!$D$11,IF(E19='liste action'!$E$12,'liste action'!$D$12,IF(E19='liste action'!$E$13,'liste action'!$D$13,IF(E19='liste action'!$E$14,'liste action'!$D$14,IF(E19='liste action'!$E$15,'liste action'!$D$15,IF(E19='liste action'!$E$16,'liste action'!$D$16,IF(E19='liste action'!$E$17,'liste action'!$D$17,IF(E19='liste action'!$E$18,'liste action'!$D$18,IF(E19='liste action'!$E$19,'liste action'!$D$19,IF(E19='liste action'!$E$20,'liste action'!$D$20,IF(E19='liste action'!$E$21,'liste action'!$D$21,IF(E19='liste action'!$E$22,'liste action'!$D$22,IF(E19='liste action'!$E$23,'liste action'!$D$23,IF(E19='liste action'!$E$24,'liste action'!$D$24,IF(E19='liste action'!$E$25,'liste action'!$D$25,IF(E19='liste action'!$E$26,'liste action'!$D$26,IF(E19='liste action'!$E$27,'liste action'!$D$27,IF(E19='liste action'!$E$28,'liste action'!$D$28,IF(E19='liste action'!$E$29,'liste action'!$D$29,IF(E19='liste action'!$E$30,'liste action'!$D$30,IF(E19='liste action'!$E$31,'liste action'!$D$31,IF(E19='liste action'!$E$32,'liste action'!$D$32,IF(E19='liste action'!$E$33,'liste action'!$D$33,IF(E19='liste action'!$E$34,'liste action'!$D$34,IF(E19='liste action'!$E$35,'liste action'!$D$35,IF(E19='liste action'!$E$36,'liste action'!$D$36,IF(E19='liste action'!$E$37,'liste action'!$D$37,IF(E19='liste action'!$E$38,'liste action'!$D$38,IF(E19='liste action'!$E$39,'liste action'!$D$39,IF(E19='liste action'!$E$40,'liste action'!$D$40,IF(E19='liste action'!$E$41,'liste action'!$D$41,IF(E19='liste action'!$E$42,'liste action'!$D$42,IF(E19='liste action'!$E$43,'liste action'!$D$43,IF(E19='liste action'!$E$44,'liste action'!$D$44,IF(E19='liste action'!$E$45,'liste action'!$D$45,IF(E19='liste action'!$E$46,'liste action'!$D$46,IF(E19='liste action'!$E$47,'liste action'!$D$47,IF(E19='liste action'!$E$48,'liste action'!$D$48,IF(E19='liste action'!$E$49,'liste action'!$D$49,IF(E19='liste action'!$E$50,'liste action'!$D$50,IF(E19='liste action'!$E$51,'liste action'!$D$51,IF(E19='liste action'!$E$52,'liste action'!$D$52,IF(E19='liste action'!$E$53,'liste action'!$D$53,IF(E19='liste action'!$E$54,'liste action'!$D$54,IF(E19='liste action'!$E$55,'liste action'!$D$55,IF(E19='liste action'!$E$56,'liste action'!$D$56,IF(E19='liste action'!$E$57,'liste action'!$D$57,IF(E19='liste action'!$E$58,'liste action'!$D$58,IF(E19='liste action'!$E$59,'liste action'!$D$59,IF(E19='liste action'!$E$60,'liste action'!$D$60,IF(E19='liste action'!$E$61,'liste action'!$D$61,IF(E19='liste action'!$E$62,'liste action'!$D$62,IF(E19='liste action'!$E$63,'liste action'!$D$63,IF(E19='liste action'!$E$64,'liste action'!$D$64,""))))))))))))))))))))))))))))))))))))))))))))))))))))))))))))))) | AH19: =CONCATENATE(AE19,AF19,AG19) -> IDN | AI19: =K19 -> 0 | AJ19: =N19 -> 0 | AK19: =L19 -> 0 | AL19: =O19 -> 0 | AM19: =M19 -> 0 | AN19: =P19 -> 0 | AO19: =SUM(AI19:AN19) -> 0 | AP19: =IF(D19="T",2,IF(D19="CP",0,IF(D19="TF",2,IF(D19="TM",0,IF(D19="JF",0,IF(D19="RTT",0,IF(D19="JNT",0,"0"))))))) -> 0 | AQ19: =IF(E19="T",3,IF(E19="CP",0,IF(E19="TF",3,IF(E19="TM",0,IF(E19="JF",0,IF(E19="RTT",0,IF(E19="JNT",0,"0"))))))) -> 0 | AR19: =AP19+AQ19 -> 0 | AS19: =IF(AR19=5,$AS$7,IF(AR19=2,$AS$8,IF(AR19=3,$AS$9,IF(AR19=0,#REF!)))) -> #REF! | AT19: =IF(AND(D19="CP",E19="CP"),1,IF(AND(D19="CP",E19<>"CP"),0.5,IF(AND(D19<>"CP",E19="CP"),0.5,0))) -> 0 | AU19: =IF(D19="RTT",0.5,0) -> 0 | AV19: =IF(E19="RTT",0.5,0) -> 0 | AW19: =SUM(AU19:AV19) -> 0 | AX19: =IF(D19="TM",0.5,0) -> 0 | AY19: =IF(E19="TM",0.5,0) -> 0 | AZ19: =SUM(AX19:AY19) -> 0 | BA19: =AZ19/1547*17 -> 0
A20: 2 | B20: Lundi | C20: =IF(OR(C19="",C19=DATE(y,1,31)),"",C19+1) -> 43472 | D20: ASI | E20: ASI | L20: 0.4 | N20: 2 | O20: 4 | P20: 1 | Q20: =SUM(K20:P20) -> 7.4 | S20: =IF(C20="","",IF(D20="","",AW20)) -> 0 | T20: =IF(C20="","",IF(D20="","",AT20)) -> 0 | Z20: =W20+X20+Y20 -> 0 | AA20: =IF(H20="",LEFT($F$2,3),H20) -> IDN | AB20: =IF(AC20='liste action'!$D$2,'liste action'!$C$2,IF(AC20='liste action'!$D$3,'liste action'!$C$3,IF(AC20='liste action'!$D$4,'liste action'!$C$4,IF(AC20='liste action'!$D$5,'liste action'!$C$5,IF(AC20='liste action'!$D$6,'liste action'!$C$6,IF(AC20='liste action'!$D$7,'liste action'!$C$7,IF(AC20='liste action'!$D$8,'liste action'!$C$8,IF(AC20='liste action'!$D$9,'liste action'!$C$9,IF(AC20='liste action'!$D$10,'liste action'!$C$10,IF(AC20='liste action'!$D$11,'liste action'!$C$11,IF(AC20='liste action'!$D$12,'liste action'!$C$12,IF(AC20='liste action'!$D$13,'liste action'!$C$13,IF(AC20='liste action'!$D$14,'liste action'!$C$14,IF(AC20='liste action'!$D$15,'liste action'!$C$15,IF(AC20='liste action'!$D$16,'liste action'!$C$16,IF(AC20='liste action'!$D$17,'liste action'!$C$17,IF(AC20='liste action'!$D$18,'liste action'!$C$18,IF(AC20='liste action'!$D$19,'liste action'!$C$19,IF(AC20='liste action'!$D$20,'liste action'!$C$20,IF(AC20='liste action'!$D$21,'liste action'!$C$21,IF(AC20='liste action'!$D$22,'liste action'!$C$22,IF(AC20='liste action'!$D$23,'liste action'!$C$23,IF(AC20='liste action'!$D$24,'liste action'!$C$24,IF(AC20='liste action'!$D$25,'liste action'!$C$25,IF(AC20='liste action'!$D$26,'liste action'!$C$26,IF(AC20='liste action'!$D$27,'liste action'!$C$27,IF(AC20='liste action'!$D$28,'liste action'!$C$28,IF(AC20='liste action'!$D$29,'liste action'!$C$29,IF(AC20='liste action'!$D$30,'liste action'!$C$30,IF(AC20='liste action'!$D$31,'liste action'!$C$31,IF(AC20='liste action'!$D$32,'liste action'!$C$32,IF(AC20='liste action'!$D$33,'liste action'!$C$33,IF(AC20='liste action'!$D$34,'liste action'!$C$34,IF(AC20='liste action'!$D$35,'liste action'!$C$35,IF(AC20='liste action'!$D$36,'liste action'!$C$36,IF(AC20='liste action'!$D$37,'liste action'!$C$37,IF(AC20='liste action'!$D$38,'liste action'!$C$38,IF(AC20='liste action'!$D$39,'liste action'!$C$39,IF(AC20='liste action'!$D$40,'liste action'!$C$40,IF(AC20='liste action'!$D$41,'liste action'!$C$41,IF(AC20='liste action'!$D$42,'liste action'!$C$42,IF(AC20='liste action'!$D$43,'liste action'!$C$43,IF(AC20='liste action'!$D$44,'liste action'!$C$44,IF(AC20='liste action'!$D$45,'liste action'!$C$45,IF(AC20='liste action'!$D$46,'liste action'!$C$46,IF(AC20='liste action'!$D$47,'liste action'!$C$47,IF(AC20='liste action'!$D$48,'liste action'!$C$48,IF(AC20='liste action'!$D$49,'liste action'!$C$49,IF(AC20='liste action'!$D$50,'liste action'!$C$50,IF(AC20='liste action'!$D$51,'liste action'!$C$51,IF(AC20='liste action'!$D$52,'liste action'!$C$52,IF(AC20='liste action'!$D$53,'liste action'!$C$53,IF(AC20='liste action'!$D$54,'liste action'!$C$54,IF(AC20='liste action'!$D$55,'liste action'!$C$55,IF(AC20='liste action'!$D$56,'liste action'!$C$56,IF(AC20='liste action'!$D$57,'liste action'!$C$57,IF(AC20='liste action'!$D$58,'liste action'!$C$58,IF(AC20='liste action'!$D$59,'liste action'!$C$59,IF(AC20='liste action'!$D$60,'liste action'!$C$60,IF(AC20='liste action'!$D$61,'liste action'!$C$61,IF(AC20='liste action'!$D$62,'liste action'!$C$62,IF(AC20='liste action'!$D$63,'liste action'!$C$63,IF(AC20='liste action'!$D$64,'liste action'!$C$64,""))))))))))))))))))))))))))))))))))))))))))))))))))))))))))))))) -> CG14 | AC20: =IF(D20='liste action'!$E$2,'liste action'!$D$2,IF(D20='liste action'!$E$3,'liste action'!$D$3,IF(D20='liste action'!$E$4,'liste action'!$D$4,IF(D20='liste action'!$E$5,'liste action'!$D$5,IF(D20='liste action'!$E$6,'liste action'!$D$6,IF(D20='liste action'!$E$7,'liste action'!$D$7,IF(D20='liste action'!$E$8,'liste action'!$D$8,IF(D20='liste action'!$E$9,'liste action'!$D$9,IF(D20='liste action'!$E$10,'liste action'!$D$10,IF(D20='liste action'!$E$11,'liste action'!$D$11,IF(D20='liste action'!$E$12,'liste action'!$D$12,IF(D20='liste action'!$E$13,'liste action'!$D$13,IF(D20='liste action'!$E$14,'liste action'!$D$14,IF(D20='liste action'!$E$15,'liste action'!$D$15,IF(D20='liste action'!$E$16,'liste action'!$D$16,IF(D20='liste action'!$E$17,'liste action'!$D$17,IF(D20='liste action'!$E$18,'liste action'!$D$18,IF(D20='liste action'!$E$19,'liste action'!$D$19,IF(D20='liste action'!$E$20,'liste action'!$D$20,IF(D20='liste action'!$E$21,'liste action'!$D$21,IF(D20='liste action'!$E$22,'liste action'!$D$22,IF(D20='liste action'!$E$23,'liste action'!$D$23,IF(D20='liste action'!$E$24,'liste action'!$D$24,IF(D20='liste action'!$E$25,'liste action'!$D$25,IF(D20='liste action'!$E$26,'liste action'!$D$26,IF(D20='liste action'!$E$27,'liste action'!$D$27,IF(D20='liste action'!$E$28,'liste action'!$D$28,IF(D20='liste action'!$E$29,'liste action'!$D$29,IF(D20='liste action'!$E$30,'liste action'!$D$30,IF(D20='liste action'!$E$31,'liste action'!$D$31,IF(D20='liste action'!$E$32,'liste action'!$D$32,IF(D20='liste action'!$E$33,'liste action'!$D$33,IF(D20='liste action'!$E$34,'liste action'!$D$34,IF(D20='liste action'!$E$35,'liste action'!$D$35,IF(D20='liste action'!$E$36,'liste action'!$D$36,IF(D20='liste action'!$E$37,'liste action'!$D$37,IF(D20='liste action'!$E$38,'liste action'!$D$38,IF(D20='liste action'!$E$39,'liste action'!$D$39,IF(D20='liste action'!$E$40,'liste action'!$D$40,IF(D20='liste action'!$E$41,'liste action'!$D$41,IF(D20='liste action'!$E$42,'liste action'!$D$42,IF(D20='liste action'!$E$43,'liste action'!$D$43,IF(D20='liste action'!$E$44,'liste action'!$D$44,IF(D20='liste action'!$E$45,'liste action'!$D$45,IF(D20='liste action'!$E$46,'liste action'!$D$46,IF(D20='liste action'!$E$47,'liste action'!$D$47,IF(D20='liste action'!$E$48,'liste action'!$D$48,IF(D20='liste action'!$E$49,'liste action'!$D$49,IF(D20='liste action'!$E$50,'liste action'!$D$50,IF(D20='liste action'!$E$51,'liste action'!$D$51,IF(D20='liste action'!$E$52,'liste action'!$D$52,IF(D20='liste action'!$E$53,'liste action'!$D$53,IF(D20='liste action'!$E$54,'liste action'!$D$54,IF(D20='liste action'!$E$55,'liste action'!$D$55,IF(D20='liste action'!$E$56,'liste action'!$D$56,IF(D20='liste action'!$E$57,'liste action'!$D$57,IF(D20='liste action'!$E$58,'liste action'!$D$58,IF(D20='liste action'!$E$59,'liste action'!$D$59,IF(D20='liste action'!$E$60,'liste action'!$D$60,IF(D20='liste action'!$E$61,'liste action'!$D$61,IF(D20='liste action'!$E$62,'liste action'!$D$62,IF(D20='liste action'!$E$63,'liste action'!$D$63,IF(D20='liste action'!$E$64,'liste action'!$D$64,""))))))))))))))))))))))))))))))))))))))))))))))))))))))))))))))) -> A61 | AD20: =CONCATENATE(AA20,AB20,AC20) -> IDNCG14A61 | AE20: =IF(I20="",LEFT($F$2,3),I20) -> IDN | AF20: =IF(AG20='liste action'!$D$2,'liste action'!$C$2,IF(AG20='liste action'!$D$3,'liste action'!$C$3,IF(AG20='liste action'!$D$4,'liste action'!$C$4,IF(AG20='liste action'!$D$5,'liste action'!$C$5,IF(AG20='liste action'!$D$6,'liste action'!$C$6,IF(AG20='liste action'!$D$7,'liste action'!$C$7,IF(AG20='liste action'!$D$8,'liste action'!$C$8,IF(AG20='liste action'!$D$9,'liste action'!$C$9,IF(AG20='liste action'!$D$10,'liste action'!$C$10,IF(AG20='liste action'!$D$11,'liste action'!$C$11,IF(AG20='liste action'!$D$12,'liste action'!$C$12,IF(AG20='liste action'!$D$13,'liste action'!$C$13,IF(AG20='liste action'!$D$14,'liste action'!$C$14,IF(AG20='liste action'!$D$15,'liste action'!$C$15,IF(AG20='liste action'!$D$16,'liste action'!$C$16,IF(AG20='liste action'!$D$17,'liste action'!$C$17,IF(AG20='liste action'!$D$18,'liste action'!$C$18,IF(AG20='liste action'!$D$19,'liste action'!$C$19,IF(AG20='liste action'!$D$20,'liste action'!$C$20,IF(AG20='liste action'!$D$21,'liste action'!$C$21,IF(AG20='liste action'!$D$22,'liste action'!$C$22,IF(AG20='liste action'!$D$23,'liste action'!$C$23,IF(AG20='liste action'!$D$24,'liste action'!$C$24,IF(AG20='liste action'!$D$25,'liste action'!$C$25,IF(AG20='liste action'!$D$26,'liste action'!$C$26,IF(AG20='liste action'!$D$27,'liste action'!$C$27,IF(AG20='liste action'!$D$28,'liste action'!$C$28,IF(AG20='liste action'!$D$29,'liste action'!$C$29,IF(AG20='liste action'!$D$30,'liste action'!$C$30,IF(AG20='liste action'!$D$31,'liste action'!$C$31,IF(AG20='liste action'!$D$32,'liste action'!$C$32,IF(AG20='liste action'!$D$33,'liste action'!$C$33,IF(AG20='liste action'!$D$34,'liste action'!$C$34,IF(AG20='liste action'!$D$35,'liste action'!$C$35,IF(AG20='liste action'!$D$36,'liste action'!$C$36,IF(AG20='liste action'!$D$37,'liste action'!$C$37,IF(AG20='liste action'!$D$38,'liste action'!$C$38,IF(AG20='liste action'!$D$39,'liste action'!$C$39,IF(AG20='liste action'!$D$40,'liste action'!$C$40,IF(AG20='liste action'!$D$41,'liste action'!$C$41,IF(AG20='liste action'!$D$42,'liste action'!$C$42,IF(AG20='liste action'!$D$43,'liste action'!$C$43,IF(AG20='liste action'!$D$44,'liste action'!$C$44,IF(AG20='liste action'!$D$45,'liste action'!$C$45,IF(AG20='liste action'!$D$46,'liste action'!$C$46,IF(AG20='liste action'!$D$47,'liste action'!$C$47,IF(AG20='liste action'!$D$48,'liste action'!$C$48,IF(AG20='liste action'!$D$49,'liste action'!$C$49,IF(AG20='liste action'!$D$50,'liste action'!$C$50,IF(AG20='liste action'!$D$51,'liste action'!$C$51,IF(AG20='liste action'!$D$52,'liste action'!$C$52,IF(AG20='liste action'!$D$53,'liste action'!$C$53,IF(AG20='liste action'!$D$54,'liste action'!$C$54,IF(AG20='liste action'!$D$55,'liste action'!$C$55,IF(AG20='liste action'!$D$56,'liste action'!$C$56,IF(AG20='liste action'!$D$57,'liste action'!$C$57,IF(AG20='liste action'!$D$58,'liste action'!$C$58,IF(AG20='liste action'!$D$59,'liste action'!$C$59,IF(AG20='liste action'!$D$60,'liste action'!$C$60,IF(AG20='liste action'!$D$61,'liste action'!$C$61,IF(AG20='liste action'!$D$62,'liste action'!$C$62,IF(AG20='liste action'!$D$63,'liste action'!$C$63,IF(AG20='liste action'!$D$64,'liste action'!$C$64,""))))))))))))))))))))))))))))))))))))))))))))))))))))))))))))))) -> CG14 | AG20: =IF(E20='liste action'!$E$2,'liste action'!$D$2,IF(E20='liste action'!$E$3,'liste action'!$D$3,IF(E20='liste action'!$E$4,'liste action'!$D$4,IF(E20='liste action'!$E$5,'liste action'!$D$5,IF(E20='liste action'!$E$6,'liste action'!$D$6,IF(E20='liste action'!$E$7,'liste action'!$D$7,IF(E20='liste action'!$E$8,'liste action'!$D$8,IF(E20='liste action'!$E$9,'liste action'!$D$9,IF(E20='liste action'!$E$10,'liste action'!$D$10,IF(E20='liste action'!$E$11,'liste action'!$D$11,IF(E20='liste action'!$E$12,'liste action'!$D$12,IF(E20='liste action'!$E$13,'liste action'!$D$13,IF(E20='liste action'!$E$14,'liste action'!$D$14,IF(E20='liste action'!$E$15,'liste action'!$D$15,IF(E20='liste action'!$E$16,'liste action'!$D$16,IF(E20='liste action'!$E$17,'liste action'!$D$17,IF(E20='liste action'!$E$18,'liste action'!$D$18,IF(E20='liste action'!$E$19,'liste action'!$D$19,IF(E20='liste action'!$E$20,'liste action'!$D$20,IF(E20='liste action'!$E$21,'liste action'!$D$21,IF(E20='liste action'!$E$22,'liste action'!$D$22,IF(E20='liste action'!$E$23,'liste action'!$D$23,IF(E20='liste action'!$E$24,'liste action'!$D$24,IF(E20='liste action'!$E$25,'liste action'!$D$25,IF(E20='liste action'!$E$26,'liste action'!$D$26,IF(E20='liste action'!$E$27,'liste action'!$D$27,IF(E20='liste action'!$E$28,'liste action'!$D$28,IF(E20='liste action'!$E$29,'liste action'!$D$29,IF(E20='liste action'!$E$30,'liste action'!$D$30,IF(E20='liste action'!$E$31,'liste action'!$D$31,IF(E20='liste action'!$E$32,'liste action'!$D$32,IF(E20='liste action'!$E$33,'liste action'!$D$33,IF(E20='liste action'!$E$34,'liste action'!$D$34,IF(E20='liste action'!$E$35,'liste action'!$D$35,IF(E20='liste action'!$E$36,'liste action'!$D$36,IF(E20='liste action'!$E$37,'liste action'!$D$37,IF(E20='liste action'!$E$38,'liste action'!$D$38,IF(E20='liste action'!$E$39,'liste action'!$D$39,IF(E20='liste action'!$E$40,'liste action'!$D$40,IF(E20='liste action'!$E$41,'liste action'!$D$41,IF(E20='liste action'!$E$42,'liste action'!$D$42,IF(E20='liste action'!$E$43,'liste action'!$D$43,IF(E20='liste action'!$E$44,'liste action'!$D$44,IF(E20='liste action'!$E$45,'liste action'!$D$45,IF(E20='liste action'!$E$46,'liste action'!$D$46,IF(E20='liste action'!$E$47,'liste action'!$D$47,IF(E20='liste action'!$E$48,'liste action'!$D$48,IF(E20='liste action'!$E$49,'liste action'!$D$49,IF(E20='liste action'!$E$50,'liste action'!$D$50,IF(E20='liste action'!$E$51,'liste action'!$D$51,IF(E20='liste action'!$E$52,'liste action'!$D$52,IF(E20='liste action'!$E$53,'liste action'!$D$53,IF(E20='liste action'!$E$54,'liste action'!$D$54,IF(E20='liste action'!$E$55,'liste action'!$D$55,IF(E20='liste action'!$E$56,'liste action'!$D$56,IF(E20='liste action'!$E$57,'liste action'!$D$57,IF(E20='liste action'!$E$58,'liste action'!$D$58,IF(E20='liste action'!$E$59,'liste action'!$D$59,IF(E20='liste action'!$E$60,'liste action'!$D$60,IF(E20='liste action'!$E$61,'liste action'!$D$61,IF(E20='liste action'!$E$62,'liste action'!$D$62,IF(E20='liste action'!$E$63,'liste action'!$D$63,IF(E20='liste action'!$E$64,'liste action'!$D$64,""))))))))))))))))))))))))))))))))))))))))))))))))))))))))))))))) -> A61 | AH20: =CONCATENATE(AE20,AF20,AG20) -> IDNCG14A61 | AI20: =K20 -> 0 | AJ20: =N20 -> 2 | AK20: =L20 -> 0.4 | AL20: =O20 -> 4 | AM20: =M20 -> 0 | AN20: =P20 -> 1 | AO20: =SUM(AI20:AN20) -> 7.4 | AP20: =IF(D20="T",2,IF(D20="CP",0,IF(D20="TF",2,IF(D20="TM",0,IF(D20="JF",0,IF(D20="RTT",0,IF(D20="JNT",0,"0"))))))) -> 0 | AQ20: =IF(E20="T",3,IF(E20="CP",0,IF(E20="TF",3,IF(E20="TM",0,IF(E20="JF",0,IF(E20="RTT",0,IF(E20="JNT",0,"0"))))))) -> 0 | AR20: =AP20+AQ20 -> 0 | AS20: =IF(AR20=5,$AS$7,IF(AR20=2,$AS$8,IF(AR20=3,$AS$9,IF(AR20=0,#REF!)))) -> #REF! | AT20: =IF(AND(D20="CP",E20="CP"),1,IF(AND(D20="CP",E20<>"CP"),0.5,IF(AND(D20<>"CP",E20="CP"),0.5,0))) -> 0 | AU20: =IF(D20="RTT",0.5,0) -> 0 | AV20: =IF(E20="RTT",0.5,0) -> 0 | AW20: =SUM(AU20:AV20) -> 0 | AX20: =IF(D20="TM",0.5,0) -> 0 | AY20: =IF(E20="TM",0.5,0) -> 0 | AZ20: =SUM(AX20:AY20) -> 0 | BA20: =AZ20/1547*17 -> 0
B21: Mardi | C21: =IF(OR(C20="",C20=DATE(y,1,31)),"",C20+1) -> 43473 | D21: ENGAGEMENT 1ERE CHANCE | E21: EDUCATION A L'ENVIRONNEMENT | K21: 3 | M21: 1 | N21: 2 | O21: 0.4 | P21: 1 | Q21: =SUM(K21:P21) -> 7.4 | S21: =IF(C21="","",IF(D21="","",AW21)) -> 0 | T21: =IF(C21="","",IF(D21="","",AT21)) -> 0 | Z21: =W21+X21+Y21 -> 0 | AA21: =IF(H21="",LEFT($F$2,3),H21) -> IDN | AB21: =IF(AC21='liste action'!$D$2,'liste action'!$C$2,IF(AC21='liste action'!$D$3,'liste action'!$C$3,IF(AC21='liste action'!$D$4,'liste action'!$C$4,IF(AC21='liste action'!$D$5,'liste action'!$C$5,IF(AC21='liste action'!$D$6,'liste action'!$C$6,IF(AC21='liste action'!$D$7,'liste action'!$C$7,IF(AC21='liste action'!$D$8,'liste action'!$C$8,IF(AC21='liste action'!$D$9,'liste action'!$C$9,IF(AC21='liste action'!$D$10,'liste action'!$C$10,IF(AC21='liste action'!$D$11,'liste action'!$C$11,IF(AC21='liste action'!$D$12,'liste action'!$C$12,IF(AC21='liste action'!$D$13,'liste action'!$C$13,IF(AC21='liste action'!$D$14,'liste action'!$C$14,IF(AC21='liste action'!$D$15,'liste action'!$C$15,IF(AC21='liste action'!$D$16,'liste action'!$C$16,IF(AC21='liste action'!$D$17,'liste action'!$C$17,IF(AC21='liste action'!$D$18,'liste action'!$C$18,IF(AC21='liste action'!$D$19,'liste action'!$C$19,IF(AC21='liste action'!$D$20,'liste action'!$C$20,IF(AC21='liste action'!$D$21,'liste action'!$C$21,IF(AC21='liste action'!$D$22,'liste action'!$C$22,IF(AC21='liste action'!$D$23,'liste action'!$C$23,IF(AC21='liste action'!$D$24,'liste action'!$C$24,IF(AC21='liste action'!$D$25,'liste action'!$C$25,IF(AC21='liste action'!$D$26,'liste action'!$C$26,IF(AC21='liste action'!$D$27,'liste action'!$C$27,IF(AC21='liste action'!$D$28,'liste action'!$C$28,IF(AC21='liste action'!$D$29,'liste action'!$C$29,IF(AC21='liste action'!$D$30,'liste action'!$C$30,IF(AC21='liste action'!$D$31,'liste action'!$C$31,IF(AC21='liste action'!$D$32,'liste action'!$C$32,IF(AC21='liste action'!$D$33,'liste action'!$C$33,IF(AC21='liste action'!$D$34,'liste action'!$C$34,IF(AC21='liste action'!$D$35,'liste action'!$C$35,IF(AC21='liste action'!$D$36,'liste action'!$C$36,IF(AC21='liste action'!$D$37,'liste action'!$C$37,IF(AC21='liste action'!$D$38,'liste action'!$C$38,IF(AC21='liste action'!$D$39,'liste action'!$C$39,IF(AC21='liste action'!$D$40,'liste action'!$C$40,IF(AC21='liste action'!$D$41,'liste action'!$C$41,IF(AC21='liste action'!$D$42,'liste action'!$C$42,IF(AC21='liste action'!$D$43,'liste action'!$C$43,IF(AC21='liste action'!$D$44,'liste action'!$C$44,IF(AC21='liste action'!$D$45,'liste action'!$C$45,IF(AC21='liste action'!$D$46,'liste action'!$C$46,IF(AC21='liste action'!$D$47,'liste action'!$C$47,IF(AC21='liste action'!$D$48,'liste action'!$C$48,IF(AC21='liste action'!$D$49,'liste action'!$C$49,IF(AC21='liste action'!$D$50,'liste action'!$C$50,IF(AC21='liste action'!$D$51,'liste action'!$C$51,IF(AC21='liste action'!$D$52,'liste action'!$C$52,IF(AC21='liste action'!$D$53,'liste action'!$C$53,IF(AC21='liste action'!$D$54,'liste action'!$C$54,IF(AC21='liste action'!$D$55,'liste action'!$C$55,IF(AC21='liste action'!$D$56,'liste action'!$C$56,IF(AC21='liste action'!$D$57,'liste action'!$C$57,IF(AC21='liste action'!$D$58,'liste action'!$C$58,IF(AC21='liste action'!$D$59,'liste action'!$C$59,IF(AC21='liste action'!$D$60,'liste action'!$C$60,IF(AC21='liste action'!$D$61,'liste action'!$C$61,IF(AC21='liste action'!$D$62,'liste action'!$C$62,IF(AC21='liste action'!$D$63,'liste action'!$C$63,IF(AC21='liste action'!$D$64,'liste action'!$C$64,""))))))))))))))))))))))))))))))))))))))))))))))))))))))))))))))) -> CR01 | AC21: =IF(D21='liste action'!$E$2,'liste action'!$D$2,IF(D21='liste action'!$E$3,'liste action'!$D$3,IF(D21='liste action'!$E$4,'liste action'!$D$4,IF(D21='liste action'!$E$5,'liste action'!$D$5,IF(D21='liste action'!$E$6,'liste action'!$D$6,IF(D21='liste action'!$E$7,'liste action'!$D$7,IF(D21='liste action'!$E$8,'liste action'!$D$8,IF(D21='liste action'!$E$9,'liste action'!$D$9,IF(D21='liste action'!$E$10,'liste action'!$D$10,IF(D21='liste action'!$E$11,'liste action'!$D$11,IF(D21='liste action'!$E$12,'liste action'!$D$12,IF(D21='liste action'!$E$13,'liste action'!$D$13,IF(D21='liste action'!$E$14,'liste action'!$D$14,IF(D21='liste action'!$E$15,'liste action'!$D$15,IF(D21='liste action'!$E$16,'liste action'!$D$16,IF(D21='liste action'!$E$17,'liste action'!$D$17,IF(D21='liste action'!$E$18,'liste action'!$D$18,IF(D21='liste action'!$E$19,'liste action'!$D$19,IF(D21='liste action'!$E$20,'liste action'!$D$20,IF(D21='liste action'!$E$21,'liste action'!$D$21,IF(D21='liste action'!$E$22,'liste action'!$D$22,IF(D21='liste action'!$E$23,'liste action'!$D$23,IF(D21='liste action'!$E$24,'liste action'!$D$24,IF(D21='liste action'!$E$25,'liste action'!$D$25,IF(D21='liste action'!$E$26,'liste action'!$D$26,IF(D21='liste action'!$E$27,'liste action'!$D$27,IF(D21='liste action'!$E$28,'liste action'!$D$28,IF(D21='liste action'!$E$29,'liste action'!$D$29,IF(D21='liste action'!$E$30,'liste action'!$D$30,IF(D21='liste action'!$E$31,'liste action'!$D$31,IF(D21='liste action'!$E$32,'liste action'!$D$32,IF(D21='liste action'!$E$33,'liste action'!$D$33,IF(D21='liste action'!$E$34,'liste action'!$D$34,IF(D21='liste action'!$E$35,'liste action'!$D$35,IF(D21='liste action'!$E$36,'liste action'!$D$36,IF(D21='liste action'!$E$37,'liste action'!$D$37,IF(D21='liste action'!$E$38,'liste action'!$D$38,IF(D21='liste action'!$E$39,'liste action'!$D$39,IF(D21='liste action'!$E$40,'liste action'!$D$40,IF(D21='liste action'!$E$41,'liste action'!$D$41,IF(D21='liste action'!$E$42,'liste action'!$D$42,IF(D21='liste action'!$E$43,'liste action'!$D$43,IF(D21='liste action'!$E$44,'liste action'!$D$44,IF(D21='liste action'!$E$45,'liste action'!$D$45,IF(D21='liste action'!$E$46,'liste action'!$D$46,IF(D21='liste action'!$E$47,'liste action'!$D$47,IF(D21='liste action'!$E$48,'liste action'!$D$48,IF(D21='liste action'!$E$49,'liste action'!$D$49,IF(D21='liste action'!$E$50,'liste action'!$D$50,IF(D21='liste action'!$E$51,'liste action'!$D$51,IF(D21='liste action'!$E$52,'liste action'!$D$52,IF(D21='liste action'!$E$53,'liste action'!$D$53,IF(D21='liste action'!$E$54,'liste action'!$D$54,IF(D21='liste action'!$E$55,'liste action'!$D$55,IF(D21='liste action'!$E$56,'liste action'!$D$56,IF(D21='liste action'!$E$57,'liste action'!$D$57,IF(D21='liste action'!$E$58,'liste action'!$D$58,IF(D21='liste action'!$E$59,'liste action'!$D$59,IF(D21='liste action'!$E$60,'liste action'!$D$60,IF(D21='liste action'!$E$61,'liste action'!$D$61,IF(D21='liste action'!$E$62,'liste action'!$D$62,IF(D21='liste action'!$E$63,'liste action'!$D$63,IF(D21='liste action'!$E$64,'liste action'!$D$64,""))))))))))))))))))))))))))))))))))))))))))))))))))))))))))))))) -> E41 | AD21: =CONCATENATE(AA21,AB21,AC21) -> IDNCR01E41 | AE21: =IF(I21="",LEFT($F$2,3),I21) -> IDN | AF21: =IF(AG21='liste action'!$D$2,'liste action'!$C$2,IF(AG21='liste action'!$D$3,'liste action'!$C$3,IF(AG21='liste action'!$D$4,'liste action'!$C$4,IF(AG21='liste action'!$D$5,'liste action'!$C$5,IF(AG21='liste action'!$D$6,'liste action'!$C$6,IF(AG21='liste action'!$D$7,'liste action'!$C$7,IF(AG21='liste action'!$D$8,'liste action'!$C$8,IF(AG21='liste action'!$D$9,'liste action'!$C$9,IF(AG21='liste action'!$D$10,'liste action'!$C$10,IF(AG21='liste action'!$D$11,'liste action'!$C$11,IF(AG21='liste action'!$D$12,'liste action'!$C$12,IF(AG21='liste action'!$D$13,'liste action'!$C$13,IF(AG21='liste action'!$D$14,'liste action'!$C$14,IF(AG21='liste action'!$D$15,'liste action'!$C$15,IF(AG21='liste action'!$D$16,'liste action'!$C$16,IF(AG21='liste action'!$D$17,'liste action'!$C$17,IF(AG21='liste action'!$D$18,'liste action'!$C$18,IF(AG21='liste action'!$D$19,'liste action'!$C$19,IF(AG21='liste action'!$D$20,'liste action'!$C$20,IF(AG21='liste action'!$D$21,'liste action'!$C$21,IF(AG21='liste action'!$D$22,'liste action'!$C$22,IF(AG21='liste action'!$D$23,'liste action'!$C$23,IF(AG21='liste action'!$D$24,'liste action'!$C$24,IF(AG21='liste action'!$D$25,'liste action'!$C$25,IF(AG21='liste action'!$D$26,'liste action'!$C$26,IF(AG21='liste action'!$D$27,'liste action'!$C$27,IF(AG21='liste action'!$D$28,'liste action'!$C$28,IF(AG21='liste action'!$D$29,'liste action'!$C$29,IF(AG21='liste action'!$D$30,'liste action'!$C$30,IF(AG21='liste action'!$D$31,'liste action'!$C$31,IF(AG21='liste action'!$D$32,'liste action'!$C$32,IF(AG21='liste action'!$D$33,'liste action'!$C$33,IF(AG21='liste action'!$D$34,'liste action'!$C$34,IF(AG21='liste action'!$D$35,'liste action'!$C$35,IF(AG21='liste action'!$D$36,'liste action'!$C$36,IF(AG21='liste action'!$D$37,'liste action'!$C$37,IF(AG21='liste action'!$D$38,'liste action'!$C$38,IF(AG21='liste action'!$D$39,'liste action'!$C$39,IF(AG21='liste action'!$D$40,'liste action'!$C$40,IF(AG21='liste action'!$D$41,'liste action'!$C$41,IF(AG21='liste action'!$D$42,'liste action'!$C$42,IF(AG21='liste action'!$D$43,'liste action'!$C$43,IF(AG21='liste action'!$D$44,'liste action'!$C$44,IF(AG21='liste action'!$D$45,'liste action'!$C$45,IF(AG21='liste action'!$D$46,'liste action'!$C$46,IF(AG21='liste action'!$D$47,'liste action'!$C$47,IF(AG21='liste action'!$D$48,'liste action'!$C$48,IF(AG21='liste action'!$D$49,'liste action'!$C$49,IF(AG21='liste action'!$D$50,'liste action'!$C$50,IF(AG21='liste action'!$D$51,'liste action'!$C$51,IF(AG21='liste action'!$D$52,'liste action'!$C$52,IF(AG21='liste action'!$D$53,'liste action'!$C$53,IF(AG21='liste action'!$D$54,'liste action'!$C$54,IF(AG21='liste action'!$D$55,'liste action'!$C$55,IF(AG21='liste action'!$D$56,'liste action'!$C$56,IF(AG21='liste action'!$D$57,'liste action'!$C$57,IF(AG21='liste action'!$D$58,'liste action'!$C$58,IF(AG21='liste action'!$D$59,'liste action'!$C$59,IF(AG21='liste action'!$D$60,'liste action'!$C$60,IF(AG21='liste action'!$D$61,'liste action'!$C$61,IF(AG21='liste action'!$D$62,'liste action'!$C$62,IF(AG21='liste action'!$D$63,'liste action'!$C$63,IF(AG21='liste action'!$D$64,'liste action'!$C$64,""))))))))))))))))))))))))))))))))))))))))))))))))))))))))))))))) -> FM91 | AG21: =IF(E21='liste action'!$E$2,'liste action'!$D$2,IF(E21='liste action'!$E$3,'liste action'!$D$3,IF(E21='liste action'!$E$4,'liste action'!$D$4,IF(E21='liste action'!$E$5,'liste action'!$D$5,IF(E21='liste action'!$E$6,'liste action'!$D$6,IF(E21='liste action'!$E$7,'liste action'!$D$7,IF(E21='liste action'!$E$8,'liste action'!$D$8,IF(E21='liste action'!$E$9,'liste action'!$D$9,IF(E21='liste action'!$E$10,'liste action'!$D$10,IF(E21='liste action'!$E$11,'liste action'!$D$11,IF(E21='liste action'!$E$12,'liste action'!$D$12,IF(E21='liste action'!$E$13,'liste action'!$D$13,IF(E21='liste action'!$E$14,'liste action'!$D$14,IF(E21='liste action'!$E$15,'liste action'!$D$15,IF(E21='liste action'!$E$16,'liste action'!$D$16,IF(E21='liste action'!$E$17,'liste action'!$D$17,IF(E21='liste action'!$E$18,'liste action'!$D$18,IF(E21='liste action'!$E$19,'liste action'!$D$19,IF(E21='liste action'!$E$20,'liste action'!$D$20,IF(E21='liste action'!$E$21,'liste action'!$D$21,IF(E21='liste action'!$E$22,'liste action'!$D$22,IF(E21='liste action'!$E$23,'liste action'!$D$23,IF(E21='liste action'!$E$24,'liste action'!$D$24,IF(E21='liste action'!$E$25,'liste action'!$D$25,IF(E21='liste action'!$E$26,'liste action'!$D$26,IF(E21='liste action'!$E$27,'liste action'!$D$27,IF(E21='liste action'!$E$28,'liste action'!$D$28,IF(E21='liste action'!$E$29,'liste action'!$D$29,IF(E21='liste action'!$E$30,'liste action'!$D$30,IF(E21='liste action'!$E$31,'liste action'!$D$31,IF(E21='liste action'!$E$32,'liste action'!$D$32,IF(E21='liste action'!$E$33,'liste action'!$D$33,IF(E21='liste action'!$E$34,'liste action'!$D$34,IF(E21='liste action'!$E$35,'liste action'!$D$35,IF(E21='liste action'!$E$36,'liste action'!$D$36,IF(E21='liste action'!$E$37,'liste action'!$D$37,IF(E21='liste action'!$E$38,'liste action'!$D$38,IF(E21='liste action'!$E$39,'liste action'!$D$39,IF(E21='liste action'!$E$40,'liste action'!$D$40,IF(E21='liste action'!$E$41,'liste action'!$D$41,IF(E21='liste action'!$E$42,'liste action'!$D$42,IF(E21='liste action'!$E$43,'liste action'!$D$43,IF(E21='liste action'!$E$44,'liste action'!$D$44,IF(E21='liste action'!$E$45,'liste action'!$D$45,IF(E21='liste action'!$E$46,'liste action'!$D$46,IF(E21='liste action'!$E$47,'liste action'!$D$47,IF(E21='liste action'!$E$48,'liste action'!$D$48,IF(E21='liste action'!$E$49,'liste action'!$D$49,IF(E21='liste action'!$E$50,'liste action'!$D$50,IF(E21='liste action'!$E$51,'liste action'!$D$51,IF(E21='liste action'!$E$52,'liste action'!$D$52,IF(E21='liste action'!$E$53,'liste action'!$D$53,IF(E21='liste action'!$E$54,'liste action'!$D$54,IF(E21='liste action'!$E$55,'liste action'!$D$55,IF(E21='liste action'!$E$56,'liste action'!$D$56,IF(E21='liste action'!$E$57,'liste action'!$D$57,IF(E21='liste action'!$E$58,'liste action'!$D$58,IF(E21='liste action'!$E$59,'liste action'!$D$59,IF(E21='liste action'!$E$60,'liste action'!$D$60,IF(E21='liste action'!$E$61,'liste action'!$D$61,IF(E21='liste action'!$E$62,'liste action'!$D$62,IF(E21='liste action'!$E$63,'liste action'!$D$63,IF(E21='liste action'!$E$64,'liste action'!$D$64,""))))))))))))))))))))))))))))))))))))))))))))))))))))))))))))))) -> EDE | AH21: =CONCATENATE(AE21,AF21,AG21) -> IDNFM91EDE | AI21: =K21 -> 3 | AJ21: =N21 -> 2 | AK21: =L21 -> 0 | AL21: =O21 -> 0.4 | AM21: =M21 -> 1 | AN21: =P21 -> 1 | AO21: =SUM(AI21:AN21) -> 7.4 | AP21: =IF(D21="T",2,IF(D21="CP",0,IF(D21="TF",2,IF(D21="TM",0,IF(D21="JF",0,IF(D21="RTT",0,IF(D21="JNT",0,"0"))))))) -> 0 | AQ21: =IF(E21="T",3,IF(E21="CP",0,IF(E21="TF",3,IF(E21="TM",0,IF(E21="JF",0,IF(E21="RTT",0,IF(E21="JNT",0,"0"))))))) -> 0 | AR21: =AP21+AQ21 -> 0 | AS21: =IF(AR21=5,$AS$7,IF(AR21=2,$AS$8,IF(AR21=3,$AS$9,IF(AR21=0,#REF!)))) -> #REF! | AT21: =IF(AND(D21="CP",E21="CP"),1,IF(AND(D21="CP",E21<>"CP"),0.5,IF(AND(D21<>"CP",E21="CP"),0.5,0))) -> 0 | AU21: =IF(D21="RTT",0.5,0) -> 0 | AV21: =IF(E21="RTT",0.5,0) -> 0 | AW21: =SUM(AU21:AV21) -> 0 | AX21: =IF(D21="TM",0.5,0) -> 0 | AY21: =IF(E21="TM",0.5,0) -> 0 | AZ21: =SUM(AX21:AY21) -> 0 | BA21: =AZ21/1547*17 -> 0
B22: Mercredi | C22: =IF(OR(C21="",C21=DATE(y,1,31)),"",C21+1) -> 43474 | D22: AREDE ADPP | E22: AREDE ADPP | F22: Châtellerault | G22: Poitiers | H22: IVC | K22: 3 | M22: 0.4 | N22: 3 | O22: 1 | Q22: =SUM(K22:P22) -> 7.4 | S22: =IF(C22="","",IF(D22="","",AW22)) -> 0 | T22: =IF(C22="","",IF(D22="","",AT22)) -> 0 | Z22: =W22+X22+Y22 -> 0 | AA22: =IF(H22="",LEFT($F$2,3),H22) -> IVC | AB22: =IF(AC22='liste action'!$D$2,'liste action'!$C$2,IF(AC22='liste action'!$D$3,'liste action'!$C$3,IF(AC22='liste action'!$D$4,'liste action'!$C$4,IF(AC22='liste action'!$D$5,'liste action'!$C$5,IF(AC22='liste action'!$D$6,'liste action'!$C$6,IF(AC22='liste action'!$D$7,'liste action'!$C$7,IF(AC22='liste action'!$D$8,'liste action'!$C$8,IF(AC22='liste action'!$D$9,'liste action'!$C$9,IF(AC22='liste action'!$D$10,'liste action'!$C$10,IF(AC22='liste action'!$D$11,'liste action'!$C$11,IF(AC22='liste action'!$D$12,'liste action'!$C$12,IF(AC22='liste action'!$D$13,'liste action'!$C$13,IF(AC22='liste action'!$D$14,'liste action'!$C$14,IF(AC22='liste action'!$D$15,'liste action'!$C$15,IF(AC22='liste action'!$D$16,'liste action'!$C$16,IF(AC22='liste action'!$D$17,'liste action'!$C$17,IF(AC22='liste action'!$D$18,'liste action'!$C$18,IF(AC22='liste action'!$D$19,'liste action'!$C$19,IF(AC22='liste action'!$D$20,'liste action'!$C$20,IF(AC22='liste action'!$D$21,'liste action'!$C$21,IF(AC22='liste action'!$D$22,'liste action'!$C$22,IF(AC22='liste action'!$D$23,'liste action'!$C$23,IF(AC22='liste action'!$D$24,'liste action'!$C$24,IF(AC22='liste action'!$D$25,'liste action'!$C$25,IF(AC22='liste action'!$D$26,'liste action'!$C$26,IF(AC22='liste action'!$D$27,'liste action'!$C$27,IF(AC22='liste action'!$D$28,'liste action'!$C$28,IF(AC22='liste action'!$D$29,'liste action'!$C$29,IF(AC22='liste action'!$D$30,'liste action'!$C$30,IF(AC22='liste action'!$D$31,'liste action'!$C$31,IF(AC22='liste action'!$D$32,'liste action'!$C$32,IF(AC22='liste action'!$D$33,'liste action'!$C$33,IF(AC22='liste action'!$D$34,'liste action'!$C$34,IF(AC22='liste action'!$D$35,'liste action'!$C$35,IF(AC22='liste action'!$D$36,'liste action'!$C$36,IF(AC22='liste action'!$D$37,'liste action'!$C$37,IF(AC22='liste action'!$D$38,'liste action'!$C$38,IF(AC22='liste action'!$D$39,'liste action'!$C$39,IF(AC22='liste action'!$D$40,'liste action'!$C$40,IF(AC22='liste action'!$D$41,'liste action'!$C$41,IF(AC22='liste action'!$D$42,'liste action'!$C$42,IF(AC22='liste action'!$D$43,'liste action'!$C$43,IF(AC22='liste action'!$D$44,'liste action'!$C$44,IF(AC22='liste action'!$D$45,'liste action'!$C$45,IF(AC22='liste action'!$D$46,'liste action'!$C$46,IF(AC22='liste action'!$D$47,'liste action'!$C$47,IF(AC22='liste action'!$D$48,'liste action'!$C$48,IF(AC22='liste action'!$D$49,'liste action'!$C$49,IF(AC22='liste action'!$D$50,'liste action'!$C$50,IF(AC22='liste action'!$D$51,'liste action'!$C$51,IF(AC22='liste action'!$D$52,'liste action'!$C$52,IF(AC22='liste action'!$D$53,'liste action'!$C$53,IF(AC22='liste action'!$D$54,'liste action'!$C$54,IF(AC22='liste action'!$D$55,'liste action'!$C$55,IF(AC22='liste action'!$D$56,'liste action'!$C$56,IF(AC22='liste action'!$D$57,'liste action'!$C$57,IF(AC22='liste action'!$D$58,'liste action'!$C$58,IF(AC22='liste action'!$D$59,'liste action'!$C$59,IF(AC22='liste action'!$D$60,'liste action'!$C$60,IF(AC22='liste action'!$D$61,'liste action'!$C$61,IF(AC22='liste action'!$D$62,'liste action'!$C$62,IF(AC22='liste action'!$D$63,'liste action'!$C$63,IF(AC22='liste action'!$D$64,'liste action'!$C$64,""))))))))))))))))))))))))))))))))))))))))))))))))))))))))))))))) -> CG14 | AC22: =IF(D22='liste action'!$E$2,'liste action'!$D$2,IF(D22='liste action'!$E$3,'liste action'!$D$3,IF(D22='liste action'!$E$4,'liste action'!$D$4,IF(D22='liste action'!$E$5,'liste action'!$D$5,IF(D22='liste action'!$E$6,'liste action'!$D$6,IF(D22='liste action'!$E$7,'liste action'!$D$7,IF(D22='liste action'!$E$8,'liste action'!$D$8,IF(D22='liste action'!$E$9,'liste action'!$D$9,IF(D22='liste action'!$E$10,'liste action'!$D$10,IF(D22='liste action'!$E$11,'liste action'!$D$11,IF(D22='liste action'!$E$12,'liste action'!$D$12,IF(D22='liste action'!$E$13,'liste action'!$D$13,IF(D22='liste action'!$E$14,'liste action'!$D$14,IF(D22='liste action'!$E$15,'liste action'!$D$15,IF(D22='liste action'!$E$16,'liste action'!$D$16,IF(D22='liste action'!$E$17,'liste action'!$D$17,IF(D22='liste action'!$E$18,'liste action'!$D$18,IF(D22='liste action'!$E$19,'liste action'!$D$19,IF(D22='liste action'!$E$20,'liste action'!$D$20,IF(D22='liste action'!$E$21,'liste action'!$D$21,IF(D22='liste action'!$E$22,'liste action'!$D$22,IF(D22='liste action'!$E$23,'liste action'!$D$23,IF(D22='liste action'!$E$24,'liste action'!$D$24,IF(D22='liste action'!$E$25,'liste action'!$D$25,IF(D22='liste action'!$E$26,'liste action'!$D$26,IF(D22='liste action'!$E$27,'liste action'!$D$27,IF(D22='liste action'!$E$28,'liste action'!$D$28,IF(D22='liste action'!$E$29,'liste action'!$D$29,IF(D22='liste action'!$E$30,'liste action'!$D$30,IF(D22='liste action'!$E$31,'liste action'!$D$31,IF(D22='liste action'!$E$32,'liste action'!$D$32,IF(D22='liste action'!$E$33,'liste action'!$D$33,IF(D22='liste action'!$E$34,'liste action'!$D$34,IF(D22='liste action'!$E$35,'liste action'!$D$35,IF(D22='liste action'!$E$36,'liste action'!$D$36,IF(D22='liste action'!$E$37,'liste action'!$D$37,IF(D22='liste action'!$E$38,'liste action'!$D$38,IF(D22='liste action'!$E$39,'liste action'!$D$39,IF(D22='liste action'!$E$40,'liste action'!$D$40,IF(D22='liste action'!$E$41,'liste action'!$D$41,IF(D22='liste action'!$E$42,'liste action'!$D$42,IF(D22='liste action'!$E$43,'liste action'!$D$43,IF(D22='liste action'!$E$44,'liste action'!$D$44,IF(D22='liste action'!$E$45,'liste action'!$D$45,IF(D22='liste action'!$E$46,'liste action'!$D$46,IF(D22='liste action'!$E$47,'liste action'!$D$47,IF(D22='liste action'!$E$48,'liste action'!$D$48,IF(D22='liste action'!$E$49,'liste action'!$D$49,IF(D22='liste action'!$E$50,'liste action'!$D$50,IF(D22='liste action'!$E$51,'liste action'!$D$51,IF(D22='liste action'!$E$52,'liste action'!$D$52,IF(D22='liste action'!$E$53,'liste action'!$D$53,IF(D22='liste action'!$E$54,'liste action'!$D$54,IF(D22='liste action'!$E$55,'liste action'!$D$55,IF(D22='liste action'!$E$56,'liste action'!$D$56,IF(D22='liste action'!$E$57,'liste action'!$D$57,IF(D22='liste action'!$E$58,'liste action'!$D$58,IF(D22='liste action'!$E$59,'liste action'!$D$59,IF(D22='liste action'!$E$60,'liste action'!$D$60,IF(D22='liste action'!$E$61,'liste action'!$D$61,IF(D22='liste action'!$E$62,'liste action'!$D$62,IF(D22='liste action'!$E$63,'liste action'!$D$63,IF(D22='liste action'!$E$64,'liste action'!$D$64,""))))))))))))))))))))))))))))))))))))))))))))))))))))))))))))))) -> A42 | AD22: =CONCATENATE(AA22,AB22,AC22) -> IVCCG14A42 | AE22: =IF(I22="",LEFT($F$2,3),I22) -> IDN | AF22: =IF(AG22='liste action'!$D$2,'liste action'!$C$2,IF(AG22='liste action'!$D$3,'liste action'!$C$3,IF(AG22='liste action'!$D$4,'liste action'!$C$4,IF(AG22='liste action'!$D$5,'liste action'!$C$5,IF(AG22='liste action'!$D$6,'liste action'!$C$6,IF(AG22='liste action'!$D$7,'liste action'!$C$7,IF(AG22='liste action'!$D$8,'liste action'!$C$8,IF(AG22='liste action'!$D$9,'liste action'!$C$9,IF(AG22='liste action'!$D$10,'liste action'!$C$10,IF(AG22='liste action'!$D$11,'liste action'!$C$11,IF(AG22='liste action'!$D$12,'liste action'!$C$12,IF(AG22='liste action'!$D$13,'liste action'!$C$13,IF(AG22='liste action'!$D$14,'liste action'!$C$14,IF(AG22='liste action'!$D$15,'liste action'!$C$15,IF(AG22='liste action'!$D$16,'liste action'!$C$16,IF(AG22='liste action'!$D$17,'liste action'!$C$17,IF(AG22='liste action'!$D$18,'liste action'!$C$18,IF(AG22='liste action'!$D$19,'liste action'!$C$19,IF(AG22='liste action'!$D$20,'liste action'!$C$20,IF(AG22='liste action'!$D$21,'liste action'!$C$21,IF(AG22='liste action'!$D$22,'liste action'!$C$22,IF(AG22='liste action'!$D$23,'liste action'!$C$23,IF(AG22='liste action'!$D$24,'liste action'!$C$24,IF(AG22='liste action'!$D$25,'liste action'!$C$25,IF(AG22='liste action'!$D$26,'liste action'!$C$26,IF(AG22='liste action'!$D$27,'liste action'!$C$27,IF(AG22='liste action'!$D$28,'liste action'!$C$28,IF(AG22='liste action'!$D$29,'liste action'!$C$29,IF(AG22='liste action'!$D$30,'liste action'!$C$30,IF(AG22='liste action'!$D$31,'liste action'!$C$31,IF(AG22='liste action'!$D$32,'liste action'!$C$32,IF(AG22='liste action'!$D$33,'liste action'!$C$33,IF(AG22='liste action'!$D$34,'liste action'!$C$34,IF(AG22='liste action'!$D$35,'liste action'!$C$35,IF(AG22='liste action'!$D$36,'liste action'!$C$36,IF(AG22='liste action'!$D$37,'liste action'!$C$37,IF(AG22='liste action'!$D$38,'liste action'!$C$38,IF(AG22='liste action'!$D$39,'liste action'!$C$39,IF(AG22='liste action'!$D$40,'liste action'!$C$40,IF(AG22='liste action'!$D$41,'liste action'!$C$41,IF(AG22='liste action'!$D$42,'liste action'!$C$42,IF(AG22='liste action'!$D$43,'liste action'!$C$43,IF(AG22='liste action'!$D$44,'liste action'!$C$44,IF(AG22='liste action'!$D$45,'liste action'!$C$45,IF(AG22='liste action'!$D$46,'liste action'!$C$46,IF(AG22='liste action'!$D$47,'liste action'!$C$47,IF(AG22='liste action'!$D$48,'liste action'!$C$48,IF(AG22='liste action'!$D$49,'liste action'!$C$49,IF(AG22='liste action'!$D$50,'liste action'!$C$50,IF(AG22='liste action'!$D$51,'liste action'!$C$51,IF(AG22='liste action'!$D$52,'liste action'!$C$52,IF(AG22='liste action'!$D$53,'liste action'!$C$53,IF(AG22='liste action'!$D$54,'liste action'!$C$54,IF(AG22='liste action'!$D$55,'liste action'!$C$55,IF(AG22='liste action'!$D$56,'liste action'!$C$56,IF(AG22='liste action'!$D$57,'liste action'!$C$57,IF(AG22='liste action'!$D$58,'liste action'!$C$58,IF(AG22='liste action'!$D$59,'liste action'!$C$59,IF(AG22='liste action'!$D$60,'liste action'!$C$60,IF(AG22='liste action'!$D$61,'liste action'!$C$61,IF(AG22='liste action'!$D$62,'liste action'!$C$62,IF(AG22='liste action'!$D$63,'liste action'!$C$63,IF(AG22='liste action'!$D$64,'liste action'!$C$64,""))))))))))))))))))))))))))))))))))))))))))))))))))))))))))))))) -> CG14 | AG22: =IF(E22='liste action'!$E$2,'liste action'!$D$2,IF(E22='liste action'!$E$3,'liste action'!$D$3,IF(E22='liste action'!$E$4,'liste action'!$D$4,IF(E22='liste action'!$E$5,'liste action'!$D$5,IF(E22='liste action'!$E$6,'liste action'!$D$6,IF(E22='liste action'!$E$7,'liste action'!$D$7,IF(E22='liste action'!$E$8,'liste action'!$D$8,IF(E22='liste action'!$E$9,'liste action'!$D$9,IF(E22='liste action'!$E$10,'liste action'!$D$10,IF(E22='liste action'!$E$11,'liste action'!$D$11,IF(E22='liste action'!$E$12,'liste action'!$D$12,IF(E22='liste action'!$E$13,'liste action'!$D$13,IF(E22='liste action'!$E$14,'liste action'!$D$14,IF(E22='liste action'!$E$15,'liste action'!$D$15,IF(E22='liste action'!$E$16,'liste action'!$D$16,IF(E22='liste action'!$E$17,'liste action'!$D$17,IF(E22='liste action'!$E$18,'liste action'!$D$18,IF(E22='liste action'!$E$19,'liste action'!$D$19,IF(E22='liste action'!$E$20,'liste action'!$D$20,IF(E22='liste action'!$E$21,'liste action'!$D$21,IF(E22='liste action'!$E$22,'liste action'!$D$22,IF(E22='liste action'!$E$23,'liste action'!$D$23,IF(E22='liste action'!$E$24,'liste action'!$D$24,IF(E22='liste action'!$E$25,'liste action'!$D$25,IF(E22='liste action'!$E$26,'liste action'!$D$26,IF(E22='liste action'!$E$27,'liste action'!$D$27,IF(E22='liste action'!$E$28,'liste action'!$D$28,IF(E22='liste action'!$E$29,'liste action'!$D$29,IF(E22='liste action'!$E$30,'liste action'!$D$30,IF(E22='liste action'!$E$31,'liste action'!$D$31,IF(E22='liste action'!$E$32,'liste action'!$D$32,IF(E22='liste action'!$E$33,'liste action'!$D$33,IF(E22='liste action'!$E$34,'liste action'!$D$34,IF(E22='liste action'!$E$35,'liste action'!$D$35,IF(E22='liste action'!$E$36,'liste action'!$D$36,IF(E22='liste action'!$E$37,'liste action'!$D$37,IF(E22='liste action'!$E$38,'liste action'!$D$38,IF(E22='liste action'!$E$39,'liste action'!$D$39,IF(E22='liste action'!$E$40,'liste action'!$D$40,IF(E22='liste action'!$E$41,'liste action'!$D$41,IF(E22='liste action'!$E$42,'liste action'!$D$42,IF(E22='liste action'!$E$43,'liste action'!$D$43,IF(E22='liste action'!$E$44,'liste action'!$D$44,IF(E22='liste action'!$E$45,'liste action'!$D$45,IF(E22='liste action'!$E$46,'liste action'!$D$46,IF(E22='liste action'!$E$47,'liste action'!$D$47,IF(E22='liste action'!$E$48,'liste action'!$D$48,IF(E22='liste action'!$E$49,'liste action'!$D$49,IF(E22='liste action'!$E$50,'liste action'!$D$50,IF(E22='liste action'!$E$51,'liste action'!$D$51,IF(E22='liste action'!$E$52,'liste action'!$D$52,IF(E22='liste action'!$E$53,'liste action'!$D$53,IF(E22='liste action'!$E$54,'liste action'!$D$54,IF(E22='liste action'!$E$55,'liste action'!$D$55,IF(E22='liste action'!$E$56,'liste action'!$D$56,IF(E22='liste action'!$E$57,'liste action'!$D$57,IF(E22='liste action'!$E$58,'liste action'!$D$58,IF(E22='liste action'!$E$59,'liste action'!$D$59,IF(E22='liste action'!$E$60,'liste action'!$D$60,IF(E22='liste action'!$E$61,'liste action'!$D$61,IF(E22='liste action'!$E$62,'liste action'!$D$62,IF(E22='liste action'!$E$63,'liste action'!$D$63,IF(E22='liste action'!$E$64,'liste action'!$D$64,""))))))))))))))))))))))))))))))))))))))))))))))))))))))))))))))) -> A42 | AH22: =CONCATENATE(AE22,AF22,AG22) -> IDNCG14A42 | AI22: =K22 -> 3 | AJ22: =N22 -> 3 | AK22: =L22 -> 0 | AL22: =O22 -> 1 | AM22: =M22 -> 0.4 | AN22: =P22 -> 0 | AO22: =SUM(AI22:AN22) -> 7.4 | AP22: =IF(D22="T",2,IF(D22="CP",0,IF(D22="TF",2,IF(D22="TM",0,IF(D22="JF",0,IF(D22="RTT",0,IF(D22="JNT",0,"0"))))))) -> 0 | AQ22: =IF(E22="T",3,IF(E22="CP",0,IF(E22="TF",3,IF(E22="TM",0,IF(E22="JF",0,IF(E22="RTT",0,IF(E22="JNT",0,"0"))))))) -> 0 | AR22: =AP22+AQ22 -> 0 | AS22: =IF(AR22=5,$AS$7,IF(AR22=2,$AS$8,IF(AR22=3,$AS$9,IF(AR22=0,#REF!)))) -> #REF! | AT22: =IF(AND(D22="CP",E22="CP"),1,IF(AND(D22="CP",E22<>"CP"),0.5,IF(AND(D22<>"CP",E22="CP"),0.5,0))) -> 0 | AU22: =IF(D22="RTT",0.5,0) -> 0 | AV22: =IF(E22="RTT",0.5,0) -> 0 | AW22: =SUM(AU22:AV22) -> 0 | AX22: =IF(D22="TM",0.5,0) -> 0 | AY22: =IF(E22="TM",0.5,0) -> 0 | AZ22: =SUM(AX22:AY22) -> 0 | BA22: =AZ22/1547*17 -> 0
B23: Jeudi | C23: =IF(OR(C22="",C22=DATE(y,1,31)),"",C22+1) -> 43475 | D23: CP | E23: RTT | Q23: =SUM(K23:P23) -> 0 | S23: =IF(C23="","",IF(D23="","",AW23)) -> 0.5 | T23: =IF(C23="","",IF(D23="","",AT23)) -> 0.5 | Z23: =W23+X23+Y23 -> 0 | AA23: =IF(H23="",LEFT($F$2,3),H23) -> IDN | AB23: =IF(AC23='liste action'!$D$2,'liste action'!$C$2,IF(AC23='liste action'!$D$3,'liste action'!$C$3,IF(AC23='liste action'!$D$4,'liste action'!$C$4,IF(AC23='liste action'!$D$5,'liste action'!$C$5,IF(AC23='liste action'!$D$6,'liste action'!$C$6,IF(AC23='liste action'!$D$7,'liste action'!$C$7,IF(AC23='liste action'!$D$8,'liste action'!$C$8,IF(AC23='liste action'!$D$9,'liste action'!$C$9,IF(AC23='liste action'!$D$10,'liste action'!$C$10,IF(AC23='liste action'!$D$11,'liste action'!$C$11,IF(AC23='liste action'!$D$12,'liste action'!$C$12,IF(AC23='liste action'!$D$13,'liste action'!$C$13,IF(AC23='liste action'!$D$14,'liste action'!$C$14,IF(AC23='liste action'!$D$15,'liste action'!$C$15,IF(AC23='liste action'!$D$16,'liste action'!$C$16,IF(AC23='liste action'!$D$17,'liste action'!$C$17,IF(AC23='liste action'!$D$18,'liste action'!$C$18,IF(AC23='liste action'!$D$19,'liste action'!$C$19,IF(AC23='liste action'!$D$20,'liste action'!$C$20,IF(AC23='liste action'!$D$21,'liste action'!$C$21,IF(AC23='liste action'!$D$22,'liste action'!$C$22,IF(AC23='liste action'!$D$23,'liste action'!$C$23,IF(AC23='liste action'!$D$24,'liste action'!$C$24,IF(AC23='liste action'!$D$25,'liste action'!$C$25,IF(AC23='liste action'!$D$26,'liste action'!$C$26,IF(AC23='liste action'!$D$27,'liste action'!$C$27,IF(AC23='liste action'!$D$28,'liste action'!$C$28,IF(AC23='liste action'!$D$29,'liste action'!$C$29,IF(AC23='liste action'!$D$30,'liste action'!$C$30,IF(AC23='liste action'!$D$31,'liste action'!$C$31,IF(AC23='liste action'!$D$32,'liste action'!$C$32,IF(AC23='liste action'!$D$33,'liste action'!$C$33,IF(AC23='liste action'!$D$34,'liste action'!$C$34,IF(AC23='liste action'!$D$35,'liste action'!$C$35,IF(AC23='liste action'!$D$36,'liste action'!$C$36,IF(AC23='liste action'!$D$37,'liste action'!$C$37,IF(AC23='liste action'!$D$38,'liste action'!$C$38,IF(AC23='liste action'!$D$39,'liste action'!$C$39,IF(AC23='liste action'!$D$40,'liste action'!$C$40,IF(AC23='liste action'!$D$41,'liste action'!$C$41,IF(AC23='liste action'!$D$42,'liste action'!$C$42,IF(AC23='liste action'!$D$43,'liste action'!$C$43,IF(AC23='liste action'!$D$44,'liste action'!$C$44,IF(AC23='liste action'!$D$45,'liste action'!$C$45,IF(AC23='liste action'!$D$46,'liste action'!$C$46,IF(AC23='liste action'!$D$47,'liste action'!$C$47,IF(AC23='liste action'!$D$48,'liste action'!$C$48,IF(AC23='liste action'!$D$49,'liste action'!$C$49,IF(AC23='liste action'!$D$50,'liste action'!$C$50,IF(AC23='liste action'!$D$51,'liste action'!$C$51,IF(AC23='liste action'!$D$52,'liste action'!$C$52,IF(AC23='liste action'!$D$53,'liste action'!$C$53,IF(AC23='liste action'!$D$54,'liste action'!$C$54,IF(AC23='liste action'!$D$55,'liste action'!$C$55,IF(AC23='liste action'!$D$56,'liste action'!$C$56,IF(AC23='liste action'!$D$57,'liste action'!$C$57,IF(AC23='liste action'!$D$58,'liste action'!$C$58,IF(AC23='liste action'!$D$59,'liste action'!$C$59,IF(AC23='liste action'!$D$60,'liste action'!$C$60,IF(AC23='liste action'!$D$61,'liste action'!$C$61,IF(AC23='liste action'!$D$62,'liste action'!$C$62,IF(AC23='liste action'!$D$63,'liste action'!$C$63,IF(AC23='liste action'!$D$64,'liste action'!$C$64,""))))))))))))))))))))))))))))))))))))))))))))))))))))))))))))))) -> ZZ80 | AC23: =IF(D23='liste action'!$E$2,'liste action'!$D$2,IF(D23='liste action'!$E$3,'liste action'!$D$3,IF(D23='liste action'!$E$4,'liste action'!$D$4,IF(D23='liste action'!$E$5,'liste action'!$D$5,IF(D23='liste action'!$E$6,'liste action'!$D$6,IF(D23='liste action'!$E$7,'liste action'!$D$7,IF(D23='liste action'!$E$8,'liste action'!$D$8,IF(D23='liste action'!$E$9,'liste action'!$D$9,IF(D23='liste action'!$E$10,'liste action'!$D$10,IF(D23='liste action'!$E$11,'liste action'!$D$11,IF(D23='liste action'!$E$12,'liste action'!$D$12,IF(D23='liste action'!$E$13,'liste action'!$D$13,IF(D23='liste action'!$E$14,'liste action'!$D$14,IF(D23='liste action'!$E$15,'liste action'!$D$15,IF(D23='liste action'!$E$16,'liste action'!$D$16,IF(D23='liste action'!$E$17,'liste action'!$D$17,IF(D23='liste action'!$E$18,'liste action'!$D$18,IF(D23='liste action'!$E$19,'liste action'!$D$19,IF(D23='liste action'!$E$20,'liste action'!$D$20,IF(D23='liste action'!$E$21,'liste action'!$D$21,IF(D23='liste action'!$E$22,'liste action'!$D$22,IF(D23='liste action'!$E$23,'liste action'!$D$23,IF(D23='liste action'!$E$24,'liste action'!$D$24,IF(D23='liste action'!$E$25,'liste action'!$D$25,IF(D23='liste action'!$E$26,'liste action'!$D$26,IF(D23='liste action'!$E$27,'liste action'!$D$27,IF(D23='liste action'!$E$28,'liste action'!$D$28,IF(D23='liste action'!$E$29,'liste action'!$D$29,IF(D23='liste action'!$E$30,'liste action'!$D$30,IF(D23='liste action'!$E$31,'liste action'!$D$31,IF(D23='liste action'!$E$32,'liste action'!$D$32,IF(D23='liste action'!$E$33,'liste action'!$D$33,IF(D23='liste action'!$E$34,'liste action'!$D$34,IF(D23='liste action'!$E$35,'liste action'!$D$35,IF(D23='liste action'!$E$36,'liste action'!$D$36,IF(D23='liste action'!$E$37,'liste action'!$D$37,IF(D23='liste action'!$E$38,'liste action'!$D$38,IF(D23='liste action'!$E$39,'liste action'!$D$39,IF(D23='liste action'!$E$40,'liste action'!$D$40,IF(D23='liste action'!$E$41,'liste action'!$D$41,IF(D23='liste action'!$E$42,'liste action'!$D$42,IF(D23='liste action'!$E$43,'liste action'!$D$43,IF(D23='liste action'!$E$44,'liste action'!$D$44,IF(D23='liste action'!$E$45,'liste action'!$D$45,IF(D23='liste action'!$E$46,'liste action'!$D$46,IF(D23='liste action'!$E$47,'liste action'!$D$47,IF(D23='liste action'!$E$48,'liste action'!$D$48,IF(D23='liste action'!$E$49,'liste action'!$D$49,IF(D23='liste action'!$E$50,'liste action'!$D$50,IF(D23='liste action'!$E$51,'liste action'!$D$51,IF(D23='liste action'!$E$52,'liste action'!$D$52,IF(D23='liste action'!$E$53,'liste action'!$D$53,IF(D23='liste action'!$E$54,'liste action'!$D$54,IF(D23='liste action'!$E$55,'liste action'!$D$55,IF(D23='liste action'!$E$56,'liste action'!$D$56,IF(D23='liste action'!$E$57,'liste action'!$D$57,IF(D23='liste action'!$E$58,'liste action'!$D$58,IF(D23='liste action'!$E$59,'liste action'!$D$59,IF(D23='liste action'!$E$60,'liste action'!$D$60,IF(D23='liste action'!$E$61,'liste action'!$D$61,IF(D23='liste action'!$E$62,'liste action'!$D$62,IF(D23='liste action'!$E$63,'liste action'!$D$63,IF(D23='liste action'!$E$64,'liste action'!$D$64,""))))))))))))))))))))))))))))))))))))))))))))))))))))))))))))))) -> SGE | AD23: =CONCATENATE(AA23,AB23,AC23) -> IDNZZ80SGE | AE23: =IF(I23="",LEFT($F$2,3),I23) -> IDN | AF23: =IF(AG23='liste action'!$D$2,'liste action'!$C$2,IF(AG23='liste action'!$D$3,'liste action'!$C$3,IF(AG23='liste action'!$D$4,'liste action'!$C$4,IF(AG23='liste action'!$D$5,'liste action'!$C$5,IF(AG23='liste action'!$D$6,'liste action'!$C$6,IF(AG23='liste action'!$D$7,'liste action'!$C$7,IF(AG23='liste action'!$D$8,'liste action'!$C$8,IF(AG23='liste action'!$D$9,'liste action'!$C$9,IF(AG23='liste action'!$D$10,'liste action'!$C$10,IF(AG23='liste action'!$D$11,'liste action'!$C$11,IF(AG23='liste action'!$D$12,'liste action'!$C$12,IF(AG23='liste action'!$D$13,'liste action'!$C$13,IF(AG23='liste action'!$D$14,'liste action'!$C$14,IF(AG23='liste action'!$D$15,'liste action'!$C$15,IF(AG23='liste action'!$D$16,'liste action'!$C$16,IF(AG23='liste action'!$D$17,'liste action'!$C$17,IF(AG23='liste action'!$D$18,'liste action'!$C$18,IF(AG23='liste action'!$D$19,'liste action'!$C$19,IF(AG23='liste action'!$D$20,'liste action'!$C$20,IF(AG23='liste action'!$D$21,'liste action'!$C$21,IF(AG23='liste action'!$D$22,'liste action'!$C$22,IF(AG23='liste action'!$D$23,'liste action'!$C$23,IF(AG23='liste action'!$D$24,'liste action'!$C$24,IF(AG23='liste action'!$D$25,'liste action'!$C$25,IF(AG23='liste action'!$D$26,'liste action'!$C$26,IF(AG23='liste action'!$D$27,'liste action'!$C$27,IF(AG23='liste action'!$D$28,'liste action'!$C$28,IF(AG23='liste action'!$D$29,'liste action'!$C$29,IF(AG23='liste action'!$D$30,'liste action'!$C$30,IF(AG23='liste action'!$D$31,'liste action'!$C$31,IF(AG23='liste action'!$D$32,'liste action'!$C$32,IF(AG23='liste action'!$D$33,'liste action'!$C$33,IF(AG23='liste action'!$D$34,'liste action'!$C$34,IF(AG23='liste action'!$D$35,'liste action'!$C$35,IF(AG23='liste action'!$D$36,'liste action'!$C$36,IF(AG23='liste action'!$D$37,'liste action'!$C$37,IF(AG23='liste action'!$D$38,'liste action'!$C$38,IF(AG23='liste action'!$D$39,'liste action'!$C$39,IF(AG23='liste action'!$D$40,'liste action'!$C$40,IF(AG23='liste action'!$D$41,'liste action'!$C$41,IF(AG23='liste action'!$D$42,'liste action'!$C$42,IF(AG23='liste action'!$D$43,'liste action'!$C$43,IF(AG23='liste action'!$D$44,'liste action'!$C$44,IF(AG23='liste action'!$D$45,'liste action'!$C$45,IF(AG23='liste action'!$D$46,'liste action'!$C$46,IF(AG23='liste action'!$D$47,'liste action'!$C$47,IF(AG23='liste action'!$D$48,'liste action'!$C$48,IF(AG23='liste action'!$D$49,'liste action'!$C$49,IF(AG23='liste action'!$D$50,'liste action'!$C$50,IF(AG23='liste action'!$D$51,'liste action'!$C$51,IF(AG23='liste action'!$D$52,'liste action'!$C$52,IF(AG23='liste action'!$D$53,'liste action'!$C$53,IF(AG23='liste action'!$D$54,'liste action'!$C$54,IF(AG23='liste action'!$D$55,'liste action'!$C$55,IF(AG23='liste action'!$D$56,'liste action'!$C$56,IF(AG23='liste action'!$D$57,'liste action'!$C$57,IF(AG23='liste action'!$D$58,'liste action'!$C$58,IF(AG23='liste action'!$D$59,'liste action'!$C$59,IF(AG23='liste action'!$D$60,'liste action'!$C$60,IF(AG23='liste action'!$D$61,'liste action'!$C$61,IF(AG23='liste action'!$D$62,'liste action'!$C$62,IF(AG23='liste action'!$D$63,'liste action'!$C$63,IF(AG23='liste action'!$D$64,'liste action'!$C$64,""))))))))))))))))))))))))))))))))))))))))))))))))))))))))))))))) -> ZZ80 | AG23: =IF(E23='liste action'!$E$2,'liste action'!$D$2,IF(E23='liste action'!$E$3,'liste action'!$D$3,IF(E23='liste action'!$E$4,'liste action'!$D$4,IF(E23='liste action'!$E$5,'liste action'!$D$5,IF(E23='liste action'!$E$6,'liste action'!$D$6,IF(E23='liste action'!$E$7,'liste action'!$D$7,IF(E23='liste action'!$E$8,'liste action'!$D$8,IF(E23='liste action'!$E$9,'liste action'!$D$9,IF(E23='liste action'!$E$10,'liste action'!$D$10,IF(E23='liste action'!$E$11,'liste action'!$D$11,IF(E23='liste action'!$E$12,'liste action'!$D$12,IF(E23='liste action'!$E$13,'liste action'!$D$13,IF(E23='liste action'!$E$14,'liste action'!$D$14,IF(E23='liste action'!$E$15,'liste action'!$D$15,IF(E23='liste action'!$E$16,'liste action'!$D$16,IF(E23='liste action'!$E$17,'liste action'!$D$17,IF(E23='liste action'!$E$18,'liste action'!$D$18,IF(E23='liste action'!$E$19,'liste action'!$D$19,IF(E23='liste action'!$E$20,'liste action'!$D$20,IF(E23='liste action'!$E$21,'liste action'!$D$21,IF(E23='liste action'!$E$22,'liste action'!$D$22,IF(E23='liste action'!$E$23,'liste action'!$D$23,IF(E23='liste action'!$E$24,'liste action'!$D$24,IF(E23='liste action'!$E$25,'liste action'!$D$25,IF(E23='liste action'!$E$26,'liste action'!$D$26,IF(E23='liste action'!$E$27,'liste action'!$D$27,IF(E23='liste action'!$E$28,'liste action'!$D$28,IF(E23='liste action'!$E$29,'liste action'!$D$29,IF(E23='liste action'!$E$30,'liste action'!$D$30,IF(E23='liste action'!$E$31,'liste action'!$D$31,IF(E23='liste action'!$E$32,'liste action'!$D$32,IF(E23='liste action'!$E$33,'liste action'!$D$33,IF(E23='liste action'!$E$34,'liste action'!$D$34,IF(E23='liste action'!$E$35,'liste action'!$D$35,IF(E23='liste action'!$E$36,'liste action'!$D$36,IF(E23='liste action'!$E$37,'liste action'!$D$37,IF(E23='liste action'!$E$38,'liste action'!$D$38,IF(E23='liste action'!$E$39,'liste action'!$D$39,IF(E23='liste action'!$E$40,'liste action'!$D$40,IF(E23='liste action'!$E$41,'liste action'!$D$41,IF(E23='liste action'!$E$42,'liste action'!$D$42,IF(E23='liste action'!$E$43,'liste action'!$D$43,IF(E23='liste action'!$E$44,'liste action'!$D$44,IF(E23='liste action'!$E$45,'liste action'!$D$45,IF(E23='liste action'!$E$46,'liste action'!$D$46,IF(E23='liste action'!$E$47,'liste action'!$D$47,IF(E23='liste action'!$E$48,'liste action'!$D$48,IF(E23='liste action'!$E$49,'liste action'!$D$49,IF(E23='liste action'!$E$50,'liste action'!$D$50,IF(E23='liste action'!$E$51,'liste action'!$D$51,IF(E23='liste action'!$E$52,'liste action'!$D$52,IF(E23='liste action'!$E$53,'liste action'!$D$53,IF(E23='liste action'!$E$54,'liste action'!$D$54,IF(E23='liste action'!$E$55,'liste action'!$D$55,IF(E23='liste action'!$E$56,'liste action'!$D$56,IF(E23='liste action'!$E$57,'liste action'!$D$57,IF(E23='liste action'!$E$58,'liste action'!$D$58,IF(E23='liste action'!$E$59,'liste action'!$D$59,IF(E23='liste action'!$E$60,'liste action'!$D$60,IF(E23='liste action'!$E$61,'liste action'!$D$61,IF(E23='liste action'!$E$62,'liste action'!$D$62,IF(E23='liste action'!$E$63,'liste action'!$D$63,IF(E23='liste action'!$E$64,'liste action'!$D$64,""))))))))))))))))))))))))))))))))))))))))))))))))))))))))))))))) -> SGE | AH23: =CONCATENATE(AE23,AF23,AG23) -> IDNZZ80SGE | AI23: =K23 -> 0 | AJ23: =N23 -> 0 | AK23: =L23 -> 0 | AL23: =O23 -> 0 | AM23: =M23 -> 0 | AN23: =P23 -> 0 | AO23: =SUM(AI23:AN23) -> 0 | AP23: =IF(D23="T",2,IF(D23="CP",0,IF(D23="TF",2,IF(D23="TM",0,IF(D23="JF",0,IF(D23="RTT",0,IF(D23="JNT",0,"0"))))))) -> 0 | AQ23: =IF(E23="T",3,IF(E23="CP",0,IF(E23="TF",3,IF(E23="TM",0,IF(E23="JF",0,IF(E23="RTT",0,IF(E23="JNT",0,"0"))))))) -> 0 | AR23: =AP23+AQ23 -> 0 | AS23: =IF(AR23=5,$AS$7,IF(AR23=2,$AS$8,IF(AR23=3,$AS$9,IF(AR23=0,#REF!)))) -> #REF! | AT23: =IF(AND(D23="CP",E23="CP"),1,IF(AND(D23="CP",E23<>"CP"),0.5,IF(AND(D23<>"CP",E23="CP"),0.5,0))) -> 0.5 | AU23: =IF(D23="RTT",0.5,0) -> 0 | AV23: =IF(E23="RTT",0.5,0) -> 0.5 | AW23: =SUM(AU23:AV23) -> 0.5 | AX23: =IF(D23="TM",0.5,0) -> 0 | AY23: =IF(E23="TM",0.5,0) -> 0 | AZ23: =SUM(AX23:AY23) -> 0 | BA23: =AZ23/1547*17 -> 0
B24: Vendredi | C24: =IF(OR(C23="",C23=DATE(y,1,31)),"",C23+1) -> 43476 | D24: ENFANT MALADE | E24: ENFANT MALADE | Q24: =SUM(K24:P24) -> 0 | S24: =IF(C24="","",IF(D24="","",AW24)) -> 0 | T24: =IF(C24="","",IF(D24="","",AT24)) -> 0 | Z24: =W24+X24+Y24 -> 0 | AA24: =IF(H24="",LEFT($F$2,3),H24) -> IDN | AB24: =IF(AC24='liste action'!$D$2,'liste action'!$C$2,IF(AC24='liste action'!$D$3,'liste action'!$C$3,IF(AC24='liste action'!$D$4,'liste action'!$C$4,IF(AC24='liste action'!$D$5,'liste action'!$C$5,IF(AC24='liste action'!$D$6,'liste action'!$C$6,IF(AC24='liste action'!$D$7,'liste action'!$C$7,IF(AC24='liste action'!$D$8,'liste action'!$C$8,IF(AC24='liste action'!$D$9,'liste action'!$C$9,IF(AC24='liste action'!$D$10,'liste action'!$C$10,IF(AC24='liste action'!$D$11,'liste action'!$C$11,IF(AC24='liste action'!$D$12,'liste action'!$C$12,IF(AC24='liste action'!$D$13,'liste action'!$C$13,IF(AC24='liste action'!$D$14,'liste action'!$C$14,IF(AC24='liste action'!$D$15,'liste action'!$C$15,IF(AC24='liste action'!$D$16,'liste action'!$C$16,IF(AC24='liste action'!$D$17,'liste action'!$C$17,IF(AC24='liste action'!$D$18,'liste action'!$C$18,IF(AC24='liste action'!$D$19,'liste action'!$C$19,IF(AC24='liste action'!$D$20,'liste action'!$C$20,IF(AC24='liste action'!$D$21,'liste action'!$C$21,IF(AC24='liste action'!$D$22,'liste action'!$C$22,IF(AC24='liste action'!$D$23,'liste action'!$C$23,IF(AC24='liste action'!$D$24,'liste action'!$C$24,IF(AC24='liste action'!$D$25,'liste action'!$C$25,IF(AC24='liste action'!$D$26,'liste action'!$C$26,IF(AC24='liste action'!$D$27,'liste action'!$C$27,IF(AC24='liste action'!$D$28,'liste action'!$C$28,IF(AC24='liste action'!$D$29,'liste action'!$C$29,IF(AC24='liste action'!$D$30,'liste action'!$C$30,IF(AC24='liste action'!$D$31,'liste action'!$C$31,IF(AC24='liste action'!$D$32,'liste action'!$C$32,IF(AC24='liste action'!$D$33,'liste action'!$C$33,IF(AC24='liste action'!$D$34,'liste action'!$C$34,IF(AC24='liste action'!$D$35,'liste action'!$C$35,IF(AC24='liste action'!$D$36,'liste action'!$C$36,IF(AC24='liste action'!$D$37,'liste action'!$C$37,IF(AC24='liste action'!$D$38,'liste action'!$C$38,IF(AC24='liste action'!$D$39,'liste action'!$C$39,IF(AC24='liste action'!$D$40,'liste action'!$C$40,IF(AC24='liste action'!$D$41,'liste action'!$C$41,IF(AC24='liste action'!$D$42,'liste action'!$C$42,IF(AC24='liste action'!$D$43,'liste action'!$C$43,IF(AC24='liste action'!$D$44,'liste action'!$C$44,IF(AC24='liste action'!$D$45,'liste action'!$C$45,IF(AC24='liste action'!$D$46,'liste action'!$C$46,IF(AC24='liste action'!$D$47,'liste action'!$C$47,IF(AC24='liste action'!$D$48,'liste action'!$C$48,IF(AC24='liste action'!$D$49,'liste action'!$C$49,IF(AC24='liste action'!$D$50,'liste action'!$C$50,IF(AC24='liste action'!$D$51,'liste action'!$C$51,IF(AC24='liste action'!$D$52,'liste action'!$C$52,IF(AC24='liste action'!$D$53,'liste action'!$C$53,IF(AC24='liste action'!$D$54,'liste action'!$C$54,IF(AC24='liste action'!$D$55,'liste action'!$C$55,IF(AC24='liste action'!$D$56,'liste action'!$C$56,IF(AC24='liste action'!$D$57,'liste action'!$C$57,IF(AC24='liste action'!$D$58,'liste action'!$C$58,IF(AC24='liste action'!$D$59,'liste action'!$C$59,IF(AC24='liste action'!$D$60,'liste action'!$C$60,IF(AC24='liste action'!$D$61,'liste action'!$C$61,IF(AC24='liste action'!$D$62,'liste action'!$C$62,IF(AC24='liste action'!$D$63,'liste action'!$C$63,IF(AC24='liste action'!$D$64,'liste action'!$C$64,""))))))))))))))))))))))))))))))))))))))))))))))))))))))))))))))) -> ZZ80 | AC24: =IF(D24='liste action'!$E$2,'liste action'!$D$2,IF(D24='liste action'!$E$3,'liste action'!$D$3,IF(D24='liste action'!$E$4,'liste action'!$D$4,IF(D24='liste action'!$E$5,'liste action'!$D$5,IF(D24='liste action'!$E$6,'liste action'!$D$6,IF(D24='liste action'!$E$7,'liste action'!$D$7,IF(D24='liste action'!$E$8,'liste action'!$D$8,IF(D24='liste action'!$E$9,'liste action'!$D$9,IF(D24='liste action'!$E$10,'liste action'!$D$10,IF(D24='liste action'!$E$11,'liste action'!$D$11,IF(D24='liste action'!$E$12,'liste action'!$D$12,IF(D24='liste action'!$E$13,'liste action'!$D$13,IF(D24='liste action'!$E$14,'liste action'!$D$14,IF(D24='liste action'!$E$15,'liste action'!$D$15,IF(D24='liste action'!$E$16,'liste action'!$D$16,IF(D24='liste action'!$E$17,'liste action'!$D$17,IF(D24='liste action'!$E$18,'liste action'!$D$18,IF(D24='liste action'!$E$19,'liste action'!$D$19,IF(D24='liste action'!$E$20,'liste action'!$D$20,IF(D24='liste action'!$E$21,'liste action'!$D$21,IF(D24='liste action'!$E$22,'liste action'!$D$22,IF(D24='liste action'!$E$23,'liste action'!$D$23,IF(D24='liste action'!$E$24,'liste action'!$D$24,IF(D24='liste action'!$E$25,'liste action'!$D$25,IF(D24='liste action'!$E$26,'liste action'!$D$26,IF(D24='liste action'!$E$27,'liste action'!$D$27,IF(D24='liste action'!$E$28,'liste action'!$D$28,IF(D24='liste action'!$E$29,'liste action'!$D$29,IF(D24='liste action'!$E$30,'liste action'!$D$30,IF(D24='liste action'!$E$31,'liste action'!$D$31,IF(D24='liste action'!$E$32,'liste action'!$D$32,IF(D24='liste action'!$E$33,'liste action'!$D$33,IF(D24='liste action'!$E$34,'liste action'!$D$34,IF(D24='liste action'!$E$35,'liste action'!$D$35,IF(D24='liste action'!$E$36,'liste action'!$D$36,IF(D24='liste action'!$E$37,'liste action'!$D$37,IF(D24='liste action'!$E$38,'liste action'!$D$38,IF(D24='liste action'!$E$39,'liste action'!$D$39,IF(D24='liste action'!$E$40,'liste action'!$D$40,IF(D24='liste action'!$E$41,'liste action'!$D$41,IF(D24='liste action'!$E$42,'liste action'!$D$42,IF(D24='liste action'!$E$43,'liste action'!$D$43,IF(D24='liste action'!$E$44,'liste action'!$D$44,IF(D24='liste action'!$E$45,'liste action'!$D$45,IF(D24='liste action'!$E$46,'liste action'!$D$46,IF(D24='liste action'!$E$47,'liste action'!$D$47,IF(D24='liste action'!$E$48,'liste action'!$D$48,IF(D24='liste action'!$E$49,'liste action'!$D$49,IF(D24='liste action'!$E$50,'liste action'!$D$50,IF(D24='liste action'!$E$51,'liste action'!$D$51,IF(D24='liste action'!$E$52,'liste action'!$D$52,IF(D24='liste action'!$E$53,'liste action'!$D$53,IF(D24='liste action'!$E$54,'liste action'!$D$54,IF(D24='liste action'!$E$55,'liste action'!$D$55,IF(D24='liste action'!$E$56,'liste action'!$D$56,IF(D24='liste action'!$E$57,'liste action'!$D$57,IF(D24='liste action'!$E$58,'liste action'!$D$58,IF(D24='liste action'!$E$59,'liste action'!$D$59,IF(D24='liste action'!$E$60,'liste action'!$D$60,IF(D24='liste action'!$E$61,'liste action'!$D$61,IF(D24='liste action'!$E$62,'liste action'!$D$62,IF(D24='liste action'!$E$63,'liste action'!$D$63,IF(D24='liste action'!$E$64,'liste action'!$D$64,""))))))))))))))))))))))))))))))))))))))))))))))))))))))))))))))) -> SGE | AD24: =CONCATENATE(AA24,AB24,AC24) -> IDNZZ80SGE | AE24: =IF(I24="",LEFT($F$2,3),I24) -> IDN | AF24: =IF(AG24='liste action'!$D$2,'liste action'!$C$2,IF(AG24='liste action'!$D$3,'liste action'!$C$3,IF(AG24='liste action'!$D$4,'liste action'!$C$4,IF(AG24='liste action'!$D$5,'liste action'!$C$5,IF(AG24='liste action'!$D$6,'liste action'!$C$6,IF(AG24='liste action'!$D$7,'liste action'!$C$7,IF(AG24='liste action'!$D$8,'liste action'!$C$8,IF(AG24='liste action'!$D$9,'liste action'!$C$9,IF(AG24='liste action'!$D$10,'liste action'!$C$10,IF(AG24='liste action'!$D$11,'liste action'!$C$11,IF(AG24='liste action'!$D$12,'liste action'!$C$12,IF(AG24='liste action'!$D$13,'liste action'!$C$13,IF(AG24='liste action'!$D$14,'liste action'!$C$14,IF(AG24='liste action'!$D$15,'liste action'!$C$15,IF(AG24='liste action'!$D$16,'liste action'!$C$16,IF(AG24='liste action'!$D$17,'liste action'!$C$17,IF(AG24='liste action'!$D$18,'liste action'!$C$18,IF(AG24='liste action'!$D$19,'liste action'!$C$19,IF(AG24='liste action'!$D$20,'liste action'!$C$20,IF(AG24='liste action'!$D$21,'liste action'!$C$21,IF(AG24='liste action'!$D$22,'liste action'!$C$22,IF(AG24='liste action'!$D$23,'liste action'!$C$23,IF(AG24='liste action'!$D$24,'liste action'!$C$24,IF(AG24='liste action'!$D$25,'liste action'!$C$25,IF(AG24='liste action'!$D$26,'liste action'!$C$26,IF(AG24='liste action'!$D$27,'liste action'!$C$27,IF(AG24='liste action'!$D$28,'liste action'!$C$28,IF(AG24='liste action'!$D$29,'liste action'!$C$29,IF(AG24='liste action'!$D$30,'liste action'!$C$30,IF(AG24='liste action'!$D$31,'liste action'!$C$31,IF(AG24='liste action'!$D$32,'liste action'!$C$32,IF(AG24='liste action'!$D$33,'liste action'!$C$33,IF(AG24='liste action'!$D$34,'liste action'!$C$34,IF(AG24='liste action'!$D$35,'liste action'!$C$35,IF(AG24='liste action'!$D$36,'liste action'!$C$36,IF(AG24='liste action'!$D$37,'liste action'!$C$37,IF(AG24='liste action'!$D$38,'liste action'!$C$38,IF(AG24='liste action'!$D$39,'liste action'!$C$39,IF(AG24='liste action'!$D$40,'liste action'!$C$40,IF(AG24='liste action'!$D$41,'liste action'!$C$41,IF(AG24='liste action'!$D$42,'liste action'!$C$42,IF(AG24='liste action'!$D$43,'liste action'!$C$43,IF(AG24='liste action'!$D$44,'liste action'!$C$44,IF(AG24='liste action'!$D$45,'liste action'!$C$45,IF(AG24='liste action'!$D$46,'liste action'!$C$46,IF(AG24='liste action'!$D$47,'liste action'!$C$47,IF(AG24='liste action'!$D$48,'liste action'!$C$48,IF(AG24='liste action'!$D$49,'liste action'!$C$49,IF(AG24='liste action'!$D$50,'liste action'!$C$50,IF(AG24='liste action'!$D$51,'liste action'!$C$51,IF(AG24='liste action'!$D$52,'liste action'!$C$52,IF(AG24='liste action'!$D$53,'liste action'!$C$53,IF(AG24='liste action'!$D$54,'liste action'!$C$54,IF(AG24='liste action'!$D$55,'liste action'!$C$55,IF(AG24='liste action'!$D$56,'liste action'!$C$56,IF(AG24='liste action'!$D$57,'liste action'!$C$57,IF(AG24='liste action'!$D$58,'liste action'!$C$58,IF(AG24='liste action'!$D$59,'liste action'!$C$59,IF(AG24='liste action'!$D$60,'liste action'!$C$60,IF(AG24='liste action'!$D$61,'liste action'!$C$61,IF(AG24='liste action'!$D$62,'liste action'!$C$62,IF(AG24='liste action'!$D$63,'liste action'!$C$63,IF(AG24='liste action'!$D$64,'liste action'!$C$64,""))))))))))))))))))))))))))))))))))))))))))))))))))))))))))))))) -> ZZ80 | AG24: =IF(E24='liste action'!$E$2,'liste action'!$D$2,IF(E24='liste action'!$E$3,'liste action'!$D$3,IF(E24='liste action'!$E$4,'liste action'!$D$4,IF(E24='liste action'!$E$5,'liste action'!$D$5,IF(E24='liste action'!$E$6,'liste action'!$D$6,IF(E24='liste action'!$E$7,'liste action'!$D$7,IF(E24='liste action'!$E$8,'liste action'!$D$8,IF(E24='liste action'!$E$9,'liste action'!$D$9,IF(E24='liste action'!$E$10,'liste action'!$D$10,IF(E24='liste action'!$E$11,'liste action'!$D$11,IF(E24='liste action'!$E$12,'liste action'!$D$12,IF(E24='liste action'!$E$13,'liste action'!$D$13,IF(E24='liste action'!$E$14,'liste action'!$D$14,IF(E24='liste action'!$E$15,'liste action'!$D$15,IF(E24='liste action'!$E$16,'liste action'!$D$16,IF(E24='liste action'!$E$17,'liste action'!$D$17,IF(E24='liste action'!$E$18,'liste action'!$D$18,IF(E24='liste action'!$E$19,'liste action'!$D$19,IF(E24='liste action'!$E$20,'liste action'!$D$20,IF(E24='liste action'!$E$21,'liste action'!$D$21,IF(E24='liste action'!$E$22,'liste action'!$D$22,IF(E24='liste action'!$E$23,'liste action'!$D$23,IF(E24='liste action'!$E$24,'liste action'!$D$24,IF(E24='liste action'!$E$25,'liste action'!$D$25,IF(E24='liste action'!$E$26,'liste action'!$D$26,IF(E24='liste action'!$E$27,'liste action'!$D$27,IF(E24='liste action'!$E$28,'liste action'!$D$28,IF(E24='liste action'!$E$29,'liste action'!$D$29,IF(E24='liste action'!$E$30,'liste action'!$D$30,IF(E24='liste action'!$E$31,'liste action'!$D$31,IF(E24='liste action'!$E$32,'liste action'!$D$32,IF(E24='liste action'!$E$33,'liste action'!$D$33,IF(E24='liste action'!$E$34,'liste action'!$D$34,IF(E24='liste action'!$E$35,'liste action'!$D$35,IF(E24='liste action'!$E$36,'liste action'!$D$36,IF(E24='liste action'!$E$37,'liste action'!$D$37,IF(E24='liste action'!$E$38,'liste action'!$D$38,IF(E24='liste action'!$E$39,'liste action'!$D$39,IF(E24='liste action'!$E$40,'liste action'!$D$40,IF(E24='liste action'!$E$41,'liste action'!$D$41,IF(E24='liste action'!$E$42,'liste action'!$D$42,IF(E24='liste action'!$E$43,'liste action'!$D$43,IF(E24='liste action'!$E$44,'liste action'!$D$44,IF(E24='liste action'!$E$45,'liste action'!$D$45,IF(E24='liste action'!$E$46,'liste action'!$D$46,IF(E24='liste action'!$E$47,'liste action'!$D$47,IF(E24='liste action'!$E$48,'liste action'!$D$48,IF(E24='liste action'!$E$49,'liste action'!$D$49,IF(E24='liste action'!$E$50,'liste action'!$D$50,IF(E24='liste action'!$E$51,'liste action'!$D$51,IF(E24='liste action'!$E$52,'liste action'!$D$52,IF(E24='liste action'!$E$53,'liste action'!$D$53,IF(E24='liste action'!$E$54,'liste action'!$D$54,IF(E24='liste action'!$E$55,'liste action'!$D$55,IF(E24='liste action'!$E$56,'liste action'!$D$56,IF(E24='liste action'!$E$57,'liste action'!$D$57,IF(E24='liste action'!$E$58,'liste action'!$D$58,IF(E24='liste action'!$E$59,'liste action'!$D$59,IF(E24='liste action'!$E$60,'liste action'!$D$60,IF(E24='liste action'!$E$61,'liste action'!$D$61,IF(E24='liste action'!$E$62,'liste action'!$D$62,IF(E24='liste action'!$E$63,'liste action'!$D$63,IF(E24='liste action'!$E$64,'liste action'!$D$64,""))))))))))))))))))))))))))))))))))))))))))))))))))))))))))))))) -> SGE | AH24: =CONCATENATE(AE24,AF24,AG24) -> IDNZZ80SGE | AI24: =K24 -> 0 | AJ24: =N24 -> 0 | AK24: =L24 -> 0 | AL24: =O24 -> 0 | AM24: =M24 -> 0 | AN24: =P24 -> 0 | AO24: =SUM(AI24:AN24) -> 0 | AP24: =IF(D24="T",2,IF(D24="CP",0,IF(D24="TF",2,IF(D24="TM",0,IF(D24="JF",0,IF(D24="RTT",0,IF(D24="JNT",0,"0"))))))) -> 0 | AQ24: =IF(E24="T",3,IF(E24="CP",0,IF(E24="TF",3,IF(E24="TM",0,IF(E24="JF",0,IF(E24="RTT",0,IF(E24="JNT",0,"0"))))))) -> 0 | AR24: =AP24+AQ24 -> 0 | AS24: =IF(AR24=5,$AS$7,IF(AR24=2,$AS$8,IF(AR24=3,$AS$9,IF(AR24=0,#REF!)))) -> #REF! | AT24: =IF(AND(D24="CP",E24="CP"),1,IF(AND(D24="CP",E24<>"CP"),0.5,IF(AND(D24<>"CP",E24="CP"),0.5,0))) -> 0 | AU24: =IF(D24="RTT",0.5,0) -> 0 | AV24: =IF(E24="RTT",0.5,0) -> 0 | AW24: =SUM(AU24:AV24) -> 0 | AX24: =IF(D24="TM",0.5,0) -> 0 | AY24: =IF(E24="TM",0.5,0) -> 0 | AZ24: =SUM(AX24:AY24) -> 0 | BA24: =AZ24/1547*17 -> 0
B25: Samedi | C25: =IF(OR(C24="",C24=DATE(y,1,31)),"",C24+1) -> 43477 | S25: =IF(C25="","",IF(D25="","",AW25)) | T25: =IF(C25="","",IF(D25="","",AT25)) | Z25: =W25+X25+Y25 -> 0 | AA25: =IF(H25="",LEFT($F$2,3),H25) -> IDN | AB25: =IF(AC25='liste action'!$D$2,'liste action'!$C$2,IF(AC25='liste action'!$D$3,'liste action'!$C$3,IF(AC25='liste action'!$D$4,'liste action'!$C$4,IF(AC25='liste action'!$D$5,'liste action'!$C$5,IF(AC25='liste action'!$D$6,'liste action'!$C$6,IF(AC25='liste action'!$D$7,'liste action'!$C$7,IF(AC25='liste action'!$D$8,'liste action'!$C$8,IF(AC25='liste action'!$D$9,'liste action'!$C$9,IF(AC25='liste action'!$D$10,'liste action'!$C$10,IF(AC25='liste action'!$D$11,'liste action'!$C$11,IF(AC25='liste action'!$D$12,'liste action'!$C$12,IF(AC25='liste action'!$D$13,'liste action'!$C$13,IF(AC25='liste action'!$D$14,'liste action'!$C$14,IF(AC25='liste action'!$D$15,'liste action'!$C$15,IF(AC25='liste action'!$D$16,'liste action'!$C$16,IF(AC25='liste action'!$D$17,'liste action'!$C$17,IF(AC25='liste action'!$D$18,'liste action'!$C$18,IF(AC25='liste action'!$D$19,'liste action'!$C$19,IF(AC25='liste action'!$D$20,'liste action'!$C$20,IF(AC25='liste action'!$D$21,'liste action'!$C$21,IF(AC25='liste action'!$D$22,'liste action'!$C$22,IF(AC25='liste action'!$D$23,'liste action'!$C$23,IF(AC25='liste action'!$D$24,'liste action'!$C$24,IF(AC25='liste action'!$D$25,'liste action'!$C$25,IF(AC25='liste action'!$D$26,'liste action'!$C$26,IF(AC25='liste action'!$D$27,'liste action'!$C$27,IF(AC25='liste action'!$D$28,'liste action'!$C$28,IF(AC25='liste action'!$D$29,'liste action'!$C$29,IF(AC25='liste action'!$D$30,'liste action'!$C$30,IF(AC25='liste action'!$D$31,'liste action'!$C$31,IF(AC25='liste action'!$D$32,'liste action'!$C$32,IF(AC25='liste action'!$D$33,'liste action'!$C$33,IF(AC25='liste action'!$D$34,'liste action'!$C$34,IF(AC25='liste action'!$D$35,'liste action'!$C$35,IF(AC25='liste action'!$D$36,'liste action'!$C$36,IF(AC25='liste action'!$D$37,'liste action'!$C$37,IF(AC25='liste action'!$D$38,'liste action'!$C$38,IF(AC25='liste action'!$D$39,'liste action'!$C$39,IF(AC25='liste action'!$D$40,'liste action'!$C$40,IF(AC25='liste action'!$D$41,'liste action'!$C$41,IF(AC25='liste action'!$D$42,'liste action'!$C$42,IF(AC25='liste action'!$D$43,'liste action'!$C$43,IF(AC25='liste action'!$D$44,'liste action'!$C$44,IF(AC25='liste action'!$D$45,'liste action'!$C$45,IF(AC25='liste action'!$D$46,'liste action'!$C$46,IF(AC25='liste action'!$D$47,'liste action'!$C$47,IF(AC25='liste action'!$D$48,'liste action'!$C$48,IF(AC25='liste action'!$D$49,'liste action'!$C$49,IF(AC25='liste action'!$D$50,'liste action'!$C$50,IF(AC25='liste action'!$D$51,'liste action'!$C$51,IF(AC25='liste action'!$D$52,'liste action'!$C$52,IF(AC25='liste action'!$D$53,'liste action'!$C$53,IF(AC25='liste action'!$D$54,'liste action'!$C$54,IF(AC25='liste action'!$D$55,'liste action'!$C$55,IF(AC25='liste action'!$D$56,'liste action'!$C$56,IF(AC25='liste action'!$D$57,'liste action'!$C$57,IF(AC25='liste action'!$D$58,'liste action'!$C$58,IF(AC25='liste action'!$D$59,'liste action'!$C$59,IF(AC25='liste action'!$D$60,'liste action'!$C$60,IF(AC25='liste action'!$D$61,'liste action'!$C$61,IF(AC25='liste action'!$D$62,'liste action'!$C$62,IF(AC25='liste action'!$D$63,'liste action'!$C$63,IF(AC25='liste action'!$D$64,'liste action'!$C$64,""))))))))))))))))))))))))))))))))))))))))))))))))))))))))))))))) | AC25: =IF(D25='liste action'!$E$2,'liste action'!$D$2,IF(D25='liste action'!$E$3,'liste action'!$D$3,IF(D25='liste action'!$E$4,'liste action'!$D$4,IF(D25='liste action'!$E$5,'liste action'!$D$5,IF(D25='liste action'!$E$6,'liste action'!$D$6,IF(D25='liste action'!$E$7,'liste action'!$D$7,IF(D25='liste action'!$E$8,'liste action'!$D$8,IF(D25='liste action'!$E$9,'liste action'!$D$9,IF(D25='liste action'!$E$10,'liste action'!$D$10,IF(D25='liste action'!$E$11,'liste action'!$D$11,IF(D25='liste action'!$E$12,'liste action'!$D$12,IF(D25='liste action'!$E$13,'liste action'!$D$13,IF(D25='liste action'!$E$14,'liste action'!$D$14,IF(D25='liste action'!$E$15,'liste action'!$D$15,IF(D25='liste action'!$E$16,'liste action'!$D$16,IF(D25='liste action'!$E$17,'liste action'!$D$17,IF(D25='liste action'!$E$18,'liste action'!$D$18,IF(D25='liste action'!$E$19,'liste action'!$D$19,IF(D25='liste action'!$E$20,'liste action'!$D$20,IF(D25='liste action'!$E$21,'liste action'!$D$21,IF(D25='liste action'!$E$22,'liste action'!$D$22,IF(D25='liste action'!$E$23,'liste action'!$D$23,IF(D25='liste action'!$E$24,'liste action'!$D$24,IF(D25='liste action'!$E$25,'liste action'!$D$25,IF(D25='liste action'!$E$26,'liste action'!$D$26,IF(D25='liste action'!$E$27,'liste action'!$D$27,IF(D25='liste action'!$E$28,'liste action'!$D$28,IF(D25='liste action'!$E$29,'liste action'!$D$29,IF(D25='liste action'!$E$30,'liste action'!$D$30,IF(D25='liste action'!$E$31,'liste action'!$D$31,IF(D25='liste action'!$E$32,'liste action'!$D$32,IF(D25='liste action'!$E$33,'liste action'!$D$33,IF(D25='liste action'!$E$34,'liste action'!$D$34,IF(D25='liste action'!$E$35,'liste action'!$D$35,IF(D25='liste action'!$E$36,'liste action'!$D$36,IF(D25='liste action'!$E$37,'liste action'!$D$37,IF(D25='liste action'!$E$38,'liste action'!$D$38,IF(D25='liste action'!$E$39,'liste action'!$D$39,IF(D25='liste action'!$E$40,'liste action'!$D$40,IF(D25='liste action'!$E$41,'liste action'!$D$41,IF(D25='liste action'!$E$42,'liste action'!$D$42,IF(D25='liste action'!$E$43,'liste action'!$D$43,IF(D25='liste action'!$E$44,'liste action'!$D$44,IF(D25='liste action'!$E$45,'liste action'!$D$45,IF(D25='liste action'!$E$46,'liste action'!$D$46,IF(D25='liste action'!$E$47,'liste action'!$D$47,IF(D25='liste action'!$E$48,'liste action'!$D$48,IF(D25='liste action'!$E$49,'liste action'!$D$49,IF(D25='liste action'!$E$50,'liste action'!$D$50,IF(D25='liste action'!$E$51,'liste action'!$D$51,IF(D25='liste action'!$E$52,'liste action'!$D$52,IF(D25='liste action'!$E$53,'liste action'!$D$53,IF(D25='liste action'!$E$54,'liste action'!$D$54,IF(D25='liste action'!$E$55,'liste action'!$D$55,IF(D25='liste action'!$E$56,'liste action'!$D$56,IF(D25='liste action'!$E$57,'liste action'!$D$57,IF(D25='liste action'!$E$58,'liste action'!$D$58,IF(D25='liste action'!$E$59,'liste action'!$D$59,IF(D25='liste action'!$E$60,'liste action'!$D$60,IF(D25='liste action'!$E$61,'liste action'!$D$61,IF(D25='liste action'!$E$62,'liste action'!$D$62,IF(D25='liste action'!$E$63,'liste action'!$D$63,IF(D25='liste action'!$E$64,'liste action'!$D$64,""))))))))))))))))))))))))))))))))))))))))))))))))))))))))))))))) | AD25: =CONCATENATE(AA25,AB25,AC25) -> IDN | AE25: =IF(I25="",LEFT($F$2,3),I25) -> IDN | AF25: =IF(AG25='liste action'!$D$2,'liste action'!$C$2,IF(AG25='liste action'!$D$3,'liste action'!$C$3,IF(AG25='liste action'!$D$4,'liste action'!$C$4,IF(AG25='liste action'!$D$5,'liste action'!$C$5,IF(AG25='liste action'!$D$6,'liste action'!$C$6,IF(AG25='liste action'!$D$7,'liste action'!$C$7,IF(AG25='liste action'!$D$8,'liste action'!$C$8,IF(AG25='liste action'!$D$9,'liste action'!$C$9,IF(AG25='liste action'!$D$10,'liste action'!$C$10,IF(AG25='liste action'!$D$11,'liste action'!$C$11,IF(AG25='liste action'!$D$12,'liste action'!$C$12,IF(AG25='liste action'!$D$13,'liste action'!$C$13,IF(AG25='liste action'!$D$14,'liste action'!$C$14,IF(AG25='liste action'!$D$15,'liste action'!$C$15,IF(AG25='liste action'!$D$16,'liste action'!$C$16,IF(AG25='liste action'!$D$17,'liste action'!$C$17,IF(AG25='liste action'!$D$18,'liste action'!$C$18,IF(AG25='liste action'!$D$19,'liste action'!$C$19,IF(AG25='liste action'!$D$20,'liste action'!$C$20,IF(AG25='liste action'!$D$21,'liste action'!$C$21,IF(AG25='liste action'!$D$22,'liste action'!$C$22,IF(AG25='liste action'!$D$23,'liste action'!$C$23,IF(AG25='liste action'!$D$24,'liste action'!$C$24,IF(AG25='liste action'!$D$25,'liste action'!$C$25,IF(AG25='liste action'!$D$26,'liste action'!$C$26,IF(AG25='liste action'!$D$27,'liste action'!$C$27,IF(AG25='liste action'!$D$28,'liste action'!$C$28,IF(AG25='liste action'!$D$29,'liste action'!$C$29,IF(AG25='liste action'!$D$30,'liste action'!$C$30,IF(AG25='liste action'!$D$31,'liste action'!$C$31,IF(AG25='liste action'!$D$32,'liste action'!$C$32,IF(AG25='liste action'!$D$33,'liste action'!$C$33,IF(AG25='liste action'!$D$34,'liste action'!$C$34,IF(AG25='liste action'!$D$35,'liste action'!$C$35,IF(AG25='liste action'!$D$36,'liste action'!$C$36,IF(AG25='liste action'!$D$37,'liste action'!$C$37,IF(AG25='liste action'!$D$38,'liste action'!$C$38,IF(AG25='liste action'!$D$39,'liste action'!$C$39,IF(AG25='liste action'!$D$40,'liste action'!$C$40,IF(AG25='liste action'!$D$41,'liste action'!$C$41,IF(AG25='liste action'!$D$42,'liste action'!$C$42,IF(AG25='liste action'!$D$43,'liste action'!$C$43,IF(AG25='liste action'!$D$44,'liste action'!$C$44,IF(AG25='liste action'!$D$45,'liste action'!$C$45,IF(AG25='liste action'!$D$46,'liste action'!$C$46,IF(AG25='liste action'!$D$47,'liste action'!$C$47,IF(AG25='liste action'!$D$48,'liste action'!$C$48,IF(AG25='liste action'!$D$49,'liste action'!$C$49,IF(AG25='liste action'!$D$50,'liste action'!$C$50,IF(AG25='liste action'!$D$51,'liste action'!$C$51,IF(AG25='liste action'!$D$52,'liste action'!$C$52,IF(AG25='liste action'!$D$53,'liste action'!$C$53,IF(AG25='liste action'!$D$54,'liste action'!$C$54,IF(AG25='liste action'!$D$55,'liste action'!$C$55,IF(AG25='liste action'!$D$56,'liste action'!$C$56,IF(AG25='liste action'!$D$57,'liste action'!$C$57,IF(AG25='liste action'!$D$58,'liste action'!$C$58,IF(AG25='liste action'!$D$59,'liste action'!$C$59,IF(AG25='liste action'!$D$60,'liste action'!$C$60,IF(AG25='liste action'!$D$61,'liste action'!$C$61,IF(AG25='liste action'!$D$62,'liste action'!$C$62,IF(AG25='liste action'!$D$63,'liste action'!$C$63,IF(AG25='liste action'!$D$64,'liste action'!$C$64,""))))))))))))))))))))))))))))))))))))))))))))))))))))))))))))))) | AG25: =IF(E25='liste action'!$E$2,'liste action'!$D$2,IF(E25='liste action'!$E$3,'liste action'!$D$3,IF(E25='liste action'!$E$4,'liste action'!$D$4,IF(E25='liste action'!$E$5,'liste action'!$D$5,IF(E25='liste action'!$E$6,'liste action'!$D$6,IF(E25='liste action'!$E$7,'liste action'!$D$7,IF(E25='liste action'!$E$8,'liste action'!$D$8,IF(E25='liste action'!$E$9,'liste action'!$D$9,IF(E25='liste action'!$E$10,'liste action'!$D$10,IF(E25='liste action'!$E$11,'liste action'!$D$11,IF(E25='liste action'!$E$12,'liste action'!$D$12,IF(E25='liste action'!$E$13,'liste action'!$D$13,IF(E25='liste action'!$E$14,'liste action'!$D$14,IF(E25='liste action'!$E$15,'liste action'!$D$15,IF(E25='liste action'!$E$16,'liste action'!$D$16,IF(E25='liste action'!$E$17,'liste action'!$D$17,IF(E25='liste action'!$E$18,'liste action'!$D$18,IF(E25='liste action'!$E$19,'liste action'!$D$19,IF(E25='liste action'!$E$20,'liste action'!$D$20,IF(E25='liste action'!$E$21,'liste action'!$D$21,IF(E25='liste action'!$E$22,'liste action'!$D$22,IF(E25='liste action'!$E$23,'liste action'!$D$23,IF(E25='liste action'!$E$24,'liste action'!$D$24,IF(E25='liste action'!$E$25,'liste action'!$D$25,IF(E25='liste action'!$E$26,'liste action'!$D$26,IF(E25='liste action'!$E$27,'liste action'!$D$27,IF(E25='liste action'!$E$28,'liste action'!$D$28,IF(E25='liste action'!$E$29,'liste action'!$D$29,IF(E25='liste action'!$E$30,'liste action'!$D$30,IF(E25='liste action'!$E$31,'liste action'!$D$31,IF(E25='liste action'!$E$32,'liste action'!$D$32,IF(E25='liste action'!$E$33,'liste action'!$D$33,IF(E25='liste action'!$E$34,'liste action'!$D$34,IF(E25='liste action'!$E$35,'liste action'!$D$35,IF(E25='liste action'!$E$36,'liste action'!$D$36,IF(E25='liste action'!$E$37,'liste action'!$D$37,IF(E25='liste action'!$E$38,'liste action'!$D$38,IF(E25='liste action'!$E$39,'liste action'!$D$39,IF(E25='liste action'!$E$40,'liste action'!$D$40,IF(E25='liste action'!$E$41,'liste action'!$D$41,IF(E25='liste action'!$E$42,'liste action'!$D$42,IF(E25='liste action'!$E$43,'liste action'!$D$43,IF(E25='liste action'!$E$44,'liste action'!$D$44,IF(E25='liste action'!$E$45,'liste action'!$D$45,IF(E25='liste action'!$E$46,'liste action'!$D$46,IF(E25='liste action'!$E$47,'liste action'!$D$47,IF(E25='liste action'!$E$48,'liste action'!$D$48,IF(E25='liste action'!$E$49,'liste action'!$D$49,IF(E25='liste action'!$E$50,'liste action'!$D$50,IF(E25='liste action'!$E$51,'liste action'!$D$51,IF(E25='liste action'!$E$52,'liste action'!$D$52,IF(E25='liste action'!$E$53,'liste action'!$D$53,IF(E25='liste action'!$E$54,'liste action'!$D$54,IF(E25='liste action'!$E$55,'liste action'!$D$55,IF(E25='liste action'!$E$56,'liste action'!$D$56,IF(E25='liste action'!$E$57,'liste action'!$D$57,IF(E25='liste action'!$E$58,'liste action'!$D$58,IF(E25='liste action'!$E$59,'liste action'!$D$59,IF(E25='liste action'!$E$60,'liste action'!$D$60,IF(E25='liste action'!$E$61,'liste action'!$D$61,IF(E25='liste action'!$E$62,'liste action'!$D$62,IF(E25='liste action'!$E$63,'liste action'!$D$63,IF(E25='liste action'!$E$64,'liste action'!$D$64,""))))))))))))))))))))))))))))))))))))))))))))))))))))))))))))))) | AH25: =CONCATENATE(AE25,AF25,AG25) -> IDN | AI25: =K25 -> 0 | AJ25: =N25 -> 0 | AK25: =L25 -> 0 | AL25: =O25 -> 0 | AM25: =M25 -> 0 | AN25: =P25 -> 0 | AO25: =SUM(AI25:AN25) -> 0 | AP25: =IF(D25="T",2,IF(D25="CP",0,IF(D25="TF",2,IF(D25="TM",0,IF(D25="JF",0,IF(D25="RTT",0,IF(D25="JNT",0,"0"))))))) -> 0 | AQ25: =IF(E25="T",3,IF(E25="CP",0,IF(E25="TF",3,IF(E25="TM",0,IF(E25="JF",0,IF(E25="RTT",0,IF(E25="JNT",0,"0"))))))) -> 0 | AR25: =AP25+AQ25 -> 0 | AS25: =IF(AR25=5,$AS$7,IF(AR25=2,$AS$8,IF(AR25=3,$AS$9,IF(AR25=0,#REF!)))) -> #REF! | AT25: =IF(AND(D25="CP",E25="CP"),1,IF(AND(D25="CP",E25<>"CP"),0.5,IF(AND(D25<>"CP",E25="CP"),0.5,0))) -> 0 | AU25: =IF(D25="RTT",0.5,0) -> 0 | AV25: =IF(E25="RTT",0.5,0) -> 0 | AW25: =SUM(AU25:AV25) -> 0 | AX25: =IF(D25="TM",0.5,0) -> 0 | AY25: =IF(E25="TM",0.5,0) -> 0 | AZ25: =SUM(AX25:AY25) -> 0 | BA25: =AZ25/1547*17 -> 0
B26: Dimanche | C26: =IF(OR(C25="",C25=DATE(y,1,31)),"",C25+1) -> 43478 | S26: =IF(C26="","",IF(D26="","",AW26)) | T26: =IF(C26="","",IF(D26="","",AT26)) | Z26: =W26+X26+Y26 -> 0 | AA26: =IF(H26="",LEFT($F$2,3),H26) -> IDN | AB26: =IF(AC26='liste action'!$D$2,'liste action'!$C$2,IF(AC26='liste action'!$D$3,'liste action'!$C$3,IF(AC26='liste action'!$D$4,'liste action'!$C$4,IF(AC26='liste action'!$D$5,'liste action'!$C$5,IF(AC26='liste action'!$D$6,'liste action'!$C$6,IF(AC26='liste action'!$D$7,'liste action'!$C$7,IF(AC26='liste action'!$D$8,'liste action'!$C$8,IF(AC26='liste action'!$D$9,'liste action'!$C$9,IF(AC26='liste action'!$D$10,'liste action'!$C$10,IF(AC26='liste action'!$D$11,'liste action'!$C$11,IF(AC26='liste action'!$D$12,'liste action'!$C$12,IF(AC26='liste action'!$D$13,'liste action'!$C$13,IF(AC26='liste action'!$D$14,'liste action'!$C$14,IF(AC26='liste action'!$D$15,'liste action'!$C$15,IF(AC26='liste action'!$D$16,'liste action'!$C$16,IF(AC26='liste action'!$D$17,'liste action'!$C$17,IF(AC26='liste action'!$D$18,'liste action'!$C$18,IF(AC26='liste action'!$D$19,'liste action'!$C$19,IF(AC26='liste action'!$D$20,'liste action'!$C$20,IF(AC26='liste action'!$D$21,'liste action'!$C$21,IF(AC26='liste action'!$D$22,'liste action'!$C$22,IF(AC26='liste action'!$D$23,'liste action'!$C$23,IF(AC26='liste action'!$D$24,'liste action'!$C$24,IF(AC26='liste action'!$D$25,'liste action'!$C$25,IF(AC26='liste action'!$D$26,'liste action'!$C$26,IF(AC26='liste action'!$D$27,'liste action'!$C$27,IF(AC26='liste action'!$D$28,'liste action'!$C$28,IF(AC26='liste action'!$D$29,'liste action'!$C$29,IF(AC26='liste action'!$D$30,'liste action'!$C$30,IF(AC26='liste action'!$D$31,'liste action'!$C$31,IF(AC26='liste action'!$D$32,'liste action'!$C$32,IF(AC26='liste action'!$D$33,'liste action'!$C$33,IF(AC26='liste action'!$D$34,'liste action'!$C$34,IF(AC26='liste action'!$D$35,'liste action'!$C$35,IF(AC26='liste action'!$D$36,'liste action'!$C$36,IF(AC26='liste action'!$D$37,'liste action'!$C$37,IF(AC26='liste action'!$D$38,'liste action'!$C$38,IF(AC26='liste action'!$D$39,'liste action'!$C$39,IF(AC26='liste action'!$D$40,'liste action'!$C$40,IF(AC26='liste action'!$D$41,'liste action'!$C$41,IF(AC26='liste action'!$D$42,'liste action'!$C$42,IF(AC26='liste action'!$D$43,'liste action'!$C$43,IF(AC26='liste action'!$D$44,'liste action'!$C$44,IF(AC26='liste action'!$D$45,'liste action'!$C$45,IF(AC26='liste action'!$D$46,'liste action'!$C$46,IF(AC26='liste action'!$D$47,'liste action'!$C$47,IF(AC26='liste action'!$D$48,'liste action'!$C$48,IF(AC26='liste action'!$D$49,'liste action'!$C$49,IF(AC26='liste action'!$D$50,'liste action'!$C$50,IF(AC26='liste action'!$D$51,'liste action'!$C$51,IF(AC26='liste action'!$D$52,'liste action'!$C$52,IF(AC26='liste action'!$D$53,'liste action'!$C$53,IF(AC26='liste action'!$D$54,'liste action'!$C$54,IF(AC26='liste action'!$D$55,'liste action'!$C$55,IF(AC26='liste action'!$D$56,'liste action'!$C$56,IF(AC26='liste action'!$D$57,'liste action'!$C$57,IF(AC26='liste action'!$D$58,'liste action'!$C$58,IF(AC26='liste action'!$D$59,'liste action'!$C$59,IF(AC26='liste action'!$D$60,'liste action'!$C$60,IF(AC26='liste action'!$D$61,'liste action'!$C$61,IF(AC26='liste action'!$D$62,'liste action'!$C$62,IF(AC26='liste action'!$D$63,'liste action'!$C$63,IF(AC26='liste action'!$D$64,'liste action'!$C$64,""))))))))))))))))))))))))))))))))))))))))))))))))))))))))))))))) | AC26: =IF(D26='liste action'!$E$2,'liste action'!$D$2,IF(D26='liste action'!$E$3,'liste action'!$D$3,IF(D26='liste action'!$E$4,'liste action'!$D$4,IF(D26='liste action'!$E$5,'liste action'!$D$5,IF(D26='liste action'!$E$6,'liste action'!$D$6,IF(D26='liste action'!$E$7,'liste action'!$D$7,IF(D26='liste action'!$E$8,'liste action'!$D$8,IF(D26='liste action'!$E$9,'liste action'!$D$9,IF(D26='liste action'!$E$10,'liste action'!$D$10,IF(D26='liste action'!$E$11,'liste action'!$D$11,IF(D26='liste action'!$E$12,'liste action'!$D$12,IF(D26='liste action'!$E$13,'liste action'!$D$13,IF(D26='liste action'!$E$14,'liste action'!$D$14,IF(D26='liste action'!$E$15,'liste action'!$D$15,IF(D26='liste action'!$E$16,'liste action'!$D$16,IF(D26='liste action'!$E$17,'liste action'!$D$17,IF(D26='liste action'!$E$18,'liste action'!$D$18,IF(D26='liste action'!$E$19,'liste action'!$D$19,IF(D26='liste action'!$E$20,'liste action'!$D$20,IF(D26='liste action'!$E$21,'liste action'!$D$21,IF(D26='liste action'!$E$22,'liste action'!$D$22,IF(D26='liste action'!$E$23,'liste action'!$D$23,IF(D26='liste action'!$E$24,'liste action'!$D$24,IF(D26='liste action'!$E$25,'liste action'!$D$25,IF(D26='liste action'!$E$26,'liste action'!$D$26,IF(D26='liste action'!$E$27,'liste action'!$D$27,IF(D26='liste action'!$E$28,'liste action'!$D$28,IF(D26='liste action'!$E$29,'liste action'!$D$29,IF(D26='liste action'!$E$30,'liste action'!$D$30,IF(D26='liste action'!$E$31,'liste action'!$D$31,IF(D26='liste action'!$E$32,'liste action'!$D$32,IF(D26='liste action'!$E$33,'liste action'!$D$33,IF(D26='liste action'!$E$34,'liste action'!$D$34,IF(D26='liste action'!$E$35,'liste action'!$D$35,IF(D26='liste action'!$E$36,'liste action'!$D$36,IF(D26='liste action'!$E$37,'liste action'!$D$37,IF(D26='liste action'!$E$38,'liste action'!$D$38,IF(D26='liste action'!$E$39,'liste action'!$D$39,IF(D26='liste action'!$E$40,'liste action'!$D$40,IF(D26='liste action'!$E$41,'liste action'!$D$41,IF(D26='liste action'!$E$42,'liste action'!$D$42,IF(D26='liste action'!$E$43,'liste action'!$D$43,IF(D26='liste action'!$E$44,'liste action'!$D$44,IF(D26='liste action'!$E$45,'liste action'!$D$45,IF(D26='liste action'!$E$46,'liste action'!$D$46,IF(D26='liste action'!$E$47,'liste action'!$D$47,IF(D26='liste action'!$E$48,'liste action'!$D$48,IF(D26='liste action'!$E$49,'liste action'!$D$49,IF(D26='liste action'!$E$50,'liste action'!$D$50,IF(D26='liste action'!$E$51,'liste action'!$D$51,IF(D26='liste action'!$E$52,'liste action'!$D$52,IF(D26='liste action'!$E$53,'liste action'!$D$53,IF(D26='liste action'!$E$54,'liste action'!$D$54,IF(D26='liste action'!$E$55,'liste action'!$D$55,IF(D26='liste action'!$E$56,'liste action'!$D$56,IF(D26='liste action'!$E$57,'liste action'!$D$57,IF(D26='liste action'!$E$58,'liste action'!$D$58,IF(D26='liste action'!$E$59,'liste action'!$D$59,IF(D26='liste action'!$E$60,'liste action'!$D$60,IF(D26='liste action'!$E$61,'liste action'!$D$61,IF(D26='liste action'!$E$62,'liste action'!$D$62,IF(D26='liste action'!$E$63,'liste action'!$D$63,IF(D26='liste action'!$E$64,'liste action'!$D$64,""))))))))))))))))))))))))))))))))))))))))))))))))))))))))))))))) | AD26: =CONCATENATE(AA26,AB26,AC26) -> IDN | AE26: =IF(I26="",LEFT($F$2,3),I26) -> IDN | AF26: =IF(AG26='liste action'!$D$2,'liste action'!$C$2,IF(AG26='liste action'!$D$3,'liste action'!$C$3,IF(AG26='liste action'!$D$4,'liste action'!$C$4,IF(AG26='liste action'!$D$5,'liste action'!$C$5,IF(AG26='liste action'!$D$6,'liste action'!$C$6,IF(AG26='liste action'!$D$7,'liste action'!$C$7,IF(AG26='liste action'!$D$8,'liste action'!$C$8,IF(AG26='liste action'!$D$9,'liste action'!$C$9,IF(AG26='liste action'!$D$10,'liste action'!$C$10,IF(AG26='liste action'!$D$11,'liste action'!$C$11,IF(AG26='liste action'!$D$12,'liste action'!$C$12,IF(AG26='liste action'!$D$13,'liste action'!$C$13,IF(AG26='liste action'!$D$14,'liste action'!$C$14,IF(AG26='liste action'!$D$15,'liste action'!$C$15,IF(AG26='liste action'!$D$16,'liste action'!$C$16,IF(AG26='liste action'!$D$17,'liste action'!$C$17,IF(AG26='liste action'!$D$18,'liste action'!$C$18,IF(AG26='liste action'!$D$19,'liste action'!$C$19,IF(AG26='liste action'!$D$20,'liste action'!$C$20,IF(AG26='liste action'!$D$21,'liste action'!$C$21,IF(AG26='liste action'!$D$22,'liste action'!$C$22,IF(AG26='liste action'!$D$23,'liste action'!$C$23,IF(AG26='liste action'!$D$24,'liste action'!$C$24,IF(AG26='liste action'!$D$25,'liste action'!$C$25,IF(AG26='liste action'!$D$26,'liste action'!$C$26,IF(AG26='liste action'!$D$27,'liste action'!$C$27,IF(AG26='liste action'!$D$28,'liste action'!$C$28,IF(AG26='liste action'!$D$29,'liste action'!$C$29,IF(AG26='liste action'!$D$30,'liste action'!$C$30,IF(AG26='liste action'!$D$31,'liste action'!$C$31,IF(AG26='liste action'!$D$32,'liste action'!$C$32,IF(AG26='liste action'!$D$33,'liste action'!$C$33,IF(AG26='liste action'!$D$34,'liste action'!$C$34,IF(AG26='liste action'!$D$35,'liste action'!$C$35,IF(AG26='liste action'!$D$36,'liste action'!$C$36,IF(AG26='liste action'!$D$37,'liste action'!$C$37,IF(AG26='liste action'!$D$38,'liste action'!$C$38,IF(AG26='liste action'!$D$39,'liste action'!$C$39,IF(AG26='liste action'!$D$40,'liste action'!$C$40,IF(AG26='liste action'!$D$41,'liste action'!$C$41,IF(AG26='liste action'!$D$42,'liste action'!$C$42,IF(AG26='liste action'!$D$43,'liste action'!$C$43,IF(AG26='liste action'!$D$44,'liste action'!$C$44,IF(AG26='liste action'!$D$45,'liste action'!$C$45,IF(AG26='liste action'!$D$46,'liste action'!$C$46,IF(AG26='liste action'!$D$47,'liste action'!$C$47,IF(AG26='liste action'!$D$48,'liste action'!$C$48,IF(AG26='liste action'!$D$49,'liste action'!$C$49,IF(AG26='liste action'!$D$50,'liste action'!$C$50,IF(AG26='liste action'!$D$51,'liste action'!$C$51,IF(AG26='liste action'!$D$52,'liste action'!$C$52,IF(AG26='liste action'!$D$53,'liste action'!$C$53,IF(AG26='liste action'!$D$54,'liste action'!$C$54,IF(AG26='liste action'!$D$55,'liste action'!$C$55,IF(AG26='liste action'!$D$56,'liste action'!$C$56,IF(AG26='liste action'!$D$57,'liste action'!$C$57,IF(AG26='liste action'!$D$58,'liste action'!$C$58,IF(AG26='liste action'!$D$59,'liste action'!$C$59,IF(AG26='liste action'!$D$60,'liste action'!$C$60,IF(AG26='liste action'!$D$61,'liste action'!$C$61,IF(AG26='liste action'!$D$62,'liste action'!$C$62,IF(AG26='liste action'!$D$63,'liste action'!$C$63,IF(AG26='liste action'!$D$64,'liste action'!$C$64,""))))))))))))))))))))))))))))))))))))))))))))))))))))))))))))))) | AG26: =IF(E26='liste action'!$E$2,'liste action'!$D$2,IF(E26='liste action'!$E$3,'liste action'!$D$3,IF(E26='liste action'!$E$4,'liste action'!$D$4,IF(E26='liste action'!$E$5,'liste action'!$D$5,IF(E26='liste action'!$E$6,'liste action'!$D$6,IF(E26='liste action'!$E$7,'liste action'!$D$7,IF(E26='liste action'!$E$8,'liste action'!$D$8,IF(E26='liste action'!$E$9,'liste action'!$D$9,IF(E26='liste action'!$E$10,'liste action'!$D$10,IF(E26='liste action'!$E$11,'liste action'!$D$11,IF(E26='liste action'!$E$12,'liste action'!$D$12,IF(E26='liste action'!$E$13,'liste action'!$D$13,IF(E26='liste action'!$E$14,'liste action'!$D$14,IF(E26='liste action'!$E$15,'liste action'!$D$15,IF(E26='liste action'!$E$16,'liste action'!$D$16,IF(E26='liste action'!$E$17,'liste action'!$D$17,IF(E26='liste action'!$E$18,'liste action'!$D$18,IF(E26='liste action'!$E$19,'liste action'!$D$19,IF(E26='liste action'!$E$20,'liste action'!$D$20,IF(E26='liste action'!$E$21,'liste action'!$D$21,IF(E26='liste action'!$E$22,'liste action'!$D$22,IF(E26='liste action'!$E$23,'liste action'!$D$23,IF(E26='liste action'!$E$24,'liste action'!$D$24,IF(E26='liste action'!$E$25,'liste action'!$D$25,IF(E26='liste action'!$E$26,'liste action'!$D$26,IF(E26='liste action'!$E$27,'liste action'!$D$27,IF(E26='liste action'!$E$28,'liste action'!$D$28,IF(E26='liste action'!$E$29,'liste action'!$D$29,IF(E26='liste action'!$E$30,'liste action'!$D$30,IF(E26='liste action'!$E$31,'liste action'!$D$31,IF(E26='liste action'!$E$32,'liste action'!$D$32,IF(E26='liste action'!$E$33,'liste action'!$D$33,IF(E26='liste action'!$E$34,'liste action'!$D$34,IF(E26='liste action'!$E$35,'liste action'!$D$35,IF(E26='liste action'!$E$36,'liste action'!$D$36,IF(E26='liste action'!$E$37,'liste action'!$D$37,IF(E26='liste action'!$E$38,'liste action'!$D$38,IF(E26='liste action'!$E$39,'liste action'!$D$39,IF(E26='liste action'!$E$40,'liste action'!$D$40,IF(E26='liste action'!$E$41,'liste action'!$D$41,IF(E26='liste action'!$E$42,'liste action'!$D$42,IF(E26='liste action'!$E$43,'liste action'!$D$43,IF(E26='liste action'!$E$44,'liste action'!$D$44,IF(E26='liste action'!$E$45,'liste action'!$D$45,IF(E26='liste action'!$E$46,'liste action'!$D$46,IF(E26='liste action'!$E$47,'liste action'!$D$47,IF(E26='liste action'!$E$48,'liste action'!$D$48,IF(E26='liste action'!$E$49,'liste action'!$D$49,IF(E26='liste action'!$E$50,'liste action'!$D$50,IF(E26='liste action'!$E$51,'liste action'!$D$51,IF(E26='liste action'!$E$52,'liste action'!$D$52,IF(E26='liste action'!$E$53,'liste action'!$D$53,IF(E26='liste action'!$E$54,'liste action'!$D$54,IF(E26='liste action'!$E$55,'liste action'!$D$55,IF(E26='liste action'!$E$56,'liste action'!$D$56,IF(E26='liste action'!$E$57,'liste action'!$D$57,IF(E26='liste action'!$E$58,'liste action'!$D$58,IF(E26='liste action'!$E$59,'liste action'!$D$59,IF(E26='liste action'!$E$60,'liste action'!$D$60,IF(E26='liste action'!$E$61,'liste action'!$D$61,IF(E26='liste action'!$E$62,'liste action'!$D$62,IF(E26='liste action'!$E$63,'liste action'!$D$63,IF(E26='liste action'!$E$64,'liste action'!$D$64,""))))))))))))))))))))))))))))))))))))))))))))))))))))))))))))))) | AH26: =CONCATENATE(AE26,AF26,AG26) -> IDN | AI26: =K26 -> 0 | AJ26: =N26 -> 0 | AK26: =L26 -> 0 | AL26: =O26 -> 0 | AM26: =M26 -> 0 | AN26: =P26 -> 0 | AO26: =SUM(AI26:AN26) -> 0 | AP26: =IF(D26="T",2,IF(D26="CP",0,IF(D26="TF",2,IF(D26="TM",0,IF(D26="JF",0,IF(D26="RTT",0,IF(D26="JNT",0,"0"))))))) -> 0 | AQ26: =IF(E26="T",3,IF(E26="CP",0,IF(E26="TF",3,IF(E26="TM",0,IF(E26="JF",0,IF(E26="RTT",0,IF(E26="JNT",0,"0"))))))) -> 0 | AR26: =AP26+AQ26 -> 0 | AS26: =IF(AR26=5,$AS$7,IF(AR26=2,$AS$8,IF(AR26=3,$AS$9,IF(AR26=0,#REF!)))) -> #REF! | AT26: =IF(AND(D26="CP",E26="CP"),1,IF(AND(D26="CP",E26<>"CP"),0.5,IF(AND(D26<>"CP",E26="CP"),0.5,0))) -> 0 | AU26: =IF(D26="RTT",0.5,0) -> 0 | AV26: =IF(E26="RTT",0.5,0) -> 0 | AW26: =SUM(AU26:AV26) -> 0 | AX26: =IF(D26="TM",0.5,0) -> 0 | AY26: =IF(E26="TM",0.5,0) -> 0 | AZ26: =SUM(AX26:AY26) -> 0 | BA26: =AZ26/1547*17 -> 0
